Workbook

Sheet Plan
B3: Plano testado: só curtas
C5: Registrar resultado de cada sessão/ciclo
D6: Lotes proporcionais ao balanço inicial
D7: Alavancagem determinada pelo critério de Kelly
D8: Averaging down
D9: Perda máxima: 30% (hard stop)
D10: Duração da sessão
E11: Preestabelecida
E12: Máxima: 1 a 3 horas (sem interrupção)
D13: Não operar nas duas pontas simultaneamente
B15: Próximo passo
C17: Conta real

Sheet DLog
G2: Saldo | H2: =CLog!$X$6 -> 33112.58 | M2: Ciclos | N2: Saldo | O2: % Lucro acumulado | Q2: Capitalização
G3: Objetivo % | H3: 0.5 | M3: 0 | N3: =IF(R3="","",R3) -> 1000 | O3: =100*(N3-R$3)/R$3 -> 0 | Q3: $ Inicial | R3: 1000
G4: Stop % | H4: 30 | M4: =M3+1 -> 1 | N4: =N3*(1+R$5/100) -> 2754.9 | O4: =100*(N4-R$3)/R$3 -> 175.49 | Q4: % Atual | R4: 0
M5: =M4+1 -> 2 | N5: =N4*(1+R$5/100) -> 7589.474 | O5: =100*(N5-R$3)/R$3 -> 658.9474 | Q5: % por ciclo | R5: 175.49
C6: Resumo do dia | M6: =M5+1 -> 3 | N6: =N5*(1+R$5/100) -> 20908.242 | O6: =100*(N6-R$3)/R$3 -> 1990.8242
C7: Data | E7: $ Inicial | G7: $ Final | H7: Objetivo $ | I7: Lucro $ | J7: Lucro % | K7: Alerta | M7: =M6+1 -> 4 | N7: =N6*(1+R$5/100) -> 57600.116 | O7: =100*(N7-R$3)/R$3 -> 5660.0116
C8: =IF(C12="","",VLOOKUP(MAX(B12:B33),B12:C33,2,FALSE)) -> 42734 | E8: =IF(E12="","",VLOOKUP(MAX(D12:D33),D12:E33,2,FALSE)) -> 31830.78 | G8: =IF(G12="","",IF(VLOOKUP(MAX(F12:F33),F12:G33,2,FALSE)="","",VLOOKUP(MAX(F12:F33),F12:G33,2,FALSE))) -> 33112.58 | H8: =IF(E8="","",IF(H$3="","",E8*(1+H$3/100))) -> 31989.934 | I8: =IF(E8="","",IF(G8="","",G8-E8)) -> 1281.8 | J8: =IF(I8="","",100*I8/E8) -> 4.0269199 | K8: =IF(J8="","",IF(J8<=-H$4,"Stop",IF(J8>=H$3,"Alvo",IF(G8="","Continue","")))) -> Alvo | M8: =M7+1 -> 5 | N8: =N7*(1+R$5/100) -> 158682.56 | O8: =100*(N8-R$3)/R$3 -> 15768.256 | Q8: Conversões
M9: =M8+1 -> 6 | N9: =N8*(1+R$5/100) -> 437154.58 | O9: =100*(N9-R$3)/R$3 -> 43615.458
C10: Ciclos operacionais na semana | M10: =M9+1 -> 7 | N10: =N9*(1+R$5/100) -> 1204317.2 | O10: =100*(N10-R$3)/R$3 -> 120331.72 | Q10: % Dia | R10: 0.27
B11: # | C11: Data | D11: # | E11: $ Inicial | F11: # | G11: $ Final | H11: Objetivo $ | I11: Lucro $ | J11: Lucro % | K11: Alerta | M11: =M10+1 -> 8 | N11: =N10*(1+R$5/100) -> 3317773.3 | O11: =100*(N11-R$3)/R$3 -> 331677.33 | Q11: % Semana | R11: =100*((1+R10/100)^5-1) -> 1.3573097
B12: 0 | C12: 42723 | D12: 0 | E12: =CLog!X4 -> 31019.2 | F12: 0 | G12: 31202.87 | H12: =IF(E12="","",IF(H$3="","",E12*(1+H$3/100))) -> 31174.296 | I12: =IF(E12="","",IF(G12="","",G12-E12)) -> 183.67 | J12: =IF(I12="","",100*I12/E12) -> 0.59211714 | K12: =IF(J12="","",IF(J12<=-H$4,"Stop",IF(J12>=H$3,"Alvo",IF(G12="","Continue","")))) -> Alvo | M12: =M11+1 -> 9 | N12: =N11*(1+R$5/100) -> 9140133.8 | O12: =100*(N12-R$3)/R$3 -> 913913.38 | Q12: % Mês | R12: =100*((1+R10/100)^(30*5/7)-1) -> 5.9481011
B13: =IF(C13="",B12,B12+1) -> 1 | C13: 42724 | D13: =IF(C13="",D12,D12+1) -> 1 | E13: =IF(G12="","",G12) -> 31202.87 | F13: =IF(G13="",IF(C13="","",F12+1),F12+1) -> 1 | G13: 31227.36 | H13: =IF(E13="","",IF(H$3="","",E13*(1+H$3/100))) -> 31358.884 | I13: =IF(E13="","",IF(G13="","",G13-E13)) -> 24.49 | J13: =IF(I13="","",100*I13/E13) -> 0.07848637 | K13: =IF(J13="","",IF(J13<=-H$4,"Stop",IF(J13>=H$3,"Alvo",IF(G13="","Continue","")))) | M13: =M12+1 -> 10 | N13: =N12*(1+R$5/100) -> 25180154 | O13: =100*(N13-R$3)/R$3 -> 2517915.4 | Q13: % Ano | R13: =100*((1+R10/100)^(360*5/7)-1) -> 100.04059
B14: =IF(C14="",B13,B13+1) -> 2 | C14: 42726 | D14: =IF(C14="",D13,D13+1) -> 2 | E14: =IF(G13="","",G13) -> 31227.36 | F14: =IF(G14="",IF(C14="","",F13+1),F13+1) -> 2 | G14: 31533.96 | H14: =IF(E14="","",IF(H$3="","",E14*(1+H$3/100))) -> 31383.497 | I14: =IF(E14="","",IF(G14="","",G14-E14)) -> 306.6 | J14: =IF(I14="","",100*I14/E14) -> 0.98183132 | K14: =IF(J14="","",IF(J14<=-H$4,"Stop",IF(J14>=H$3,"Alvo",IF(G14="","Continue","")))) -> Alvo | M14: =M13+1 -> 11 | N14: =N13*(1+R$5/100) -> 69368808 | O14: =100*(N14-R$3)/R$3 -> 6936780.8
B15: =IF(C15="",B14,B14+1) -> 3 | C15: 42727 | D15: =IF(C15="",D14,D14+1) -> 3 | E15: =IF(G14="","",G14) -> 31533.96 | F15: =IF(G15="",IF(C15="","",F14+1),F14+1) -> 3 | G15: 31637.31 | H15: =IF(E15="","",IF(H$3="","",E15*(1+H$3/100))) -> 31691.63 | I15: =IF(E15="","",IF(G15="","",G15-E15)) -> 103.35 | J15: =IF(I15="","",100*I15/E15) -> 0.3277419 | K15: =IF(J15="","",IF(J15<=-H$4,"Stop",IF(J15>=H$3,"Alvo",IF(G15="","Continue","")))) | M15: =M14+1 -> 12 | N15: =N14*(1+R$5/100) -> 1.9110413e+08 | O15: =100*(N15-R$3)/R$3 -> 19110313 | Q15: % Semana | R15: 1.99
B16: =IF(C16="",B15,B15+1) -> 4 | C16: 42731 | D16: =IF(C16="",D15,D15+1) -> 4 | E16: =IF(G15="","",G15) -> 31637.31 | F16: =IF(G16="",IF(C16="","",F15+1),F15+1) -> 4 | G16: 31682.86 | H16: =IF(E16="","",IF(H$3="","",E16*(1+H$3/100))) -> 31795.497 | I16: =IF(E16="","",IF(G16="","",G16-E16)) -> 45.55 | J16: =IF(I16="","",100*I16/E16) -> 0.14397558 | K16: =IF(J16="","",IF(J16<=-H$4,"Stop",IF(J16>=H$3,"Alvo",IF(G16="","Continue","")))) | M16: =M15+1 -> 13 | N16: =N15*(1+R$5/100) -> 5.2647276e+08 | O16: =100*(N16-R$3)/R$3 -> 52647176 | Q16: % Mês | R16: =100*((1+R15/100)^(30/7)-1) -> 8.8116494
B17: =IF(C17="",B16,B16+1) -> 5 | C17: 42732 | D17: =IF(C17="",D16,D16+1) -> 5 | E17: =IF(G16="","",G16) -> 31682.86 | F17: =IF(G17="",IF(C17="","",F16+1),F16+1) -> 5 | G17: 31730.22 | H17: =IF(E17="","",IF(H$3="","",E17*(1+H$3/100))) -> 31841.274 | I17: =IF(E17="","",IF(G17="","",G17-E17)) -> 47.36 | J17: =IF(I17="","",100*I17/E17) -> 0.14948145 | K17: =IF(J17="","",IF(J17<=-H$4,"Stop",IF(J17>=H$3,"Alvo",IF(G17="","Continue","")))) | M17: =M16+1 -> 14 | N17: =N16*(1+R$5/100) -> 1.4503798e+09 | O17: =100*(N17-R$3)/R$3 -> 1.4503788e+08 | Q17: % Ano | R17: =100*((1+R15/100)^(360/7)-1) -> 175.48929
B18: =IF(C18="",B17,B17+1) -> 6 | C18: 42733 | D18: =IF(C18="",D17,D17+1) -> 6 | E18: =IF(G17="","",G17) -> 31730.22 | F18: =IF(G18="",IF(C18="","",F17+1),F17+1) -> 6 | G18: 31830.78 | H18: =IF(E18="","",IF(H$3="","",E18*(1+H$3/100))) -> 31888.871 | I18: =IF(E18="","",IF(G18="","",G18-E18)) -> 100.56 | J18: =IF(I18="","",100*I18/E18) -> 0.31692185 | K18: =IF(J18="","",IF(J18<=-H$4,"Stop",IF(J18>=H$3,"Alvo",IF(G18="","Continue","")))) | M18: =M17+1 -> 15 | N18: =N17*(1+R$5/100) -> 3.9956513e+09 | O18: =100*(N18-R$3)/R$3 -> 3.9956503e+08
B19: =IF(C19="",B18,B18+1) -> 7 | C19: 42734 | D19: =IF(C19="",D18,D18+1) -> 7 | E19: =IF(G18="","",G18) -> 31830.78 | F19: =IF(G19="",IF(C19="","",F18+1),F18+1) -> 7 | G19: 31883.9 | H19: =IF(E19="","",IF(H$3="","",E19*(1+H$3/100))) -> 31989.934 | I19: =IF(E19="","",IF(G19="","",G19-E19)) -> 53.12 | J19: =IF(I19="","",100*I19/E19) -> 0.1668825 | K19: =IF(J19="","",IF(J19<=-H$4,"Stop",IF(J19>=H$3,"Alvo",IF(G19="","Continue","")))) | M19: =M18+1 -> 16 | N19: =N18*(1+R$5/100) -> 1.100762e+10 | O19: =100*(N19-R$3)/R$3 -> 1.1007619e+09 | Q19: % Mês | R19: 20
B20: =IF(C20="",B19,B19+1) -> 7 | D20: =IF(C20="",D19,D19+1) -> 7 | E20: =IF(G19="","",G19) -> 31883.9 | F20: =IF(G20="",IF(C20="","",F19+1),F19+1) -> 8 | G20: 31927.74 | H20: =IF(E20="","",IF(H$3="","",E20*(1+H$3/100))) -> 32043.319 | I20: =IF(E20="","",IF(G20="","",G20-E20)) -> 43.84 | J20: =IF(I20="","",100*I20/E20) -> 0.13749886 | K20: =IF(J20="","",IF(J20<=-H$4,"Stop",IF(J20>=H$3,"Alvo",IF(G20="","Continue","")))) | M20: =M19+1 -> 17 | N20: =N19*(1+R$5/100) -> 3.0324892e+10 | O20: =100*(N20-R$3)/R$3 -> 3.0324891e+09 | Q20: % Ano | R20: =100*((1+R19/100)^12-1) -> 791.61004
B21: =IF(C21="",B20,B20+1) -> 7 | D21: =IF(C21="",D20,D20+1) -> 7 | E21: =IF(G20="","",G20) -> 31927.74 | F21: =IF(G21="",IF(C21="","",F20+1),F20+1) -> 9 | G21: 31974.46 | H21: =IF(E21="","",IF(H$3="","",E21*(1+H$3/100))) -> 32087.379 | I21: =IF(E21="","",IF(G21="","",G21-E21)) -> 46.72 | J21: =IF(I21="","",100*I21/E21) -> 0.14633043 | K21: =IF(J21="","",IF(J21<=-H$4,"Stop",IF(J21>=H$3,"Alvo",IF(G21="","Continue","")))) | M21: =M20+1 -> 18 | N21: =N20*(1+R$5/100) -> 8.3542045e+10 | O21: =100*(N21-R$3)/R$3 -> 8.3542044e+09
B22: =IF(C22="",B21,B21+1) -> 7 | D22: =IF(C22="",D21,D21+1) -> 7 | E22: =IF(G21="","",G21) -> 31974.46 | F22: =IF(G22="",IF(C22="","",F21+1),F21+1) -> 10 | G22: 31994.94 | H22: =IF(E22="","",IF(H$3="","",E22*(1+H$3/100))) -> 32134.332 | I22: =IF(E22="","",IF(G22="","",G22-E22)) -> 20.48 | J22: =IF(I22="","",100*I22/E22) -> 0.064051121 | K22: =IF(J22="","",IF(J22<=-H$4,"Stop",IF(J22>=H$3,"Alvo",IF(G22="","Continue","")))) | M22: =M21+1 -> 19 | N22: =N21*(1+R$5/100) -> 2.3014998e+11 | O22: =100*(N22-R$3)/R$3 -> 2.3014998e+10
B23: =IF(C23="",B22,B22+1) -> 7 | D23: =IF(C23="",D22,D22+1) -> 7 | E23: =IF(G22="","",G22) -> 31994.94 | F23: =IF(G23="",IF(C23="","",F22+1),F22+1) -> 11 | G23: 33112.58 | H23: =IF(E23="","",IF(H$3="","",E23*(1+H$3/100))) -> 32154.915 | I23: =IF(E23="","",IF(G23="","",G23-E23)) -> 1117.64 | J23: =IF(I23="","",100*I23/E23) -> 3.4931774 | K23: =IF(J23="","",IF(J23<=-H$4,"Stop",IF(J23>=H$3,"Alvo",IF(G23="","Continue","")))) -> Alvo | M23: =M22+1 -> 20 | N23: =N22*(1+R$5/100) -> 6.3404018e+11 | O23: =100*(N23-R$3)/R$3 -> 6.3404018e+10 | Q23: % Ano | R23: 100
B24: =IF(C24="",B23,B23+1) -> 7 | D24: =IF(C24="",D23,D23+1) -> 7 | E24: =IF(G23="","",G23) -> 33112.58 | F24: =IF(G24="",IF(C24="","",F23+1),F23+1) | H24: =IF(E24="","",IF(H$3="","",E24*(1+H$3/100))) -> 33278.143 | I24: =IF(E24="","",IF(G24="","",G24-E24)) | J24: =IF(I24="","",100*I24/E24) | K24: =IF(J24="","",IF(J24<=-H$4,"Stop",IF(J24>=H$3,"Alvo",IF(G24="","Continue","")))) | M24: =M23+1 -> 21 | N24: =N23*(1+R$5/100) -> 1.7467173e+12 | O24: =100*(N24-R$3)/R$3 -> 1.7467173e+11 | Q24: % Mês | R24: =100*((1+R23/100)^(1/12)-1) -> 5.9463094
B25: =IF(C25="",B24,B24+1) -> 7 | D25: =IF(C25="",D24,D24+1) -> 7 | E25: =IF(G24="","",G24) | F25: =IF(G25="",IF(C25="","",F24+1),F24+1) | H25: =IF(E25="","",IF(H$3="","",E25*(1+H$3/100))) | I25: =IF(E25="","",IF(G25="","",G25-E25)) | J25: =IF(I25="","",100*I25/E25) | K25: =IF(J25="","",IF(J25<=-H$4,"Stop",IF(J25>=H$3,"Alvo",IF(G25="","Continue","")))) | M25: =M24+1 -> 22 | N25: =N24*(1+R$5/100) -> 4.8120315e+12 | O25: =100*(N25-R$3)/R$3 -> 4.8120315e+11 | Q25: % Semana | R25: =100*((1+R23/100)^(7/360)-1) -> 1.3569098
B26: =IF(C26="",B25,B25+1) -> 7 | D26: =IF(C26="",D25,D25+1) -> 7 | E26: =IF(G25="","",G25) | F26: =IF(G26="",IF(C26="","",F25+1),F25+1) | H26: =IF(E26="","",IF(H$3="","",E26*(1+H$3/100))) | I26: =IF(E26="","",IF(G26="","",G26-E26)) | J26: =IF(I26="","",100*I26/E26) | K26: =IF(J26="","",IF(J26<=-H$4,"Stop",IF(J26>=H$3,"Alvo",IF(G26="","Continue","")))) | M26: =M25+1 -> 23 | N26: =N25*(1+R$5/100) -> 1.3256665e+13 | O26: =100*(N26-R$3)/R$3 -> 1.3256665e+12 | Q26: % Dia | R26: =100*((1+R23/100)^(7/360/5)-1) -> 0.26992087
B27: =IF(C27="",B26,B26+1) -> 7 | D27: =IF(C27="",D26,D26+1) -> 7 | E27: =IF(G26="","",G26) | F27: =IF(G27="",IF(C27="","",F26+1),F26+1) | H27: =IF(E27="","",IF(H$3="","",E27*(1+H$3/100))) | I27: =IF(E27="","",IF(G27="","",G27-E27)) | J27: =IF(I27="","",100*I27/E27) | K27: =IF(J27="","",IF(J27<=-H$4,"Stop",IF(J27>=H$3,"Alvo",IF(G27="","Continue","")))) | M27: =M26+1 -> 24 | N27: =N26*(1+R$5/100) -> 3.6520788e+13 | O27: =100*(N27-R$3)/R$3 -> 3.6520788e+12
B28: =IF(C28="",B27,B27+1) -> 7 | D28: =IF(C28="",D27,D27+1) -> 7 | E28: =IF(G27="","",G27) | F28: =IF(G28="",IF(C28="","",F27+1),F27+1) | H28: =IF(E28="","",IF(H$3="","",E28*(1+H$3/100))) | I28: =IF(E28="","",IF(G28="","",G28-E28)) | J28: =IF(I28="","",100*I28/E28) | K28: =IF(J28="","",IF(J28<=-H$4,"Stop",IF(J28>=H$3,"Alvo",IF(G28="","Continue","")))) | M28: =M27+1 -> 25 | N28: =N27*(1+R$5/100) -> 1.0061112e+14 | O28: =100*(N28-R$3)/R$3 -> 1.0061112e+13 | Q28: % Mês | R28: 20
B29: =IF(C29="",B28,B28+1) -> 7 | D29: =IF(C29="",D28,D28+1) -> 7 | E29: =IF(G28="","",G28) | F29: =IF(G29="",IF(C29="","",F28+1),F28+1) | H29: =IF(E29="","",IF(H$3="","",E29*(1+H$3/100))) | I29: =IF(E29="","",IF(G29="","",G29-E29)) | J29: =IF(I29="","",100*I29/E29) | K29: =IF(J29="","",IF(J29<=-H$4,"Stop",IF(J29>=H$3,"Alvo",IF(G29="","Continue","")))) | M29: =M28+1 -> 26 | N29: =N28*(1+R$5/100) -> 2.7717357e+14 | O29: =100*(N29-R$3)/R$3 -> 2.7717357e+13 | Q29: % Semana | R29: =100*((1+R28/100)^(7/30)-1) -> 4.3459564
B30: =IF(C30="",B29,B29+1) -> 7 | D30: =IF(C30="",D29,D29+1) -> 7 | E30: =IF(G29="","",G29) | F30: =IF(G30="",IF(C30="","",F29+1),F29+1) | H30: =IF(E30="","",IF(H$3="","",E30*(1+H$3/100))) | I30: =IF(E30="","",IF(G30="","",G30-E30)) | J30: =IF(I30="","",100*I30/E30) | K30: =IF(J30="","",IF(J30<=-H$4,"Stop",IF(J30>=H$3,"Alvo",IF(G30="","Continue","")))) | M30: =M29+1 -> 27 | N30: =N29*(1+R$5/100) -> 7.6358547e+14 | O30: =100*(N30-R$3)/R$3 -> 7.6358547e+13 | Q30: % Dia | R30: =100*((1+R28/100)^(7/150)-1) -> 0.85446381
B31: =IF(C31="",B30,B30+1) -> 7 | D31: =IF(C31="",D30,D30+1) -> 7 | E31: =IF(G30="","",G30) | F31: =IF(G31="",IF(C31="","",F30+1),F30+1) | H31: =IF(E31="","",IF(H$3="","",E31*(1+H$3/100))) | I31: =IF(E31="","",IF(G31="","",G31-E31)) | J31: =IF(I31="","",100*I31/E31) | K31: =IF(J31="","",IF(J31<=-H$4,"Stop",IF(J31>=H$3,"Alvo",IF(G31="","Continue","")))) | M31: =M30+1 -> 28 | N31: =N30*(1+R$5/100) -> 2.1036016e+15 | O31: =100*(N31-R$3)/R$3 -> 2.1036016e+14
B32: =IF(C32="",B31,B31+1) -> 7 | D32: =IF(C32="",D31,D31+1) -> 7 | E32: =IF(G31="","",G31) | F32: =IF(G32="",IF(C32="","",F31+1),F31+1) | H32: =IF(E32="","",IF(H$3="","",E32*(1+H$3/100))) | I32: =IF(E32="","",IF(G32="","",G32-E32)) | J32: =IF(I32="","",100*I32/E32) | K32: =IF(J32="","",IF(J32<=-H$4,"Stop",IF(J32>=H$3,"Alvo",IF(G32="","Continue","")))) | M32: =M31+1 -> 29 | N32: =N31*(1+R$5/100) -> 5.7952121e+15 | O32: =100*(N32-R$3)/R$3 -> 5.7952121e+14 | Q32: % Semana | R32: 5
B33: =IF(C33="",B32,B32+1) -> 7 | D33: =IF(C33="",D32,D32+1) -> 7 | E33: =IF(G32="","",G32) | F33: =IF(G33="",IF(C33="","",F32+1),F32+1) | M33: =M32+1 -> 30 | N33: =N32*(1+R$5/100) -> 1.596523e+16 | O33: =100*(N33-R$3)/R$3 -> 1.596523e+15 | Q33: % Dia | R33: =100*((1+R32/100)^(1/5)-1) -> 0.98057977

Sheet Open
F2: Spread | G2: =10000*(E6-E7) -> 2.5 | H2: Equity | I2: =SUM(E5:H5) -> 33123.14 | K2: Position | L2: Rescue calculator | Q2: Max % DD
B3: Balance | E3: Starting balance | G3: $ Profit | K3: =IF(I10="","",MATCH(VLOOKUP(MAX(J10:J27),J10:K27,2,FALSE),K10:K27,0)) -> 1 | L3: TP factor | M3: $ Profit | N3: % | O3: Exit 1 | P3: Exit 2 | Q3: =IF(Q6<>"",Q6,IF(Q4<>"",Q4,IF(I6<-Q3,-I6,Q3))) -> 0.026908202
G4: Closed | H4: Floating | I4: Total | K4: Last Open | L4: 1 | M4: =IF(L4="","",IF(Q10="","",IF(D28=0,"",L4*Q10))) -> 26.4 | N4: =IF(M4="","",IF(E5="","",100*M4/E5)) -> 0.079728007 | O4: =IF(L4="","",IF(L10="","",IF(D28="","",IF(D28=0,"",IF(M4="","",L10+(M4-G5-H5)/Q19/D28))))) -> 1.04921 | P4: =IF(D28="","",IF(D10=D28,"",(M4-G5-H5-D28*Q19*(K7-L10))/(D28-K5)/Q19+K7))
B5: =E5+G5 -> 33112.58 | E5: =DLog!$H$2 -> 33112.58 | G5: =SUM(M10:M27) -> 0 | H5: =SUM(N10:N27) -> 10.56 | I5: =G5+H5 -> 10.56 | K5: =IF(I10="","",INDEX(B10:B27,K3)) -> 0.33 | L5: =IF(M5="","",IF(Q10="","",M5/Q10)) | M5: =IF(O5="","",IF(L10="","",IF(D28="","",G5+H5+(O5-L10)*Q19*D28))) | N5: =IF(M5="","",100*M5/E5) | P5: Extreme | Q5: Reset DD
B6: Ask | E6: =[1]!EURUSD/100000 -> 1.04898 | G6: =100*G5/E5 -> 0 | H6: =100*H5/E5 -> 0.031891203 | I6: =100*(I2/E5-1) -> 0.031891203 | K6: TP Last | L6: Stop out | M6: =IF(N6="","",-N6*E5/100) -> -9933.774 | N6: 30 | O6: =IF(N6="","",IF(L10="","",IF(D28=0,"",L10-(I2-E5-M6)/Q19/D28))) -> 0.74738655 | Q6: =IF(P6="","",IF(D28="","",IF(D28>0,ABS(100*(D28*Q19*(P6-L10)+I5)/E5),ABS(100*(D28*Q19*(P6-L10+0.00015)+I5)/E5))))
B7: Bid | E7: =[2]!EURUSD/100000 -> 1.04873 | G7: % Profit | K7: =IF(I10="","",INDEX(F10:F27,K3)) -> 1.04921 | L7: Kelly | M7: =IF(N7="","",-N7*E5/100) -> 0 | N7: =Risk!$F$28 -> 0 | O7: =IF(N7="","",IF(L10="","",IF(N7=0,"",IF(D28=0,"",L10-(I2-E5-M7)/Q19/D28)))) | P7: Kelly Alert (%) | Q7: =IF(N7="","",IF(N7=0,"Kelly = 0",IF(Q3="","",100*Q3/N7))) -> Kelly = 0
B8: Lots (+-) | C8: # | D8: Open Lots | E8: Entry Price | F8: Take Profit | G8: $ Profit Target | H8: Swap | I8: Status (p/o/c) | J8: # | K8: # | L8: Price | M8: Closed Profit $ | N8: Floating Profit $ | O8: % Profit | P8: Scout Default
P9: Take profit | Q9: $ Target
B10: 0.33 | C10: =IF(D10="","",1) -> 1 | D10: =IF(B10="","",IF(I10="p",D9,IF(I10="o",D9+B10,IF(I10="c",D9,IF(I10="","","Status?"))))) -> 0.33 | E10: 1.04841 | F10: 1.04921 | G10: =IF(B10="","",IF(E10="","",IF(F10="","",B10*Q$19*(F10-E10)))) -> 26.4 | H10: 0 | I10: o | J10: =IF(I10="o",1,"") -> 1 | K10: =IF(I10="o",1,"") -> 1 | L10: =IF(B10="","",IF(I10<>"o","",IF(B10>0,E$7,IF(B10<0,E$6,"Posição?")))) -> 1.04873 | M10: =IF(B10="","",IF(E10="","",IF(F10="","",IF(H10="","",IF(I10="c",B10*Q$19*(F10-E10)+H10,""))))) | N10: =IF(B10="","",IF(E10="","",IF(H10="","",IF(I10="o",B10*Q$19*(L10-E10)+H10,"")))) -> 10.56 | O10: =IF(B10="","",IF(E10="","",IF(H10="","",IF(I10="p",100*G10/E$5,IF(I10="o",100*N10/E$5,IF(I10="c",100*M10/E$5,"")))))) -> 0.031891203 | P10: 1.04921 | Q10: =IF(B10="","",IF(E10="","",IF(P10="","",B10*Q$19*(P10-E10)))) -> 26.4
C11: =IF(D11="","",C10+1) | D11: =IF(B11="","",IF(I11="p",D10,IF(I11="o",D10+B11,IF(I11="c",D10,IF(I11="","","Status?"))))) | G11: =IF(B11="","",IF(E11="","",IF(F11="","",B11*Q$19*(F11-E11)))) | J11: =IF(J10="","",IF(I11="","",J10+1)) | K11: =IF(K10="","",IF(I11="","",IF(I11="o",K10+1,K10))) | L11: =IF(B11="","",IF(I11<>"o","",IF(B11>0,E$7,IF(B11<0,E$6,"Posição?")))) | M11: =IF(B11="","",IF(E11="","",IF(F11="","",IF(H11="","",IF(I11="c",B11*Q$19*(F11-E11)+H11,""))))) | N11: =IF(B11="","",IF(E11="","",IF(H11="","",IF(I11="o",B11*Q$19*(L11-E11)+H11,"")))) | O11: =IF(B11="","",IF(E11="","",IF(H11="","",IF(I11="p",100*G11/E$5,IF(I11="o",100*N11/E$5,IF(I11="c",100*M11/E$5,"")))))) | P11: Current $ | Q11: =IF(G10="","",SUM(G10:H27)) -> 26.4
C12: =IF(D12="","",C11+1) | D12: =IF(B12="","",IF(I12="p",D11,IF(I12="o",D11+B12,IF(I12="c",D11,IF(I12="","","Status?"))))) | G12: =IF(B12="","",IF(E12="","",IF(F12="","",B12*Q$19*(F12-E12)))) | J12: =IF(J11="","",IF(I12="","",J11+1)) | K12: =IF(K11="","",IF(I12="","",IF(I12="o",K11+1,K11))) | L12: =IF(B12="","",IF(I12<>"o","",IF(B12>0,E$7,IF(B12<0,E$6,"Posição?")))) | M12: =IF(B12="","",IF(E12="","",IF(F12="","",IF(H12="","",IF(I12="c",B12*Q$19*(F12-E12)+H12,""))))) | N12: =IF(B12="","",IF(E12="","",IF(H12="","",IF(I12="o",B12*Q$19*(L12-E12)+H12,"")))) | O12: =IF(B12="","",IF(E12="","",IF(H12="","",IF(I12="p",100*G12/E$5,IF(I12="o",100*N12/E$5,IF(I12="c",100*M12/E$5,"")))))) | P12: % | Q12: =IF(Q11="","",100*Q11/E5) -> 0.079728007
C13: =IF(D13="","",C12+1) | D13: =IF(B13="","",IF(I13="p",D12,IF(I13="o",D12+B13,IF(I13="c",D12,IF(I13="","","Status?"))))) | G13: =IF(B13="","",IF(E13="","",IF(F13="","",B13*Q$19*(F13-E13)))) | J13: =IF(J12="","",IF(I13="","",J12+1)) | K13: =IF(K12="","",IF(I13="","",IF(I13="o",K12+1,K12))) | L13: =IF(B13="","",IF(I13<>"o","",IF(B13>0,E$7,IF(B13<0,E$6,"Posição?")))) | M13: =IF(B13="","",IF(E13="","",IF(F13="","",IF(H13="","",IF(I13="c",B13*Q$19*(F13-E13)+H13,""))))) | N13: =IF(B13="","",IF(E13="","",IF(H13="","",IF(I13="o",B13*Q$19*(L13-E13)+H13,"")))) | O13: =IF(B13="","",IF(E13="","",IF(H13="","",IF(I13="p",100*G13/E$5,IF(I13="o",100*N13/E$5,IF(I13="c",100*M13/E$5,"")))))) | P13: Factor | Q13: =IF(Q11=0,"",IF(Q10="","",Q11/Q10)) -> 1
C14: =IF(D14="","",C13+1) | D14: =IF(B14="","",IF(I14="p",D13,IF(I14="o",D13+B14,IF(I14="c",D13,IF(I14="","","Status?"))))) | G14: =IF(B14="","",IF(E14="","",IF(F14="","",B14*Q$19*(F14-E14)))) | J14: =IF(J13="","",IF(I14="","",J13+1)) | K14: =IF(K13="","",IF(I14="","",IF(I14="o",K13+1,K13))) | L14: =IF(B14="","",IF(I14<>"o","",IF(B14>0,E$7,IF(B14<0,E$6,"Posição?")))) | M14: =IF(B14="","",IF(E14="","",IF(F14="","",IF(H14="","",IF(I14="c",B14*Q$19*(F14-E14)+H14,""))))) | N14: =IF(B14="","",IF(E14="","",IF(H14="","",IF(I14="o",B14*Q$19*(L14-E14)+H14,"")))) | O14: =IF(B14="","",IF(E14="","",IF(H14="","",IF(I14="p",100*G14/E$5,IF(I14="o",100*N14/E$5,IF(I14="c",100*M14/E$5,"")))))) | P14: Lots
C15: =IF(D15="","",C14+1) | D15: =IF(B15="","",IF(I15="p",D14,IF(I15="o",D14+B15,IF(I15="c",D14,IF(I15="","","Status?"))))) | G15: =IF(B15="","",IF(E15="","",IF(F15="","",B15*Q$19*(F15-E15)))) | J15: =IF(J14="","",IF(I15="","",J14+1)) | K15: =IF(K14="","",IF(I15="","",IF(I15="o",K14+1,K14))) | L15: =IF(B15="","",IF(I15<>"o","",IF(B15>0,E$7,IF(B15<0,E$6,"Posição?")))) | M15: =IF(B15="","",IF(E15="","",IF(F15="","",IF(H15="","",IF(I15="c",B15*Q$19*(F15-E15)+H15,""))))) | N15: =IF(B15="","",IF(E15="","",IF(H15="","",IF(I15="o",B15*Q$19*(L15-E15)+H15,"")))) | O15: =IF(B15="","",IF(E15="","",IF(H15="","",IF(I15="p",100*G15/E$5,IF(I15="o",100*N15/E$5,IF(I15="c",100*M15/E$5,"")))))) | P15: Balance | Q15: =E5 -> 33112.58
C16: =IF(D16="","",C15+1) | D16: =IF(B16="","",IF(I16="p",D15,IF(I16="o",D15+B16,IF(I16="c",D15,IF(I16="","","Status?"))))) | G16: =IF(B16="","",IF(E16="","",IF(F16="","",B16*Q$19*(F16-E16)))) | J16: =IF(J15="","",IF(I16="","",J15+1)) | K16: =IF(K15="","",IF(I16="","",IF(I16="o",K15+1,K15))) | L16: =IF(B16="","",IF(I16<>"o","",IF(B16>0,E$7,IF(B16<0,E$6,"Posição?")))) | M16: =IF(B16="","",IF(E16="","",IF(F16="","",IF(H16="","",IF(I16="c",B16*Q$19*(F16-E16)+H16,""))))) | N16: =IF(B16="","",IF(E16="","",IF(H16="","",IF(I16="o",B16*Q$19*(L16-E16)+H16,"")))) | O16: =IF(B16="","",IF(E16="","",IF(H16="","",IF(I16="p",100*G16/E$5,IF(I16="o",100*N16/E$5,IF(I16="c",100*M16/E$5,"")))))) | P16: Base leverage | Q16: 1
C17: =IF(D17="","",C16+1) | D17: =IF(B17="","",IF(I17="p",D16,IF(I17="o",D16+B17,IF(I17="c",D16,IF(I17="","","Status?"))))) | G17: =IF(B17="","",IF(E17="","",IF(F17="","",B17*Q$19*(F17-E17)))) | J17: =IF(J16="","",IF(I17="","",J16+1)) | K17: =IF(K16="","",IF(I17="","",IF(I17="o",K16+1,K16))) | L17: =IF(B17="","",IF(I17<>"o","",IF(B17>0,E$7,IF(B17<0,E$6,"Posição?")))) | M17: =IF(B17="","",IF(E17="","",IF(F17="","",IF(H17="","",IF(I17="c",B17*Q$19*(F17-E17)+H17,""))))) | N17: =IF(B17="","",IF(E17="","",IF(H17="","",IF(I17="o",B17*Q$19*(L17-E17)+H17,"")))) | O17: =IF(B17="","",IF(E17="","",IF(H17="","",IF(I17="p",100*G17/E$5,IF(I17="o",100*N17/E$5,IF(I17="c",100*M17/E$5,"")))))) | P17: Increm (0:100+) | Q17: 0
C18: =IF(D18="","",C17+1) | D18: =IF(B18="","",IF(I18="p",D17,IF(I18="o",D17+B18,IF(I18="c",D17,IF(I18="","","Status?"))))) | G18: =IF(B18="","",IF(E18="","",IF(F18="","",B18*Q$19*(F18-E18)))) | J18: =IF(J17="","",IF(I18="","",J17+1)) | K18: =IF(K17="","",IF(I18="","",IF(I18="o",K17+1,K17))) | L18: =IF(B18="","",IF(I18<>"o","",IF(B18>0,E$7,IF(B18<0,E$6,"Posição?")))) | M18: =IF(B18="","",IF(E18="","",IF(F18="","",IF(H18="","",IF(I18="c",B18*Q$19*(F18-E18)+H18,""))))) | N18: =IF(B18="","",IF(E18="","",IF(H18="","",IF(I18="o",B18*Q$19*(L18-E18)+H18,"")))) | O18: =IF(B18="","",IF(E18="","",IF(H18="","",IF(I18="p",100*G18/E$5,IF(I18="o",100*N18/E$5,IF(I18="c",100*M18/E$5,"")))))) | P18: Start leverage | Q18: =IF(Q16="","",IF(Q17="","",IF(O28="","",Q16*(1+Q17*(O28-1)/100)))) -> 1
C19: =IF(D19="","",C18+1) | D19: =IF(B19="","",IF(I19="p",D18,IF(I19="o",D18+B19,IF(I19="c",D18,IF(I19="","","Status?"))))) | G19: =IF(B19="","",IF(E19="","",IF(F19="","",B19*Q$19*(F19-E19)))) | J19: =IF(J18="","",IF(I19="","",J18+1)) | K19: =IF(K18="","",IF(I19="","",IF(I19="o",K18+1,K18))) | L19: =IF(B19="","",IF(I19<>"o","",IF(B19>0,E$7,IF(B19<0,E$6,"Posição?")))) | M19: =IF(B19="","",IF(E19="","",IF(F19="","",IF(H19="","",IF(I19="c",B19*Q$19*(F19-E19)+H19,""))))) | N19: =IF(B19="","",IF(E19="","",IF(H19="","",IF(I19="o",B19*Q$19*(L19-E19)+H19,"")))) | O19: =IF(B19="","",IF(E19="","",IF(H19="","",IF(I19="p",100*G19/E$5,IF(I19="o",100*N19/E$5,IF(I19="c",100*M19/E$5,"")))))) | P19: Lot size | Q19: 100000
C20: =IF(D20="","",C19+1) | D20: =IF(B20="","",IF(I20="p",D19,IF(I20="o",D19+B20,IF(I20="c",D19,IF(I20="","","Status?"))))) | G20: =IF(B20="","",IF(E20="","",IF(F20="","",B20*Q$19*(F20-E20)))) | J20: =IF(J19="","",IF(I20="","",J19+1)) | K20: =IF(K19="","",IF(I20="","",IF(I20="o",K19+1,K19))) | L20: =IF(B20="","",IF(I20<>"o","",IF(B20>0,E$7,IF(B20<0,E$6,"Posição?")))) | M20: =IF(B20="","",IF(E20="","",IF(F20="","",IF(H20="","",IF(I20="c",B20*Q$19*(F20-E20)+H20,""))))) | N20: =IF(B20="","",IF(E20="","",IF(H20="","",IF(I20="o",B20*Q$19*(L20-E20)+H20,"")))) | O20: =IF(B20="","",IF(E20="","",IF(H20="","",IF(I20="p",100*G20/E$5,IF(I20="o",100*N20/E$5,IF(I20="c",100*M20/E$5,"")))))) | P20: Lots 1 | Q20: =IF(Q15="","",IF(Q18="","",IF(Q19="","",Q15*Q18/Q19))) -> 0.3311258
C21: =IF(D21="","",C20+1) | D21: =IF(B21="","",IF(I21="p",D20,IF(I21="o",D20+B21,IF(I21="c",D20,IF(I21="","","Status?"))))) | G21: =IF(B21="","",IF(E21="","",IF(F21="","",B21*Q$19*(F21-E21)))) | J21: =IF(J20="","",IF(I21="","",J20+1)) | K21: =IF(K20="","",IF(I21="","",IF(I21="o",K20+1,K20))) | L21: =IF(B21="","",IF(I21<>"o","",IF(B21>0,E$7,IF(B21<0,E$6,"Posição?")))) | M21: =IF(B21="","",IF(E21="","",IF(F21="","",IF(H21="","",IF(I21="c",B21*Q$19*(F21-E21)+H21,""))))) | N21: =IF(B21="","",IF(E21="","",IF(H21="","",IF(I21="o",B21*Q$19*(L21-E21)+H21,"")))) | O21: =IF(B21="","",IF(E21="","",IF(H21="","",IF(I21="p",100*G21/E$5,IF(I21="o",100*N21/E$5,IF(I21="c",100*M21/E$5,"")))))) | P21: Lots 2 | Q21: =IF(Q20="","",2*Q20) -> 0.6622516
C22: =IF(D22="","",C21+1) | D22: =IF(B22="","",IF(I22="p",D21,IF(I22="o",D21+B22,IF(I22="c",D21,IF(I22="","","Status?"))))) | G22: =IF(B22="","",IF(E22="","",IF(F22="","",B22*Q$19*(F22-E22)))) | J22: =IF(J21="","",IF(I22="","",J21+1)) | K22: =IF(K21="","",IF(I22="","",IF(I22="o",K21+1,K21))) | L22: =IF(B22="","",IF(I22<>"o","",IF(B22>0,E$7,IF(B22<0,E$6,"Posição?")))) | M22: =IF(B22="","",IF(E22="","",IF(F22="","",IF(H22="","",IF(I22="c",B22*Q$19*(F22-E22)+H22,""))))) | N22: =IF(B22="","",IF(E22="","",IF(H22="","",IF(I22="o",B22*Q$19*(L22-E22)+H22,"")))) | O22: =IF(B22="","",IF(E22="","",IF(H22="","",IF(I22="p",100*G22/E$5,IF(I22="o",100*N22/E$5,IF(I22="c",100*M22/E$5,"")))))) | P22: Lots 3 | Q22: =IF(Q21="","",2*Q21) -> 1.3245032
C23: =IF(D23="","",C22+1) | D23: =IF(B23="","",IF(I23="p",D22,IF(I23="o",D22+B23,IF(I23="c",D22,IF(I23="","","Status?"))))) | G23: =IF(B23="","",IF(E23="","",IF(F23="","",B23*Q$19*(F23-E23)))) | J23: =IF(J22="","",IF(I23="","",J22+1)) | K23: =IF(K22="","",IF(I23="","",IF(I23="o",K22+1,K22))) | L23: =IF(B23="","",IF(I23<>"o","",IF(B23>0,E$7,IF(B23<0,E$6,"Posição?")))) | M23: =IF(B23="","",IF(E23="","",IF(F23="","",IF(H23="","",IF(I23="c",B23*Q$19*(F23-E23)+H23,""))))) | N23: =IF(B23="","",IF(E23="","",IF(H23="","",IF(I23="o",B23*Q$19*(L23-E23)+H23,"")))) | O23: =IF(B23="","",IF(E23="","",IF(H23="","",IF(I23="p",100*G23/E$5,IF(I23="o",100*N23/E$5,IF(I23="c",100*M23/E$5,"")))))) | P23: Lots 4 | Q23: =IF(Q22="","",2*Q22) -> 2.6490064
C24: =IF(D24="","",C23+1) | D24: =IF(B24="","",IF(I24="p",D23,IF(I24="o",D23+B24,IF(I24="c",D23,IF(I24="","","Status?"))))) | G24: =IF(B24="","",IF(E24="","",IF(F24="","",B24*Q$19*(F24-E24)))) | J24: =IF(J23="","",IF(I24="","",J23+1)) | K24: =IF(K23="","",IF(I24="","",IF(I24="o",K23+1,K23))) | L24: =IF(B24="","",IF(I24<>"o","",IF(B24>0,E$7,IF(B24<0,E$6,"Posição?")))) | M24: =IF(B24="","",IF(E24="","",IF(F24="","",IF(H24="","",IF(I24="c",B24*Q$19*(F24-E24)+H24,""))))) | N24: =IF(B24="","",IF(E24="","",IF(H24="","",IF(I24="o",B24*Q$19*(L24-E24)+H24,"")))) | O24: =IF(B24="","",IF(E24="","",IF(H24="","",IF(I24="p",100*G24/E$5,IF(I24="o",100*N24/E$5,IF(I24="c",100*M24/E$5,"")))))) | P24: Lots 5 | Q24: =IF(Q23="","",2*Q23) -> 5.2980128
C25: =IF(D25="","",C24+1) | D25: =IF(B25="","",IF(I25="p",D24,IF(I25="o",D24+B25,IF(I25="c",D24,IF(I25="","","Status?"))))) | G25: =IF(B25="","",IF(E25="","",IF(F25="","",B25*Q$19*(F25-E25)))) | J25: =IF(J24="","",IF(I25="","",J24+1)) | K25: =IF(K24="","",IF(I25="","",IF(I25="o",K24+1,K24))) | L25: =IF(B25="","",IF(I25<>"o","",IF(B25>0,E$7,IF(B25<0,E$6,"Posição?")))) | M25: =IF(B25="","",IF(E25="","",IF(F25="","",IF(H25="","",IF(I25="c",B25*Q$19*(F25-E25)+H25,""))))) | N25: =IF(B25="","",IF(E25="","",IF(H25="","",IF(I25="o",B25*Q$19*(L25-E25)+H25,"")))) | O25: =IF(B25="","",IF(E25="","",IF(H25="","",IF(I25="p",100*G25/E$5,IF(I25="o",100*N25/E$5,IF(I25="c",100*M25/E$5,"")))))) | P25: Lots 6 | Q25: =IF(Q24="","",2*Q24) -> 10.596026
C26: =IF(D26="","",C25+1) | D26: =IF(B26="","",IF(I26="p",D25,IF(I26="o",D25+B26,IF(I26="c",D25,IF(I26="","","Status?"))))) | G26: =IF(B26="","",IF(E26="","",IF(F26="","",B26*Q$19*(F26-E26)))) | J26: =IF(J25="","",IF(I26="","",J25+1)) | K26: =IF(K25="","",IF(I26="","",IF(I26="o",K25+1,K25))) | L26: =IF(B26="","",IF(I26<>"o","",IF(B26>0,E$7,IF(B26<0,E$6,"Posição?")))) | M26: =IF(B26="","",IF(E26="","",IF(F26="","",IF(H26="","",IF(I26="c",B26*Q$19*(F26-E26)+H26,""))))) | N26: =IF(B26="","",IF(E26="","",IF(H26="","",IF(I26="o",B26*Q$19*(L26-E26)+H26,"")))) | O26: =IF(B26="","",IF(E26="","",IF(H26="","",IF(I26="p",100*G26/E$5,IF(I26="o",100*N26/E$5,IF(I26="c",100*M26/E$5,"")))))) | P26: Lots 7 | Q26: =IF(Q25="","",2*Q25) -> 21.192051
C27: =IF(D27="","",C26+1) | D27: =IF(B27="","",IF(I27="p",D26,IF(I27="o",D26+B27,IF(I27="c",D26,IF(I27="","","Status?"))))) | G27: =IF(B27="","",IF(E27="","",IF(F27="","",B27*Q$19*(F27-E27)))) | J27: =IF(J26="","",IF(I27="","",J26+1)) | K27: =IF(K26="","",IF(I27="","",IF(I27="o",K26+1,K26))) | L27: =IF(B27="","",IF(I27<>"o","",IF(B27>0,E$7,IF(B27<0,E$6,"Posição?")))) | M27: =IF(B27="","",IF(E27="","",IF(F27="","",IF(H27="","",IF(I27="c",B27*Q$19*(F27-E27)+H27,""))))) | N27: =IF(B27="","",IF(E27="","",IF(H27="","",IF(I27="o",B27*Q$19*(L27-E27)+H27,"")))) | O27: =IF(B27="","",IF(E27="","",IF(H27="","",IF(I27="p",100*G27/E$5,IF(I27="o",100*N27/E$5,IF(I27="c",100*M27/E$5,"")))))) | P27: Lots 8 | Q27: =IF(Q26="","",2*Q26) -> 42.384102
B28: Total | D28: =IF(D10="","",VLOOKUP(MAX(C10:C27),C10:D27,2,FALSE)) -> 0.33 | E28: Used Leverage | G28: =IF(Q19="","",IF(D28="","",IF(E5="","",ABS(Q19*D28/E5)))) -> 0.99660008 | I28: Max % DD | L28: 25.61 | M28: K % DD | N28: =Risk!$F$28 -> 0 | O28: =IF(L28="",1,IF(N28="",1,IF(N28=0,1,N28/L28))) -> 1 | P28: Kelly DD Factor

Sheet Cy
B2: # | C2: Balanço | D2: % Bal | E2: # | F2: % Bal Méd | G2: % DD | I2: % Bal Méd
B3: 0 | C3: 31019.2 | E3: 0 | I3: =IF(F4="","",VLOOKUP(MAX(E4:E103),E4:F103,2,FALSE)) -> 0.46756758
B4: =B3+1 -> 1 | C4: 31090.03 | D4: =IF(C4="","",100*(C4-C3)/C3) -> 0.22834245 | E4: =IF(C4="","",E3+1) -> 1 | F4: =IF(D4="","",100*(((C4-C$3)/C$3+1)^(1/E4)-1)) -> 0.22834245 | G4: 0.57
B5: =B4+1 -> 2 | C5: 31152.03 | D5: =IF(C5="","",100*(C5-C4)/C4) -> 0.19942084 | E5: =IF(C5="","",E4+1) -> 2 | F5: =IF(D5="","",100*(((C5-C$3)/C$3+1)^(1/E5)-1)) -> 0.2138806 | G5: 0.22 | K5: Há ganho consistente?
B6: =B5+1 -> 3 | C6: 31202.87 | D6: =IF(C6="","",100*(C6-C5)/C5) -> 0.16319964 | E6: =IF(C6="","",E5+1) -> 3 | F6: =IF(D6="","",100*(((C6-C$3)/C$3+1)^(1/E6)-1)) -> 0.1969841 | G6: 0.69
B7: =B6+1 -> 4 | C7: 31227.36 | D7: =IF(C7="","",100*(C7-C6)/C6) -> 0.07848637 | E7: =IF(C7="","",E6+1) -> 4 | F7: =IF(D7="","",100*(((C7-C$3)/C$3+1)^(1/E7)-1)) -> 0.16734652 | G7: 0.11 | K7: Wilcoxon (C3:C16) | M7: =_xlfn.T.TEST(C3:C9,C10:C16,2,3) -> 0.00019082833 | N7: =1-M7 -> 0.99980917
B8: =B7+1 -> 5 | C8: 31533.96 | D8: =IF(C8="","",100*(C8-C7)/C7) -> 0.98183132 | E8: =IF(C8="","",E7+1) -> 5 | F8: =IF(D8="","",100*(((C8-C$3)/C$3+1)^(1/E8)-1)) -> 0.32971623 | G8: 20.45
B9: =B8+1 -> 6 | C9: 31637.31 | D9: =IF(C9="","",100*(C9-C8)/C8) -> 0.3277419 | E9: =IF(C9="","",E8+1) -> 6 | F9: =IF(D9="","",100*(((C9-C$3)/C$3+1)^(1/E9)-1)) -> 0.32938717 | G9: 1.61 | K9: O desempenho está melhorando?
B10: =B9+1 -> 7 | C10: 31682.86 | D10: =IF(C10="","",100*(C10-C9)/C9) -> 0.14397558 | E10: =IF(C10="","",E9+1) -> 7 | F10: =IF(D10="","",100*(((C10-C$3)/C$3+1)^(1/E10)-1)) -> 0.3028788 | G10: 0.14
B11: =B10+1 -> 8 | C11: 31730.22 | D11: =IF(C11="","",100*(C11-C10)/C10) -> 0.14948145 | E11: =IF(C11="","",E10+1) -> 8 | F11: =IF(D11="","",100*(((C11-C$3)/C$3+1)^(1/E11)-1)) -> 0.28369129 | G11: 0.06 | K11: Wilcoxon (D4:D17) | M11: =_xlfn.T.TEST(D4:D10,D11:D17,2,3) -> 0.51648729 | N11: =1-M11 -> 0.48351271
B12: =B11+1 -> 9 | C12: 31830.78 | D12: =IF(C12="","",100*(C12-C11)/C11) -> 0.31692185 | E12: =IF(C12="","",E11+1) -> 9 | F12: =IF(D12="","",100*(((C12-C$3)/C$3+1)^(1/E12)-1)) -> 0.28738303 | G12: 0.27
B13: =B12+1 -> 10 | C13: 31883.9 | D13: =IF(C13="","",100*(C13-C12)/C12) -> 0.1668825 | E13: =IF(C13="","",E12+1) -> 10 | F13: =IF(D13="","",100*(((C13-C$3)/C$3+1)^(1/E13)-1)) -> 0.27532645 | G13: 0.09
B14: =B13+1 -> 11 | C14: 31927.74 | D14: =IF(C14="","",100*(C14-C13)/C13) -> 0.13749886 | E14: =IF(C14="","",E13+1) -> 11 | F14: =IF(D14="","",100*(((C14-C$3)/C$3+1)^(1/E14)-1)) -> 0.26278884 | G14: 0.06
B15: =B14+1 -> 12 | C15: 31974.46 | D15: =IF(C15="","",100*(C15-C14)/C14) -> 0.14633043 | E15: =IF(C15="","",E14+1) -> 12 | F15: =IF(D15="","",100*(((C15-C$3)/C$3+1)^(1/E15)-1)) -> 0.2530788 | G15: 0.15
B16: =B15+1 -> 13 | C16: 31994.94 | D16: =IF(C16="","",100*(C16-C15)/C15) -> 0.064051121 | E16: =IF(C16="","",E15+1) -> 13 | F16: =IF(D16="","",100*(((C16-C$3)/C$3+1)^(1/E16)-1)) -> 0.23852554 | G16: 0.04
B17: =B16+1 -> 14 | C17: 33112.58 | D17: =IF(C17="","",100*(C17-C16)/C16) -> 3.4931774 | E17: =IF(C17="","",E16+1) -> 14 | F17: =IF(D17="","",100*(((C17-C$3)/C$3+1)^(1/E17)-1)) -> 0.46756758 | G17: 25.61
B18: =B17+1 -> 15 | D18: =IF(C18="","",100*(C18-C17)/C17) | E18: =IF(C18="","",E17+1) | F18: =IF(D18="","",100*(((C18-C$3)/C$3+1)^(1/E18)-1)) | G18: 0.03
B19: =B18+1 -> 16 | D19: =IF(C19="","",100*(C19-C18)/C18) | E19: =IF(C19="","",E18+1) | F19: =IF(D19="","",100*(((C19-C$3)/C$3+1)^(1/E19)-1))
B20: =B19+1 -> 17 | D20: =IF(C20="","",100*(C20-C19)/C19) | E20: =IF(C20="","",E19+1) | F20: =IF(D20="","",100*(((C20-C$3)/C$3+1)^(1/E20)-1))
B21: =B20+1 -> 18 | D21: =IF(C21="","",100*(C21-C20)/C20) | E21: =IF(C21="","",E20+1) | F21: =IF(D21="","",100*(((C21-C$3)/C$3+1)^(1/E21)-1))
B22: =B21+1 -> 19 | D22: =IF(C22="","",100*(C22-C21)/C21) | E22: =IF(C22="","",E21+1) | F22: =IF(D22="","",100*(((C22-C$3)/C$3+1)^(1/E22)-1))
B23: =B22+1 -> 20 | D23: =IF(C23="","",100*(C23-C22)/C22) | E23: =IF(C23="","",E22+1) | F23: =IF(D23="","",100*(((C23-C$3)/C$3+1)^(1/E23)-1))
B24: =B23+1 -> 21 | D24: =IF(C24="","",100*(C24-C23)/C23) | E24: =IF(C24="","",E23+1) | F24: =IF(D24="","",100*(((C24-C$3)/C$3+1)^(1/E24)-1))
B25: =B24+1 -> 22 | D25: =IF(C25="","",100*(C25-C24)/C24) | E25: =IF(C25="","",E24+1) | F25: =IF(D25="","",100*(((C25-C$3)/C$3+1)^(1/E25)-1))
B26: =B25+1 -> 23 | D26: =IF(C26="","",100*(C26-C25)/C25) | E26: =IF(C26="","",E25+1) | F26: =IF(D26="","",100*(((C26-C$3)/C$3+1)^(1/E26)-1))
B27: =B26+1 -> 24 | D27: =IF(C27="","",100*(C27-C26)/C26) | E27: =IF(C27="","",E26+1) | F27: =IF(D27="","",100*(((C27-C$3)/C$3+1)^(1/E27)-1))
B28: =B27+1 -> 25 | D28: =IF(C28="","",100*(C28-C27)/C27) | E28: =IF(C28="","",E27+1) | F28: =IF(D28="","",100*(((C28-C$3)/C$3+1)^(1/E28)-1))
B29: =B28+1 -> 26 | D29: =IF(C29="","",100*(C29-C28)/C28) | E29: =IF(C29="","",E28+1) | F29: =IF(D29="","",100*(((C29-C$3)/C$3+1)^(1/E29)-1))
B30: =B29+1 -> 27 | D30: =IF(C30="","",100*(C30-C29)/C29) | E30: =IF(C30="","",E29+1) | F30: =IF(D30="","",100*(((C30-C$3)/C$3+1)^(1/E30)-1))
... B103: =B102+1 -> 100 | D103: =IF(C103="","",100*(C103-C102)/C102) | E103: =IF(C103="","",E102+1) | F103: =IF(D103="","",100*(((C103-C$3)/C$3+1)^(1/E103)-1))

Sheet DDCy
B2: # | C2: % DD | D2: % Bal | E2: Kelly % | F2: P(K) | G2: P(Call) | I2: Faixa até % | J2: Freq | K2: Ant | L2: Tot | M2: Prob
B3: 1 | C3: =IF(Cy!G4="","",Cy!G4) -> 0.57 | D3: =IF(Cy!D4="","",Cy!D4) -> 0.22834245 | I3: 10.23 | J3: =FREQUENCY(C$3:C$32,I3) -> 13 | K3: 0 | L3: =J3+K3 -> 13 | M3: =L3/L$13 -> 0.86666667
B4: =B3+1 -> 2 | C4: =IF(Cy!G5="","",Cy!G5) -> 0.22 | D4: =IF(Cy!D5="","",Cy!D5) -> 0.19942084 | I4: =I3+I$3 -> 20.46 | J4: =FREQUENCY(C$3:C$32,I4)-FREQUENCY(C$3:C$32,I3) -> 1 | K4: 0 | L4: =J4+K4 -> 1 | M4: =L4/L$13 -> 0.066666667
B5: =B4+1 -> 3 | C5: =IF(Cy!G6="","",Cy!G6) -> 0.69 | D5: =IF(Cy!D6="","",Cy!D6) -> 0.16319964 | E5: 0 | F5: 100 | G5: 0.422 | I5: =I4+I$3 -> 30.69 | J5: =FREQUENCY(C$3:C$32,I5)-FREQUENCY(C$3:C$32,I4) -> 1 | K5: 0 | L5: =J5+K5 -> 1 | M5: =L5/L$13 -> 0.066666667
B6: =B5+1 -> 4 | C6: =IF(Cy!G7="","",Cy!G7) -> 0.11 | D6: =IF(Cy!D7="","",Cy!D7) -> 0.07848637 | E6: 86.74 | F6: 0.026 | G6: 0.025 | I6: =I5+I$3 -> 40.92 | J6: =FREQUENCY(C$3:C$32,I6)-FREQUENCY(C$3:C$32,I5) -> 0 | K6: 0 | L6: =J6+K6 -> 0
B7: =B6+1 -> 5 | C7: =IF(Cy!G8="","",Cy!G8) -> 20.45 | D7: =IF(Cy!D8="","",Cy!D8) -> 0.98183132 | E7: 0 | F7: 100 | G7: 9.296 | I7: =I6+I$3 -> 51.15 | J7: =FREQUENCY(C$3:C$32,I7)-FREQUENCY(C$3:C$32,I6) -> 0 | K7: 0 | L7: =J7+K7 -> 0
B8: =B7+1 -> 6 | C8: =IF(Cy!G9="","",Cy!G9) -> 1.61 | D8: =IF(Cy!D9="","",Cy!D9) -> 0.3277419 | E8: 0 | F8: 100 | G8: 6.846 | I8: =I7+I$3 -> 61.38 | J8: =FREQUENCY(C$3:C$32,I8)-FREQUENCY(C$3:C$32,I7) -> 0 | K8: 0 | L8: =J8+K8 -> 0
B9: =B8+1 -> 7 | C9: =IF(Cy!G10="","",Cy!G10) -> 0.14 | D9: =IF(Cy!D10="","",Cy!D10) -> 0.14397558 | E9: 0 | F9: 100 | G9: 5.307 | I9: =I8+I$3 -> 71.61 | J9: =FREQUENCY(C$3:C$32,I9)-FREQUENCY(C$3:C$32,I8) -> 0 | K9: 0 | L9: =J9+K9 -> 0
B10: =B9+1 -> 8 | C10: =IF(Cy!G11="","",Cy!G11) -> 0.06 | D10: =IF(Cy!D11="","",Cy!D11) -> 0.14948145 | E10: 0 | F10: 100 | G10: 4.27 | I10: =I9+I$3 -> 81.84 | J10: =FREQUENCY(C$3:C$32,I10)-FREQUENCY(C$3:C$32,I9) -> 0 | K10: 0 | L10: =J10+K10 -> 0
B11: =B10+1 -> 9 | C11: =IF(Cy!G12="","",Cy!G12) -> 0.27 | D11: =IF(Cy!D12="","",Cy!D12) -> 0.31692185 | E11: 0 | F11: 100 | G11: 3.521 | I11: 90 | J11: =FREQUENCY(C$3:C$32,I11)-FREQUENCY(C$3:C$32,I10) -> 0 | K11: 0 | L11: =J11+K11 -> 0
B12: =B11+1 -> 10 | C12: =IF(Cy!G13="","",Cy!G13) -> 0.09 | D12: =IF(Cy!D13="","",Cy!D13) -> 0.1668825 | E12: 0 | F12: 100 | G12: 2.969 | I12: 100 | J12: =FREQUENCY(C$3:C$32,I12)-FREQUENCY(C$3:C$32,I11) -> 0 | K12: 0 | L12: =J12+K12 -> 0
B13: =B12+1 -> 11 | C13: =IF(Cy!G14="","",Cy!G14) -> 0.06 | D13: =IF(Cy!D14="","",Cy!D14) -> 0.13749886 | E13: 0 | F13: 100 | G13: 2.546 | I13: Totais | J13: =SUM(J3:J12) -> 15 | K13: =SUM(K3:K12) -> 0 | L13: =SUM(L3:L12) -> 15 | M13: =SUM(M3:M12) -> 1
B14: =B13+1 -> 12 | C14: =IF(Cy!G15="","",Cy!G15) -> 0.15 | D14: =IF(Cy!D15="","",Cy!D15) -> 0.14633043 | E14: 0 | F14: 100 | G14: 2.218
B15: =B14+1 -> 13 | C15: =IF(Cy!G16="","",Cy!G16) -> 0.04 | D15: =IF(Cy!D16="","",Cy!D16) -> 0.064051121 | E15: 0 | F15: 100 | G15: 1.948 | I15: Probabilidades (%)
B16: =B15+1 -> 14 | C16: =IF(Cy!G17="","",Cy!G17) -> 25.61 | D16: =IF(Cy!D17="","",Cy!D17) -> 3.4931774 | E16: 0 | F16: 100 | G16: 5.176 | I16: Coeficientes | J16: Base | K16: Expo
B17: =B16+1 -> 15 | C17: =IF(Cy!G18="","",Cy!G18) -> 0.03 | D17: =IF(Cy!D18="","",Cy!D18) | E17: 0 | F17: 100 | G17: 4.772 | J17: 221.436 | K17: -2.482
B18: =B17+1 -> 16 | C18: =IF(Cy!G19="","",Cy!G19) | D18: =IF(Cy!D19="","",Cy!D19) | I18: =Open!M28 -> K % DD | J18: =Risk!$F$28 -> 0 | K18: =IF(J18=0,100,100*J17*J18^K17) -> 100
B19: =B18+1 -> 17 | C19: =IF(Cy!G20="","",Cy!G20) | D19: =IF(Cy!D20="","",Cy!D20) | I19: Call (%) | J19: 30.01 | K19: =100*J17*J19^K17 -> 4.7717098
B20: =B19+1 -> 18 | C20: =IF(Cy!G21="","",Cy!G21) | D20: =IF(Cy!D21="","",Cy!D21)
B21: =B20+1 -> 19 | C21: =IF(Cy!G22="","",Cy!G22) | D21: =IF(Cy!D22="","",Cy!D22)
B22: =B21+1 -> 20 | C22: =IF(Cy!G23="","",Cy!G23) | D22: =IF(Cy!D23="","",Cy!D23)
B23: =B22+1 -> 21 | C23: =IF(Cy!G24="","",Cy!G24) | D23: =IF(Cy!D24="","",Cy!D24)
B24: =B23+1 -> 22 | C24: =IF(Cy!G25="","",Cy!G25) | D24: =IF(Cy!D25="","",Cy!D25)
B25: =B24+1 -> 23 | C25: =IF(Cy!G26="","",Cy!G26) | D25: =IF(Cy!D26="","",Cy!D26)
B26: =B25+1 -> 24 | C26: =IF(Cy!G27="","",Cy!G27) | D26: =IF(Cy!D27="","",Cy!D27)
B27: =B26+1 -> 25 | C27: =IF(Cy!G28="","",Cy!G28) | D27: =IF(Cy!D28="","",Cy!D28)
B28: =B27+1 -> 26 | C28: =IF(Cy!G29="","",Cy!G29) | D28: =IF(Cy!D29="","",Cy!D29)
B29: =B28+1 -> 27 | C29: =IF(Cy!G30="","",Cy!G30) | D29: =IF(Cy!D30="","",Cy!D30)
B30: =B29+1 -> 28 | C30: =IF(Cy!G31="","",Cy!G31) | D30: =IF(Cy!D31="","",Cy!D31)
B31: =B30+1 -> 29 | C31: =IF(Cy!G32="","",Cy!G32) | D31: =IF(Cy!D32="","",Cy!D32)
B32: =B31+1 -> 30 | C32: =IF(Cy!G33="","",Cy!G33) | D32: =IF(Cy!D33="","",Cy!D33)

Sheet Risk
B2: Quadro Resumo | N2: Por operação
B3: Saldo Inicial | C3: =CLog!$X$4 -> 31019.2 | N3: %CAR | O3: Ganho | P3: Perda | Q3: %Payoff
B4: $Ac | C4: =CLog!X5 -> 2093.38 | N4: 1 | O4: =IF(L$26="","",1+L$26*N4/100) -> 1.0001558 | P4: =IF(O4="","",1-N4/100) -> 0.99 | Q4: =IF(O4="","",100*(O4^(L$27/100)*P4^((100-L$27)/100)-1)) -> -0.033116016
B5: Saldo Atual | C5: =CLog!X6 -> 33112.58 | N5: =N4+1 -> 2 | O5: =IF(L$26="","",1+L$26*N5/100) -> 1.0003116 | P5: =IF(O5="","",1-N5/100) -> 0.98 | Q5: =IF(O5="","",100*(O5^(L$27/100)*P5^((100-L$27)/100)-1)) -> -0.066709936
B6: =CLog!W13 -> Ganhos | C6: =CLog!X13 -> 14 | N6: =N5+1 -> 3 | O6: =IF(L$26="","",1+L$26*N6/100) -> 1.0004674 | P6: =IF(O6="","",1-N6/100) -> 0.97 | Q6: =IF(O6="","",100*(O6^(L$27/100)*P6^((100-L$27)/100)-1)) -> -0.10079125
B7: =CLog!W14 -> Perdas | C7: =CLog!X14 -> 0 | N7: =N6+1 -> 4 | O7: =IF(L$26="","",1+L$26*N7/100) -> 1.0006232 | P7: =IF(O7="","",1-N7/100) -> 0.96 | Q7: =IF(O7="","",100*(O7^(L$27/100)*P7^((100-L$27)/100)-1)) -> -0.13536973
B8: =CLog!W15 -> Operações | C8: =CLog!X15 -> 14 | N8: =N7+1 -> 5 | O8: =IF(L$26="","",1+L$26*N8/100) -> 1.000779 | P8: =IF(O8="","",1-N8/100) -> 0.95 | Q8: =IF(O8="","",100*(O8^(L$27/100)*P8^((100-L$27)/100)-1)) -> -0.17045545
B9: =CLog!W16 -> WinP | C9: =CLog!X16 -> 1 | N9: =N8+1 -> 6 | O9: =IF(L$26="","",1+L$26*N9/100) -> 1.0009348 | P9: =IF(O9="","",1-N9/100) -> 0.94 | Q9: =IF(O9="","",100*(O9^(L$27/100)*P9^((100-L$27)/100)-1)) -> -0.20605881
B10: =CLog!W17 -> CAR | C10: =CLog!X17 | N10: =N9+1 -> 7 | O10: =IF(L$26="","",1+L$26*N10/100) -> 1.0010906 | P10: =IF(O10="","",1-N10/100) -> 0.93 | Q10: =IF(O10="","",100*(O10^(L$27/100)*P10^((100-L$27)/100)-1)) -> -0.24219054
C11: =CLog!X18 | N11: =N10+1 -> 8 | O11: =IF(L$26="","",1+L$26*N11/100) -> 1.0012464 | P11: =IF(O11="","",1-N11/100) -> 0.92 | Q11: =IF(O11="","",100*(O11^(L$27/100)*P11^((100-L$27)/100)-1)) -> -0.27886168
B12: =CLog!W19 -> FL | C12: =CLog!X19 | N12: =N11+1 -> 9 | O12: =IF(L$26="","",1+L$26*N12/100) -> 1.0014022 | P12: =IF(O12="","",1-N12/100) -> 0.91 | Q12: =IF(O12="","",100*(O12^(L$27/100)*P12^((100-L$27)/100)-1)) -> -0.31608366
B13: Kelly % | C13: =IF(C9="","",IF(C12="","",IF(C9-(1-C9)/C12<0,0,100*(C9-(1-C9)/C12)))) | N13: =N12+1 -> 10 | O13: =IF(L$26="","",1+L$26*N13/100) -> 1.001558 | P13: =IF(O13="","",1-N13/100) -> 0.9 | Q13: =IF(O13="","",100*(O13^(L$27/100)*P13^((100-L$27)/100)-1)) -> -0.35386826
N14: =N13+1 -> 11 | O14: =IF(L$26="","",1+L$26*N14/100) -> 1.0017138 | P14: =IF(O14="","",1-N14/100) -> 0.89 | Q14: =IF(O14="","",100*(O14^(L$27/100)*P14^((100-L$27)/100)-1)) -> -0.39222767
B15: Simulações (Sim) | N15: =N14+1 -> 12 | O15: =IF(L$26="","",1+L$26*N15/100) -> 1.0018696 | P15: =IF(O15="","",1-N15/100) -> 0.88 | Q15: =IF(O15="","",100*(O15^(L$27/100)*P15^((100-L$27)/100)-1)) -> -0.43117445
B16: Ganho ($ ou %) | C16: 0.4676 | N16: =N15+1 -> 13 | O16: =IF(L$26="","",1+L$26*N16/100) -> 1.0020255 | P16: =IF(O16="","",1-N16/100) -> 0.87 | Q16: =IF(O16="","",100*(O16^(L$27/100)*P16^((100-L$27)/100)-1)) -> -0.47072163
B17: Perda ($ ou %) | C17: 30 | N17: =N16+1 -> 14 | O17: =IF(L$26="","",1+L$26*N17/100) -> 1.0021813 | P17: =IF(O17="","",1-N17/100) -> 0.86 | Q17: =IF(O17="","",100*(O17^(L$27/100)*P17^((100-L$27)/100)-1)) -> -0.51088263
B18: Win % | C18: 98.5 | N18: =N17+1 -> 15 | O18: =IF(L$26="","",1+L$26*N18/100) -> 1.0023371 | P18: =IF(O18="","",1-N18/100) -> 0.85 | Q18: =IF(O18="","",100*(O18^(L$27/100)*P18^((100-L$27)/100)-1)) -> -0.55167138
B19: FL | C19: =IF(C16="","",IF(C17="","",IF(C18="","",C16/C17))) -> 0.015586667 | E19: =IF(L25="CyHS","Perfil de risco de Cycle HS",IF(L25="KHS","Perfil de risco de Kelly Hard Stop",IF(L25="Sim","Perfil de risco de operações hipotéticas","Gráfico de perfil de risco"))) -> Perfil de risco de Cycle HS | F19: =IF(E26="x",IF(F27="",#REF!,""),IF(F27="x",IF(E26="",#REF!,""),"")) | G19: =IF(#REF!="x",IF(G27="",#REF!,""),IF(G27="x",IF(#REF!="",#REF!,""),"")) -> #REF! | H19: =IF(F26="x",IF(H22="",#REF!,""),IF(H22="x",IF(F26="",#REF!,""),"")) | I19: =IF(#REF!="x",IF(I22="",#REF!,""),IF(I22="x",IF(#REF!="",#REF!,""),"")) -> #REF! | K19: =IF(#REF!="x",IF(K22="",#REF!,""),IF(K22="x",IF(#REF!="",#REF!,""),"")) -> #REF! | L19: =IF(#REF!="x",IF(L22="",#REF!,""),IF(L22="x",IF(#REF!="",#REF!,""),"")) -> #REF! | N19: =N18+1 -> 16 | O19: =IF(L$26="","",1+L$26*N19/100) -> 1.0024929 | P19: =IF(O19="","",1-N19/100) -> 0.84 | Q19: =IF(O19="","",100*(O19^(L$27/100)*P19^((100-L$27)/100)-1)) -> -0.59310227
B20: Kelly % | C20: =IF(C18="","",IF(C19="","",IF(100*((C18/100)-(1-C18/100)/C19)<0,0,100*((C18/100)-(1-C18/100)/C19)))) -> 2.2639008 | N20: =N19+1 -> 17 | O20: =IF(L$26="","",1+L$26*N20/100) -> 1.0026487 | P20: =IF(O20="","",1-N20/100) -> 0.83 | Q20: =IF(O20="","",100*(O20^(L$27/100)*P20^((100-L$27)/100)-1)) -> -0.63519021
N21: =N20+1 -> 18 | O21: =IF(L$26="","",1+L$26*N21/100) -> 1.0028045 | P21: =IF(O21="","",1-N21/100) -> 0.82 | Q21: =IF(O21="","",100*(O21^(L$27/100)*P21^((100-L$27)/100)-1)) -> -0.67795062
B22: Kelly Hard Stop (KHS) | E22: Cycle HS Risk (CyHS) | N22: =N21+1 -> 19 | O22: =IF(L$26="","",1+L$26*N22/100) -> 1.0029603 | P22: =IF(O22="","",1-N22/100) -> 0.81 | Q22: =IF(O22="","",100*(O22^(L$27/100)*P22^((100-L$27)/100)-1)) -> -0.7213995
B23: Cycle Avg.% | C23: =$F$23 -> 0.46756758 | E23: Cycle Avg % | F23: =Cy!$I$3 -> 0.46756758 | H23: Ideais por ciclo | N23: =N22+1 -> 20 | O23: =IF(L$26="","",1+L$26*N23/100) -> 1.0031161 | P23: =IF(O23="","",1-N23/100) -> 0.8 | Q23: =IF(O23="","",100*(O23^(L$27/100)*P23^((100-L$27)/100)-1)) -> -0.76555342
B24: KHS Loss % | C24: =$F$28 -> 0 | E24: H Stop Loss % | F24: =DDCy!$J$19 -> 30.01 | H24: Capital em risco | I24: =IF(L26="","",IF(L27="","",IF(L27/100-(1-L27/100)/L26<0,0,L27/100-(1-L27/100)/L26))) -> 0 | K24: Gráfico | N24: =N23+1 -> 21 | O24: =IF(L$26="","",1+L$26*N24/100) -> 1.0032719 | P24: =IF(O24="","",1-N24/100) -> 0.79 | Q24: =IF(O24="","",100*(O24^(L$27/100)*P24^((100-L$27)/100)-1)) -> -0.81042959
B25: KHS Prob % | C25: 100 | E25: H Stop Prob % | F25: =DDCy!$K$19 -> 4.7717098 | I25: =IF(I24="","",IF(C5="",IF(C3="","",C3*I24),C5*I24)) -> 0 | K25: Opção | L25: CyHS | N25: =N24+1 -> 22 | O25: =IF(L$26="","",1+L$26*N25/100) -> 1.0034277 | P25: =IF(O25="","",1-N25/100) -> 0.78 | Q25: =IF(O25="","",100*(O25^(L$27/100)*P25^((100-L$27)/100)-1)) -> -0.85604583
B26: Win % | C26: =IF(C25="","",100-C25) -> 0 | E26: Win % | F26: =IF(F25="","",100-F25) -> 95.22829 | H26: Payoff | I26: =IF(L26="","",IF(MAX(Q4:Q103)<0,0,MAX(Q4:Q103)/100)) -> 0 | K26: FL | L26: =IF(L25="Week",C12,IF(L25="MT4",#REF!,IF(L25="FF",#REF!,IF(L25="WMC",#REF!,IF(L25="CyHS",F27,IF(L25="KHS",C27,IF(L25="Sim",C19,""))))))) -> 0.015580393 | N26: =N25+1 -> 23 | O26: =IF(L$26="","",1+L$26*N26/100) -> 1.0035835 | P26: =IF(O26="","",1-N26/100) -> 0.77 | Q26: =IF(O26="","",100*(O26^(L$27/100)*P26^((100-L$27)/100)-1)) -> -0.90242066
B27: FL | C27: =IF(C23="","",IF(C24="","",IF(C24=0,"",IF(C26="","",C23/C24)))) | E27: FL | F27: =IF(F23="","",IF(F24="","",IF(F26="","",F23/F24))) -> 0.015580393 | I27: =IF(I26="","",IF(C5="",IF(C3="","",C3*I26),C5*I26)) -> 0 | K27: WinP | L27: =IF(L25="Week",100*C9,IF(L25="MT4",#REF!,IF(L25="FF",#REF!,IF(L25="WMC",#REF!,IF(L25="CyHS",F26,IF(L25="KHS",C26,IF(L25="Sim",C18,""))))))) -> 95.22829 | N27: =N26+1 -> 24 | O27: =IF(L$26="","",1+L$26*N27/100) -> 1.0037393 | P27: =IF(O27="","",1-N27/100) -> 0.76 | Q27: =IF(O27="","",100*(O27^(L$27/100)*P27^((100-L$27)/100)-1)) -> -0.94957331
B28: Kelly % | C28: =IF(C26="","",IF(C27="","",IF(100*((C26/100)-(1-C26/100)/C27)<0,0,100*((C26/100)-(1-C26/100)/C27)))) | E28: Kelly % | F28: =IF(F26="","",IF(F27="","",IF(100*((F26/100)-(1-F26/100)/F27)<0,0,100*((F26/100)-(1-F26/100)/F27)))) -> 0 | N28: =N27+1 -> 25 | O28: =IF(L$26="","",1+L$26*N28/100) -> 1.0038951 | P28: =IF(O28="","",1-N28/100) -> 0.75 | Q28: =IF(O28="","",100*(O28^(L$27/100)*P28^((100-L$27)/100)-1)) -> -0.99752376
N29: =N28+1 -> 26 | O29: =IF(L$26="","",1+L$26*N29/100) -> 1.0040509 | P29: =IF(O29="","",1-N29/100) -> 0.74 | Q29: =IF(O29="","",100*(O29^(L$27/100)*P29^((100-L$27)/100)-1)) -> -1.0462928
N30: =N29+1 -> 27 | O30: =IF(L$26="","",1+L$26*N30/100) -> 1.0042067 | P30: =IF(O30="","",1-N30/100) -> 0.73 | Q30: =IF(O30="","",100*(O30^(L$27/100)*P30^((100-L$27)/100)-1)) -> -1.0959019
N31: =N30+1 -> 28 | O31: =IF(L$26="","",1+L$26*N31/100) -> 1.0043625 | P31: =IF(O31="","",1-N31/100) -> 0.72 | Q31: =IF(O31="","",100*(O31^(L$27/100)*P31^((100-L$27)/100)-1)) -> -1.1463738
N32: =N31+1 -> 29 | O32: =IF(L$26="","",1+L$26*N32/100) -> 1.0045183 | P32: =IF(O32="","",1-N32/100) -> 0.71 | Q32: =IF(O32="","",100*(O32^(L$27/100)*P32^((100-L$27)/100)-1)) -> -1.1977316
N33: =N32+1 -> 30 | O33: =IF(L$26="","",1+L$26*N33/100) -> 1.0046741 | P33: =IF(O33="","",1-N33/100) -> 0.7 | Q33: =IF(O33="","",100*(O33^(L$27/100)*P33^((100-L$27)/100)-1)) -> -1.2499999
N34: =N33+1 -> 31 | O34: =IF(L$26="","",1+L$26*N34/100) -> 1.0048299 | P34: =IF(O34="","",1-N34/100) -> 0.69 | Q34: =IF(O34="","",100*(O34^(L$27/100)*P34^((100-L$27)/100)-1)) -> -1.303204
N35: =N34+1 -> 32 | O35: =IF(L$26="","",1+L$26*N35/100) -> 1.0049857 | P35: =IF(O35="","",1-N35/100) -> 0.68 | Q35: =IF(O35="","",100*(O35^(L$27/100)*P35^((100-L$27)/100)-1)) -> -1.3573705
N36: =N35+1 -> 33 | O36: =IF(L$26="","",1+L$26*N36/100) -> 1.0051415 | P36: =IF(O36="","",1-N36/100) -> 0.67 | Q36: =IF(O36="","",100*(O36^(L$27/100)*P36^((100-L$27)/100)-1)) -> -1.412527
N37: =N36+1 -> 34 | O37: =IF(L$26="","",1+L$26*N37/100) -> 1.0052973 | P37: =IF(O37="","",1-N37/100) -> 0.66 | Q37: =IF(O37="","",100*(O37^(L$27/100)*P37^((100-L$27)/100)-1)) -> -1.4687023
N38: =N37+1 -> 35 | O38: =IF(L$26="","",1+L$26*N38/100) -> 1.0054531 | P38: =IF(O38="","",1-N38/100) -> 0.65 | Q38: =IF(O38="","",100*(O38^(L$27/100)*P38^((100-L$27)/100)-1)) -> -1.5259268
N39: =N38+1 -> 36 | O39: =IF(L$26="","",1+L$26*N39/100) -> 1.0056089 | P39: =IF(O39="","",1-N39/100) -> 0.64 | Q39: =IF(O39="","",100*(O39^(L$27/100)*P39^((100-L$27)/100)-1)) -> -1.584232
N40: =N39+1 -> 37 | O40: =IF(L$26="","",1+L$26*N40/100) -> 1.0057647 | P40: =IF(O40="","",1-N40/100) -> 0.63 | Q40: =IF(O40="","",100*(O40^(L$27/100)*P40^((100-L$27)/100)-1)) -> -1.6436508
... N103: =N102+1 -> 100 | O103: =IF(L$26="","",1+L$26*N103/100) -> 1.0155804 | P103: =IF(O103="","",1-N103/100) -> 0 | Q103: =IF(O103="","",100*(O103^(L$27/100)*P103^((100-L$27)/100)-1)) -> -100

Sheet CRes
A1: Data | B1: Depósito | C1: Principal | D1: Balanço | E1: $ Bal | F1: $ Bal Ac | G1: % Bal | H1: % Bal Ac | I1: Pos.Liq. | J1: $ Liq | K1: $ Liq Ac | L1: % Liq | M1: % Liq Ac | N1: $ Aberto | O1: Obs.
A2: 42720 | C2: 31019.2 | D2: =IF(Cy!C3="","",Cy!C3) -> 31019.2 | I2: =D2 -> 31019.2
B3: 0 | C3: =IF(B3="","",C2+B3) -> 31019.2 | D3: =IF(Cy!C4="","",Cy!C4) -> 31090.03 | E3: =IF(B3="","",IF(D3="","",D3-D2-B3)) -> 70.83 | F3: =IF(E3="","",F2+E3) -> 70.83 | G3: =IF(E3="","",100*E3/(D2+0.5*B3)) -> 0.22834245 | H3: =IF(F3="","",100*F3/C3) -> 0.22834245 | I3: =D3 -> 31090.03 | J3: =IF(B3="","",IF(I3="","",I3-I2-B3)) -> 70.83 | K3: =IF(J3="","",K2+J3) -> 70.83 | L3: =IF(J3="","",100*J3/(I2+0.5*B3)) -> 0.22834245 | M3: =IF(K3="","",100*K3/C3) -> 0.22834245 | N3: =IF(D3="","",IF(I3="","",I3-D3)) -> 0
B4: 0 | C4: =IF(B4="","",C3+B4) -> 31019.2 | D4: =IF(Cy!C5="","",Cy!C5) -> 31152.03 | E4: =IF(B4="","",IF(D4="","",D4-D3-B4)) -> 62 | F4: =IF(E4="","",F3+E4) -> 132.83 | G4: =IF(E4="","",100*E4/(D3+0.5*B4)) -> 0.19942084 | H4: =IF(F4="","",100*F4/C4) -> 0.42821865 | I4: =D4 -> 31152.03 | J4: =IF(B4="","",IF(I4="","",I4-I3-B4)) -> 62 | K4: =IF(J4="","",K3+J4) -> 132.83 | L4: =IF(J4="","",100*J4/(I3+0.5*B4)) -> 0.19942084 | M4: =IF(K4="","",100*K4/C4) -> 0.42821865 | N4: =IF(D4="","",IF(I4="","",I4-D4)) -> 0
A5: 42723 | B5: 0 | C5: =IF(B5="","",C4+B5) -> 31019.2 | D5: =IF(Cy!C6="","",Cy!C6) -> 31202.87 | E5: =IF(B5="","",IF(D5="","",D5-D4-B5)) -> 50.84 | F5: =IF(E5="","",F4+E5) -> 183.67 | G5: =IF(E5="","",100*E5/(D4+0.5*B5)) -> 0.16319964 | H5: =IF(F5="","",100*F5/C5) -> 0.59211714 | I5: =D5 -> 31202.87 | J5: =IF(B5="","",IF(I5="","",I5-I4-B5)) -> 50.84 | K5: =IF(J5="","",K4+J5) -> 183.67 | L5: =IF(J5="","",100*J5/(I4+0.5*B5)) -> 0.16319964 | M5: =IF(K5="","",100*K5/C5) -> 0.59211714 | N5: =IF(D5="","",IF(I5="","",I5-D5)) -> 0
A6: 42724 | B6: 0 | C6: =IF(B6="","",C5+B6) -> 31019.2 | D6: =IF(Cy!C7="","",Cy!C7) -> 31227.36 | E6: =IF(B6="","",IF(D6="","",D6-D5-B6)) -> 24.49 | F6: =IF(E6="","",F5+E6) -> 208.16 | G6: =IF(E6="","",100*E6/(D5+0.5*B6)) -> 0.07848637 | H6: =IF(F6="","",100*F6/C6) -> 0.67106824 | I6: =D6 -> 31227.36 | J6: =IF(B6="","",IF(I6="","",I6-I5-B6)) -> 24.49 | K6: =IF(J6="","",K5+J6) -> 208.16 | L6: =IF(J6="","",100*J6/(I5+0.5*B6)) -> 0.07848637 | M6: =IF(K6="","",100*K6/C6) -> 0.67106824 | N6: =IF(D6="","",IF(I6="","",I6-D6)) -> 0
A7: 42726 | B7: 0 | C7: =IF(B7="","",C6+B7) -> 31019.2 | D7: =IF(Cy!C8="","",Cy!C8) -> 31533.96 | E7: =IF(B7="","",IF(D7="","",D7-D6-B7)) -> 306.6 | F7: =IF(E7="","",F6+E7) -> 514.76 | G7: =IF(E7="","",100*E7/(D6+0.5*B7)) -> 0.98183132 | H7: =IF(F7="","",100*F7/C7) -> 1.6594883 | I7: =D7 -> 31533.96 | J7: =IF(B7="","",IF(I7="","",I7-I6-B7)) -> 306.6 | K7: =IF(J7="","",K6+J7) -> 514.76 | L7: =IF(J7="","",100*J7/(I6+0.5*B7)) -> 0.98183132 | M7: =IF(K7="","",100*K7/C7) -> 1.6594883 | N7: =IF(D7="","",IF(I7="","",I7-D7)) -> 0 | O7: Operei nas duas pontas
A8: 42727 | B8: 0 | C8: =IF(B8="","",C7+B8) -> 31019.2 | D8: =IF(Cy!C9="","",Cy!C9) -> 31637.31 | E8: =IF(B8="","",IF(D8="","",D8-D7-B8)) -> 103.35 | F8: =IF(E8="","",F7+E8) -> 618.11 | G8: =IF(E8="","",100*E8/(D7+0.5*B8)) -> 0.3277419 | H8: =IF(F8="","",100*F8/C8) -> 1.9926691 | I8: =D8 -> 31637.31 | J8: =IF(B8="","",IF(I8="","",I8-I7-B8)) -> 103.35 | K8: =IF(J8="","",K7+J8) -> 618.11 | L8: =IF(J8="","",100*J8/(I7+0.5*B8)) -> 0.3277419 | M8: =IF(K8="","",100*K8/C8) -> 1.9926691 | N8: =IF(D8="","",IF(I8="","",I8-D8)) -> 0 | O8: Encavalei ordens em mercado parado
A9: 42731 | B9: 0 | C9: =IF(B9="","",C8+B9) -> 31019.2 | D9: =IF(Cy!C10="","",Cy!C10) -> 31682.86 | E9: =IF(B9="","",IF(D9="","",D9-D8-B9)) -> 45.55 | F9: =IF(E9="","",F8+E9) -> 663.66 | G9: =IF(E9="","",100*E9/(D8+0.5*B9)) -> 0.14397558 | H9: =IF(F9="","",100*F9/C9) -> 2.1395136 | I9: =D9 -> 31682.86 | J9: =IF(B9="","",IF(I9="","",I9-I8-B9)) -> 45.55 | K9: =IF(J9="","",K8+J9) -> 663.66 | L9: =IF(J9="","",100*J9/(I8+0.5*B9)) -> 0.14397558 | M9: =IF(K9="","",100*K9/C9) -> 2.1395136 | N9: =IF(D9="","",IF(I9="","",I9-D9)) -> 0 | O9: Mercado meio parado, entrei contra a tendência do dia, precipitado, antes mesmo de ver qual era o spread no momento
A10: 42732 | B10: 0 | C10: =IF(B10="","",C9+B10) -> 31019.2 | D10: =IF(Cy!C11="","",Cy!C11) -> 31730.22 | E10: =IF(B10="","",IF(D10="","",D10-D9-B10)) -> 47.36 | F10: =IF(E10="","",F9+E10) -> 711.02 | G10: =IF(E10="","",100*E10/(D9+0.5*B10)) -> 0.14948145 | H10: =IF(F10="","",100*F10/C10) -> 2.2921932 | I10: =D10 -> 31730.22 | J10: =IF(B10="","",IF(I10="","",I10-I9-B10)) -> 47.36 | K10: =IF(J10="","",K9+J10) -> 711.02 | L10: =IF(J10="","",100*J10/(I9+0.5*B10)) -> 0.14948145 | M10: =IF(K10="","",100*K10/C10) -> 2.2921932 | N10: =IF(D10="","",IF(I10="","",I10-D10)) -> 0 | O10: Entrei meio tarde no movimento
A11: 42733 | B11: 0 | C11: =IF(B11="","",C10+B11) -> 31019.2 | D11: =IF(Cy!C12="","",Cy!C12) -> 31830.78 | E11: =IF(B11="","",IF(D11="","",D11-D10-B11)) -> 100.56 | F11: =IF(E11="","",F10+E11) -> 811.58 | G11: =IF(E11="","",100*E11/(D10+0.5*B11)) -> 0.31692185 | H11: =IF(F11="","",100*F11/C11) -> 2.6163795 | I11: =D11 -> 31830.78 | J11: =IF(B11="","",IF(I11="","",I11-I10-B11)) -> 100.56 | K11: =IF(J11="","",K10+J11) -> 811.58 | L11: =IF(J11="","",100*J11/(I10+0.5*B11)) -> 0.31692185 | M11: =IF(K11="","",100*K11/C11) -> 2.6163795 | N11: =IF(D11="","",IF(I11="","",I11-D11)) -> 0 | O11: De novo entrei tarde mas isso não importa para operações curtas
A12: 42734 | B12: 0 | C12: =IF(B12="","",C11+B12) -> 31019.2 | D12: =IF(Cy!C13="","",Cy!C13) -> 31883.9 | E12: =IF(B12="","",IF(D12="","",D12-D11-B12)) -> 53.12 | F12: =IF(E12="","",F11+E12) -> 864.7 | G12: =IF(E12="","",100*E12/(D11+0.5*B12)) -> 0.1668825 | H12: =IF(F12="","",100*F12/C12) -> 2.7876283 | I12: =D12 -> 31883.9 | J12: =IF(B12="","",IF(I12="","",I12-I11-B12)) -> 53.12 | K12: =IF(J12="","",K11+J12) -> 864.7 | L12: =IF(J12="","",100*J12/(I11+0.5*B12)) -> 0.1668825 | M12: =IF(K12="","",100*K12/C12) -> 2.7876283 | N12: =IF(D12="","",IF(I12="","",I12-D12)) -> 0
B13: 0 | C13: =IF(B13="","",C12+B13) -> 31019.2 | D13: =IF(Cy!C14="","",Cy!C14) -> 31927.74 | E13: =IF(B13="","",IF(D13="","",D13-D12-B13)) -> 43.84 | F13: =IF(E13="","",F12+E13) -> 908.54 | G13: =IF(E13="","",100*E13/(D12+0.5*B13)) -> 0.13749886 | H13: =IF(F13="","",100*F13/C13) -> 2.9289601 | I13: =D13 -> 31927.74 | J13: =IF(B13="","",IF(I13="","",I13-I12-B13)) -> 43.84 | K13: =IF(J13="","",K12+J13) -> 908.54 | L13: =IF(J13="","",100*J13/(I12+0.5*B13)) -> 0.13749886 | M13: =IF(K13="","",100*K13/C13) -> 2.9289601 | N13: =IF(D13="","",IF(I13="","",I13-D13)) -> 0
B14: 0 | C14: =IF(B14="","",C13+B14) -> 31019.2 | D14: =IF(Cy!C15="","",Cy!C15) -> 31974.46 | E14: =IF(B14="","",IF(D14="","",D14-D13-B14)) -> 46.72 | F14: =IF(E14="","",F13+E14) -> 955.26 | G14: =IF(E14="","",100*E14/(D13+0.5*B14)) -> 0.14633043 | H14: =IF(F14="","",100*F14/C14) -> 3.0795765 | I14: =D14 -> 31974.46 | J14: =IF(B14="","",IF(I14="","",I14-I13-B14)) -> 46.72 | K14: =IF(J14="","",K13+J14) -> 955.26 | L14: =IF(J14="","",100*J14/(I13+0.5*B14)) -> 0.14633043 | M14: =IF(K14="","",100*K14/C14) -> 3.0795765 | N14: =IF(D14="","",IF(I14="","",I14-D14)) -> 0 | O14: Operação (talvez) prejudicada por interrupção
B15: 0 | C15: =IF(B15="","",C14+B15) -> 31019.2 | D15: =IF(Cy!C16="","",Cy!C16) -> 31994.94 | E15: =IF(B15="","",IF(D15="","",D15-D14-B15)) -> 20.48 | F15: =IF(E15="","",F14+E15) -> 975.74 | G15: =IF(E15="","",100*E15/(D14+0.5*B15)) -> 0.064051121 | H15: =IF(F15="","",100*F15/C15) -> 3.1456001 | I15: =D15 -> 31994.94 | J15: =IF(B15="","",IF(I15="","",I15-I14-B15)) -> 20.48 | K15: =IF(J15="","",K14+J15) -> 975.74 | L15: =IF(J15="","",100*J15/(I14+0.5*B15)) -> 0.064051121 | M15: =IF(K15="","",100*K15/C15) -> 3.1456001 | N15: =IF(D15="","",IF(I15="","",I15-D15)) -> 0
B16: 0 | C16: =IF(B16="","",C15+B16) -> 31019.2 | D16: =IF(Cy!C17="","",Cy!C17) -> 33112.58 | E16: =IF(B16="","",IF(D16="","",D16-D15-B16)) -> 1117.64 | F16: =IF(E16="","",F15+E16) -> 2093.38 | G16: =IF(E16="","",100*E16/(D15+0.5*B16)) -> 3.4931774 | H16: =IF(F16="","",100*F16/C16) -> 6.7486589 | I16: =D16 -> 33112.58 | J16: =IF(B16="","",IF(I16="","",I16-I15-B16)) -> 1117.64 | K16: =IF(J16="","",K15+J16) -> 2093.38 | L16: =IF(J16="","",100*J16/(I15+0.5*B16)) -> 3.4931774 | M16: =IF(K16="","",100*K16/C16) -> 6.7486589 | N16: =IF(D16="","",IF(I16="","",I16-D16)) -> 0 | O16: Depois de quatro compras bem sucedidas no dia, estupidamente comprei um topo. Erro típico meu.
C17: =IF(B17="","",C16+B17) | D17: =IF(Cy!C18="","",Cy!C18) | E17: =IF(B17="","",IF(D17="","",D17-D16-B17)) | F17: =IF(E17="","",F16+E17) | G17: =IF(E17="","",100*E17/(D16+0.5*B17)) | H17: =IF(F17="","",100*F17/C17) | I17: =D17 | J17: =IF(B17="","",IF(I17="","",I17-I16-B17)) | K17: =IF(J17="","",K16+J17) | L17: =IF(J17="","",100*J17/(I16+0.5*B17)) | M17: =IF(K17="","",100*K17/C17) | N17: =IF(D17="","",IF(I17="","",I17-D17))
C18: =IF(B18="","",C17+B18) | D18: =IF(Cy!C19="","",Cy!C19) | E18: =IF(B18="","",IF(D18="","",D18-D17-B18)) | F18: =IF(E18="","",F17+E18) | G18: =IF(E18="","",100*E18/(D17+0.5*B18)) | H18: =IF(F18="","",100*F18/C18) | I18: =D18 | J18: =IF(B18="","",IF(I18="","",I18-I17-B18)) | K18: =IF(J18="","",K17+J18) | L18: =IF(J18="","",100*J18/(I17+0.5*B18)) | M18: =IF(K18="","",100*K18/C18) | N18: =IF(D18="","",IF(I18="","",I18-D18))
C19: =IF(B19="","",C18+B19) | D19: =IF(Cy!C20="","",Cy!C20) | E19: =IF(B19="","",IF(D19="","",D19-D18-B19)) | F19: =IF(E19="","",F18+E19) | G19: =IF(E19="","",100*E19/(D18+0.5*B19)) | H19: =IF(F19="","",100*F19/C19) | I19: =D19 | J19: =IF(B19="","",IF(I19="","",I19-I18-B19)) | K19: =IF(J19="","",K18+J19) | L19: =IF(J19="","",100*J19/(I18+0.5*B19)) | M19: =IF(K19="","",100*K19/C19) | N19: =IF(D19="","",IF(I19="","",I19-D19))
C20: =IF(B20="","",C19+B20) | D20: =IF(Cy!C21="","",Cy!C21) | E20: =IF(B20="","",IF(D20="","",D20-D19-B20)) | F20: =IF(E20="","",F19+E20) | G20: =IF(E20="","",100*E20/(D19+0.5*B20)) | H20: =IF(F20="","",100*F20/C20) | I20: =D20 | J20: =IF(B20="","",IF(I20="","",I20-I19-B20)) | K20: =IF(J20="","",K19+J20) | L20: =IF(J20="","",100*J20/(I19+0.5*B20)) | M20: =IF(K20="","",100*K20/C20) | N20: =IF(D20="","",IF(I20="","",I20-D20))
C21: =IF(B21="","",C20+B21) | D21: =IF(Cy!C22="","",Cy!C22) | E21: =IF(B21="","",IF(D21="","",D21-D20-B21)) | F21: =IF(E21="","",F20+E21) | G21: =IF(E21="","",100*E21/(D20+0.5*B21)) | H21: =IF(F21="","",100*F21/C21) | I21: =D21 | J21: =IF(B21="","",IF(I21="","",I21-I20-B21)) | K21: =IF(J21="","",K20+J21) | L21: =IF(J21="","",100*J21/(I20+0.5*B21)) | M21: =IF(K21="","",100*K21/C21) | N21: =IF(D21="","",IF(I21="","",I21-D21))
C22: =IF(B22="","",C21+B22) | D22: =IF(Cy!C23="","",Cy!C23) | E22: =IF(B22="","",IF(D22="","",D22-D21-B22)) | F22: =IF(E22="","",F21+E22) | G22: =IF(E22="","",100*E22/(D21+0.5*B22)) | H22: =IF(F22="","",100*F22/C22) | I22: =D22 | J22: =IF(B22="","",IF(I22="","",I22-I21-B22)) | K22: =IF(J22="","",K21+J22) | L22: =IF(J22="","",100*J22/(I21+0.5*B22)) | M22: =IF(K22="","",100*K22/C22) | N22: =IF(D22="","",IF(I22="","",I22-D22))
C23: =IF(B23="","",C22+B23) | D23: =IF(Cy!C24="","",Cy!C24) | E23: =IF(B23="","",IF(D23="","",D23-D22-B23)) | F23: =IF(E23="","",F22+E23) | G23: =IF(E23="","",100*E23/(D22+0.5*B23)) | H23: =IF(F23="","",100*F23/C23) | I23: =D23 | J23: =IF(B23="","",IF(I23="","",I23-I22-B23)) | K23: =IF(J23="","",K22+J23) | L23: =IF(J23="","",100*J23/(I22+0.5*B23)) | M23: =IF(K23="","",100*K23/C23) | N23: =IF(D23="","",IF(I23="","",I23-D23))
C24: =IF(B24="","",C23+B24) | D24: =IF(Cy!C25="","",Cy!C25) | E24: =IF(B24="","",IF(D24="","",D24-D23-B24)) | F24: =IF(E24="","",F23+E24) | G24: =IF(E24="","",100*E24/(D23+0.5*B24)) | H24: =IF(F24="","",100*F24/C24) | I24: =D24 | J24: =IF(B24="","",IF(I24="","",I24-I23-B24)) | K24: =IF(J24="","",K23+J24) | L24: =IF(J24="","",100*J24/(I23+0.5*B24)) | M24: =IF(K24="","",100*K24/C24) | N24: =IF(D24="","",IF(I24="","",I24-D24))
C25: =IF(B25="","",C24+B25) | D25: =IF(Cy!C26="","",Cy!C26) | E25: =IF(B25="","",IF(D25="","",D25-D24-B25)) | F25: =IF(E25="","",F24+E25) | G25: =IF(E25="","",100*E25/(D24+0.5*B25)) | H25: =IF(F25="","",100*F25/C25) | I25: =D25 | J25: =IF(B25="","",IF(I25="","",I25-I24-B25)) | K25: =IF(J25="","",K24+J25) | L25: =IF(J25="","",100*J25/(I24+0.5*B25)) | M25: =IF(K25="","",100*K25/C25) | N25: =IF(D25="","",IF(I25="","",I25-D25))
C26: =IF(B26="","",C25+B26) | D26: =IF(Cy!C27="","",Cy!C27) | E26: =IF(B26="","",IF(D26="","",D26-D25-B26)) | F26: =IF(E26="","",F25+E26) | G26: =IF(E26="","",100*E26/(D25+0.5*B26)) | H26: =IF(F26="","",100*F26/C26) | I26: =D26 | J26: =IF(B26="","",IF(I26="","",I26-I25-B26)) | K26: =IF(J26="","",K25+J26) | L26: =IF(J26="","",100*J26/(I25+0.5*B26)) | M26: =IF(K26="","",100*K26/C26) | N26: =IF(D26="","",IF(I26="","",I26-D26))
C27: =IF(B27="","",C26+B27) | D27: =IF(Cy!C28="","",Cy!C28) | E27: =IF(B27="","",IF(D27="","",D27-D26-B27)) | F27: =IF(E27="","",F26+E27) | G27: =IF(E27="","",100*E27/(D26+0.5*B27)) | H27: =IF(F27="","",100*F27/C27) | I27: =D27 | J27: =IF(B27="","",IF(I27="","",I27-I26-B27)) | K27: =IF(J27="","",K26+J27) | L27: =IF(J27="","",100*J27/(I26+0.5*B27)) | M27: =IF(K27="","",100*K27/C27) | N27: =IF(D27="","",IF(I27="","",I27-D27))
C28: =IF(B28="","",C27+B28) | D28: =IF(Cy!C29="","",Cy!C29) | E28: =IF(B28="","",IF(D28="","",D28-D27-B28)) | F28: =IF(E28="","",F27+E28) | G28: =IF(E28="","",100*E28/(D27+0.5*B28)) | H28: =IF(F28="","",100*F28/C28) | I28: =D28 | J28: =IF(B28="","",IF(I28="","",I28-I27-B28)) | K28: =IF(J28="","",K27+J28) | L28: =IF(J28="","",100*J28/(I27+0.5*B28)) | M28: =IF(K28="","",100*K28/C28) | N28: =IF(D28="","",IF(I28="","",I28-D28))
... C102: =IF(B102="","",C101+B102) | D102: =IF(Cy!C103="","",Cy!C103) | E102: =IF(B102="","",IF(D102="","",D102-D101-B102)) | F102: =IF(E102="","",F101+E102) | G102: =IF(E102="","",100*E102/(D101+0.5*B102)) | H102: =IF(F102="","",100*F102/C102) | I102: =D102 | J102: =IF(B102="","",IF(I102="","",I102-I101-B102)) | K102: =IF(J102="","",K101+J102) | L102: =IF(J102="","",100*J102/(I101+0.5*B102)) | M102: =IF(K102="","",100*K102/C102) | N102: =IF(D102="","",IF(I102="","",I102-D102))

Sheet CCh
A1: Data | B1: % Liq | C1: # | D1: Fator | E1: # | F1: Fator | G1: # | H1: Fator | I1: Mhist | J1: # | K1: Mrec1 | L1: Mrec2 | M1: Obs.
A2: =IF(CRes!A2="","",CRes!A2) -> 42720 | C2: 0 | D2: 1
A3: =IF(CRes!A3="","",CRes!A3) | B3: =CRes!L3 -> 0.22834245 | C3: =IF(B3="","",C2+1) -> 1 | D3: =IF(B3="","",D2*(1+B3/100)) -> 1.0022834 | I3: =IF(B3="","",100*(D3^(1/C3)-1)) -> 0.22834245 | N3: Mrec1
A4: =IF(CRes!A4="","",CRes!A4) | B4: =CRes!L4 -> 0.19942084 | C4: =IF(B4="","",C3+1) -> 2 | D4: =IF(B4="","",D3*(1+B4/100)) -> 1.0042822 | I4: =IF(B4="","",100*(D4^(1/C4)-1)) -> 0.2138806 | N4: =IF(K7="","",VLOOKUP(MAX(J7:J102),J7:K102,2,FALSE)) -> 0.5879078
A5: =IF(CRes!A5="","",CRes!A5) -> 42723 | B5: =CRes!L5 -> 0.16319964 | C5: =IF(B5="","",C4+1) -> 3 | D5: =IF(B5="","",D4*(1+B5/100)) -> 1.0059212 | I5: =IF(B5="","",100*(D5^(1/C5)-1)) -> 0.1969841
A6: =IF(CRes!A6="","",CRes!A6) -> 42724 | B6: =CRes!L6 -> 0.07848637 | C6: =IF(B6="","",C5+1) -> 4 | D6: =IF(B6="","",D5*(1+B6/100)) -> 1.0067107 | E6: 0 | F6: 1 | I6: =IF(B6="","",100*(D6^(1/C6)-1)) -> 0.16734652 | J6: 0
A7: =IF(CRes!A7="","",CRes!A7) -> 42726 | B7: =CRes!L7 -> 0.98183132 | C7: =IF(B7="","",C6+1) -> 5 | D7: =IF(B7="","",D6*(1+B7/100)) -> 1.0165949 | E7: =IF(D7="","",E6+1) -> 1 | F7: =IF(B7="","",F6*(1+B7/100)) -> 1.0098183 | G7: 0 | H7: 1 | I7: =IF(B7="","",100*(D7^(1/C7)-1)) -> 0.32971623 | J7: =IF(I7="","",J6+1) -> 1 | K7: =IF(B7="","",100*(F7^(1/E7)-1)) -> 0.98183132
A8: =IF(CRes!A8="","",CRes!A8) -> 42727 | B8: =CRes!L8 -> 0.3277419 | C8: =IF(B8="","",C7+1) -> 6 | D8: =IF(B8="","",D7*(1+B8/100)) -> 1.0199267 | E8: =IF(D8="","",E7+1) -> 2 | F8: =IF(B8="","",F7*(1+B8/100)) -> 1.0131279 | G8: =IF(F8="","",G7+1) -> 1 | H8: =IF(B8="","",H7*(1+B8/100)) -> 1.0032774 | I8: =IF(B8="","",100*(D8^(1/C8)-1)) -> 0.32938717 | J8: =IF(I8="","",J7+1) -> 2 | K8: =IF(B8="","",100*(F8^(1/E8)-1)) -> 0.6542553
A9: =IF(CRes!A9="","",CRes!A9) -> 42731 | B9: =CRes!L9 -> 0.14397558 | C9: =IF(B9="","",C8+1) -> 7 | D9: =IF(B9="","",D8*(1+B9/100)) -> 1.0213951 | E9: =IF(D9="","",E8+1) -> 3 | F9: =IF(B9="","",F8*(1+B9/100)) -> 1.0145866 | G9: =IF(F9="","",G8+1) -> 2 | H9: =IF(B9="","",H8*(1+B9/100)) -> 1.0047219 | I9: =IF(B9="","",100*(D9^(1/C9)-1)) -> 0.3028788 | J9: =IF(I9="","",J8+1) -> 3 | K9: =IF(B9="","",100*(F9^(1/E9)-1)) -> 0.48387381
A10: =IF(CRes!A10="","",CRes!A10) -> 42732 | B10: =CRes!L10 -> 0.14948145 | C10: =IF(B10="","",C9+1) -> 8 | D10: =IF(B10="","",D9*(1+B10/100)) -> 1.0229219 | E10: =IF(D10="","",E9+1) -> 4 | F10: =IF(B10="","",F9*(1+B10/100)) -> 1.0161032 | G10: =IF(F10="","",G9+1) -> 3 | H10: =IF(B10="","",H9*(1+B10/100)) -> 1.0062238 | I10: =IF(B10="","",100*(D10^(1/C10)-1)) -> 0.28369129 | J10: =IF(I10="","",J9+1) -> 4 | K10: =IF(B10="","",100*(F10^(1/E10)-1)) -> 0.40017119
A11: =IF(CRes!A11="","",CRes!A11) -> 42733 | B11: =CRes!L11 -> 0.31692185 | C11: =IF(B11="","",C10+1) -> 9 | D11: =IF(B11="","",D10*(1+B11/100)) -> 1.0261638 | E11: =IF(D11="","",E10+1) -> 5 | F11: =IF(B11="","",F10*(1+B11/100)) -> 1.0193234 | G11: =IF(F11="","",G10+1) -> 4 | H11: =IF(B11="","",H10*(1+B11/100)) -> 1.0094127 | I11: =IF(B11="","",100*(D11^(1/C11)-1)) -> 0.28738303 | J11: =IF(I11="","",J10+1) -> 5 | K11: =IF(B11="","",100*(F11^(1/E11)-1)) -> 0.3835158
A12: =IF(CRes!A12="","",CRes!A12) -> 42734 | B12: =CRes!L12 -> 0.1668825 | C12: =IF(B12="","",C11+1) -> 10 | D12: =IF(B12="","",D11*(1+B12/100)) -> 1.0278763 | E12: =IF(D12="","",E11+1) -> 6 | F12: =IF(B12="","",F11*(1+B12/100)) -> 1.0210245 | G12: =IF(F12="","",G11+1) -> 5 | H12: =IF(B12="","",H11*(1+B12/100)) -> 1.0110972 | I12: =IF(B12="","",100*(D12^(1/C12)-1)) -> 0.27532645 | J12: =IF(I12="","",J11+1) -> 6 | K12: =IF(B12="","",100*(F12^(1/E12)-1)) -> 0.34737774 | L12: Corrigir
A13: =IF(CRes!A13="","",CRes!A13) | B13: =CRes!L13 -> 0.13749886 | C13: =IF(B13="","",C12+1) -> 11 | D13: =IF(B13="","",D12*(1+B13/100)) -> 1.0292896 | E13: =IF(D13="","",E12+1) -> 7 | F13: =IF(B13="","",F12*(1+B13/100)) -> 1.0224284 | G13: =IF(F13="","",G12+1) -> 6 | H13: =IF(B13="","",H12*(1+B13/100)) -> 1.0124875 | I13: =IF(B13="","",100*(D13^(1/C13)-1)) -> 0.26278884 | J13: =IF(I13="","",J12+1) -> 7 | K13: =IF(B13="","",100*(F13^(1/E13)-1)) -> 0.31736813 | L13: esta
A14: =IF(CRes!A14="","",CRes!A14) | B14: =CRes!L14 -> 0.14633043 | C14: =IF(B14="","",C13+1) -> 12 | D14: =IF(B14="","",D13*(1+B14/100)) -> 1.0307958 | E14: =IF(D14="","",E13+1) -> 8 | F14: =IF(B14="","",F13*(1+B14/100)) -> 1.0239245 | G14: =IF(F14="","",G13+1) -> 7 | H14: =IF(B14="","",H13*(1+B14/100)) -> 1.0139691 | I14: =IF(B14="","",100*(D14^(1/C14)-1)) -> 0.2530788 | J14: =IF(I14="","",J13+1) -> 8 | K14: =IF(B14="","",100*(F14^(1/E14)-1)) -> 0.29597246 | L14: coluna
A15: =IF(CRes!A15="","",CRes!A15) | B15: =CRes!L15 -> 0.064051121 | C15: =IF(B15="","",C14+1) -> 13 | D15: =IF(B15="","",D14*(1+B15/100)) -> 1.031456 | E15: =IF(D15="","",E14+1) -> 9 | F15: =IF(B15="","",F14*(1+B15/100)) -> 1.0245804 | G15: =IF(F15="","",G14+1) -> 8 | H15: =IF(B15="","",H14*(1+B15/100)) -> 1.0146185 | I15: =IF(B15="","",100*(D15^(1/C15)-1)) -> 0.23852554 | J15: =IF(I15="","",J14+1) -> 9 | K15: =IF(B15="","",100*(F15^(1/E15)-1)) -> 0.2701769
A16: =IF(CRes!A16="","",CRes!A16) | B16: =CRes!L16 -> 3.4931774 | C16: =IF(B16="","",C15+1) -> 14 | D16: =IF(B16="","",D15*(1+B16/100)) -> 1.0674866 | E16: =IF(D16="","",E15+1) -> 10 | F16: =IF(B16="","",F15*(1+B16/100)) -> 1.0603708 | G16: =IF(F16="","",G15+1) -> 9 | H16: =IF(B16="","",H15*(1+B16/100)) -> 1.050061 | I16: =IF(B16="","",100*(D16^(1/C16)-1)) -> 0.46756758 | J16: =IF(I16="","",J15+1) -> 10 | K16: =IF(B16="","",100*(F16^(1/E16)-1)) -> 0.5879078 | L16: =IF(B16="","",100*(H16^(1/G16)-1)) -> 0.54423349
A17: =IF(CRes!A17="","",CRes!A17) | B17: =CRes!L17 | C17: =IF(B17="","",C16+1) | D17: =IF(B17="","",D16*(1+B17/100)) | E17: =IF(D17="","",E16+1) | F17: =IF(B17="","",F16*(1+B17/100)) | G17: =IF(F17="","",G16+1) | H17: =IF(B17="","",H16*(1+B17/100)) | I17: =IF(B17="","",100*(D17^(1/C17)-1)) | J17: =IF(I17="","",J16+1) | K17: =IF(B17="","",100*(F17^(1/E17)-1)) | L17: =IF(B17="","",100*(H17^(1/G17)-1))
A18: =IF(CRes!A18="","",CRes!A18) | B18: =CRes!L18 | C18: =IF(B18="","",C17+1) | D18: =IF(B18="","",D17*(1+B18/100)) | E18: =IF(D18="","",E17+1) | F18: =IF(B18="","",F17*(1+B18/100)) | G18: =IF(F18="","",G17+1) | H18: =IF(B18="","",H17*(1+B18/100)) | I18: =IF(B18="","",100*(D18^(1/C18)-1)) | J18: =IF(I18="","",J17+1) | K18: =IF(B18="","",100*(F18^(1/E18)-1)) | L18: =IF(B18="","",100*(H18^(1/G18)-1))
A19: =IF(CRes!A19="","",CRes!A19) | B19: =CRes!L19 | C19: =IF(B19="","",C18+1) | D19: =IF(B19="","",D18*(1+B19/100)) | E19: =IF(D19="","",E18+1) | F19: =IF(B19="","",F18*(1+B19/100)) | G19: =IF(F19="","",G18+1) | H19: =IF(B19="","",H18*(1+B19/100)) | I19: =IF(B19="","",100*(D19^(1/C19)-1)) | J19: =IF(I19="","",J18+1) | K19: =IF(B19="","",100*(F19^(1/E19)-1)) | L19: =IF(B19="","",100*(H19^(1/G19)-1))
A20: =IF(CRes!A20="","",CRes!A20) | B20: =CRes!L20 | C20: =IF(B20="","",C19+1) | D20: =IF(B20="","",D19*(1+B20/100)) | E20: =IF(D20="","",E19+1) | F20: =IF(B20="","",F19*(1+B20/100)) | G20: =IF(F20="","",G19+1) | H20: =IF(B20="","",H19*(1+B20/100)) | I20: =IF(B20="","",100*(D20^(1/C20)-1)) | J20: =IF(I20="","",J19+1) | K20: =IF(B20="","",100*(F20^(1/E20)-1)) | L20: =IF(B20="","",100*(H20^(1/G20)-1))
A21: =IF(CRes!A21="","",CRes!A21) | B21: =CRes!L21 | C21: =IF(B21="","",C20+1) | D21: =IF(B21="","",D20*(1+B21/100)) | E21: =IF(D21="","",E20+1) | F21: =IF(B21="","",F20*(1+B21/100)) | G21: =IF(F21="","",G20+1) | H21: =IF(B21="","",H20*(1+B21/100)) | I21: =IF(B21="","",100*(D21^(1/C21)-1)) | J21: =IF(I21="","",J20+1) | K21: =IF(B21="","",100*(F21^(1/E21)-1)) | L21: =IF(B21="","",100*(H21^(1/G21)-1))
A22: =IF(CRes!A22="","",CRes!A22) | B22: =CRes!L22 | C22: =IF(B22="","",C21+1) | D22: =IF(B22="","",D21*(1+B22/100)) | E22: =IF(D22="","",E21+1) | F22: =IF(B22="","",F21*(1+B22/100)) | G22: =IF(F22="","",G21+1) | H22: =IF(B22="","",H21*(1+B22/100)) | I22: =IF(B22="","",100*(D22^(1/C22)-1)) | J22: =IF(I22="","",J21+1) | K22: =IF(B22="","",100*(F22^(1/E22)-1)) | L22: =IF(B22="","",100*(H22^(1/G22)-1))
A23: =IF(CRes!A23="","",CRes!A23) | B23: =CRes!L23 | C23: =IF(B23="","",C22+1) | D23: =IF(B23="","",D22*(1+B23/100)) | E23: =IF(D23="","",E22+1) | F23: =IF(B23="","",F22*(1+B23/100)) | G23: =IF(F23="","",G22+1) | H23: =IF(B23="","",H22*(1+B23/100)) | I23: =IF(B23="","",100*(D23^(1/C23)-1)) | J23: =IF(I23="","",J22+1) | K23: =IF(B23="","",100*(F23^(1/E23)-1)) | L23: =IF(B23="","",100*(H23^(1/G23)-1))
A24: =IF(CRes!A24="","",CRes!A24) | B24: =CRes!L24 | C24: =IF(B24="","",C23+1) | D24: =IF(B24="","",D23*(1+B24/100)) | E24: =IF(D24="","",E23+1) | F24: =IF(B24="","",F23*(1+B24/100)) | G24: =IF(F24="","",G23+1) | H24: =IF(B24="","",H23*(1+B24/100)) | I24: =IF(B24="","",100*(D24^(1/C24)-1)) | J24: =IF(I24="","",J23+1) | K24: =IF(B24="","",100*(F24^(1/E24)-1)) | L24: =IF(B24="","",100*(H24^(1/G24)-1))
A25: =IF(CRes!A25="","",CRes!A25) | B25: =CRes!L25 | C25: =IF(B25="","",C24+1) | D25: =IF(B25="","",D24*(1+B25/100)) | E25: =IF(D25="","",E24+1) | F25: =IF(B25="","",F24*(1+B25/100)) | G25: =IF(F25="","",G24+1) | H25: =IF(B25="","",H24*(1+B25/100)) | I25: =IF(B25="","",100*(D25^(1/C25)-1)) | J25: =IF(I25="","",J24+1) | K25: =IF(B25="","",100*(F25^(1/E25)-1)) | L25: =IF(B25="","",100*(H25^(1/G25)-1))
A26: =IF(CRes!A26="","",CRes!A26) | B26: =CRes!L26 | C26: =IF(B26="","",C25+1) | D26: =IF(B26="","",D25*(1+B26/100)) | E26: =IF(D26="","",E25+1) | F26: =IF(B26="","",F25*(1+B26/100)) | G26: =IF(F26="","",G25+1) | H26: =IF(B26="","",H25*(1+B26/100)) | I26: =IF(B26="","",100*(D26^(1/C26)-1)) | J26: =IF(I26="","",J25+1) | K26: =IF(B26="","",100*(F26^(1/E26)-1)) | L26: =IF(B26="","",100*(H26^(1/G26)-1))
A27: =IF(CRes!A27="","",CRes!A27) | B27: =CRes!L27 | C27: =IF(B27="","",C26+1) | D27: =IF(B27="","",D26*(1+B27/100)) | E27: =IF(D27="","",E26+1) | F27: =IF(B27="","",F26*(1+B27/100)) | G27: =IF(F27="","",G26+1) | H27: =IF(B27="","",H26*(1+B27/100)) | I27: =IF(B27="","",100*(D27^(1/C27)-1)) | J27: =IF(I27="","",J26+1) | K27: =IF(B27="","",100*(F27^(1/E27)-1)) | L27: =IF(B27="","",100*(H27^(1/G27)-1))
... A102: =IF(CRes!A102="","",CRes!A102) | B102: =CRes!L102 | C102: =IF(B102="","",C101+1) | D102: =IF(B102="","",D101*(1+B102/100)) | E102: =IF(D102="","",E101+1) | F102: =IF(B102="","",F101*(1+B102/100)) | G102: =IF(F102="","",G101+1) | H102: =IF(B102="","",H101*(1+B102/100)) | I102: =IF(B102="","",100*(D102^(1/C102)-1)) | J102: =IF(I102="","",J101+1) | K102: =IF(B102="","",100*(F102^(1/E102)-1)) | L102: =IF(B102="","",100*(H102^(1/G102)-1))

Sheet CLog
B1: # | C1: Lucro | D1: # | E1: $Ac | F1: Saldo | G1: Inclin | H1: Saldo ajustado | I1: Soma(+) | J1: # | K1: Q(+) | L1: Ganho médio | M1: # | N1: WinP(%) | O1: Soma(-) | P1: # | Q1: Q(-) | R1: # | S1: Perda média | T1: # | U1: Fator de lucro | Z1: Comentários
B2: Op # | E2: Q(+) | F2: Q(+) | G2: Q(+) | H2: Q(+) | I2: Soma(+) | K2: Q(+) | M2: # | N2: WinP | O2: Soma(+) | P2: # | Q2: Q(-) | R2: # | S2: Média(-) | T2: # | U2: R/R
B3: 0 | D3: 0 | E3: 0 | F3: =IF(E3="","",X$4+E3) -> 31019.2 | H3: =IF(F3="","",(F3+X$8)/X$9) -> 19.2 | I3: 0 | K3: 0 | O3: 0 | Q3: 0 | W3: Saldo da conta
B4: =B3+1 -> 1 | C4: =CRes!J3 -> 70.83 | D4: =IF(C4="","",D3+1) -> 1 | E4: =IF(C4="","",E3+C4) -> 70.83 | F4: =IF(E4="","",X$4+E4) -> 31090.03 | G4: =IF(F4="","",SLOPE(F$3:F4,B$3:B4)) -> 70.83 | H4: =IF(F4="","",(F4+X$8)/X$9) -> 90.03 | I4: =IF(C4="","",IF(C4>0,I3+C4,I3)) -> 70.83 | J4: =D4 -> 1 | K4: =IF(C4="","",IF(C4>0,K3+1,K3)) -> 1 | L4: =IF(C4="","",IF(K4=0,"",I4/K4)) -> 70.83 | M4: =D4 -> 1 | N4: =IF(C4="","",IF(K4=0,"",100*K4/B4)) -> 100 | O4: =IF(C4="","",IF(C4<0,O3+C4,O3)) -> 0 | P4: =D4 -> 1 | Q4: =IF(C4="","",IF(C4<0,Q3+1,Q3)) -> 0 | R4: =D4 -> 1 | S4: =IF(C4="","",IF(Q4=0,"",O4/Q4)) | T4: =D4 -> 1 | U4: =IF(L4="","",IF(S4="","",-L4/S4)) | W4: Inicial | X4: 31019.2
B5: =B4+1 -> 2 | C5: =CRes!J4 -> 62 | D5: =IF(C5="","",D4+1) -> 2 | E5: =IF(C5="","",E4+C5) -> 132.83 | F5: =IF(E5="","",X$4+E5) -> 31152.03 | G5: =IF(F5="","",SLOPE(F$3:F5,B$3:B5)) -> 66.415 | H5: =IF(F5="","",(F5+X$8)/X$9) -> 152.03 | I5: =IF(C5="","",IF(C5>0,I4+C5,I4)) -> 132.83 | J5: =D5 -> 2 | K5: =IF(C5="","",IF(C5>0,K4+1,K4)) -> 2 | L5: =IF(C5="","",IF(K5=0,"",I5/K5)) -> 66.415 | M5: =D5 -> 2 | N5: =IF(C5="","",IF(K5=0,"",100*K5/B5)) -> 100 | O5: =IF(C5="","",IF(C5<0,O4+C5,O4)) -> 0 | P5: =D5 -> 2 | Q5: =IF(C5="","",IF(C5<0,Q4+1,Q4)) -> 0 | R5: =D5 -> 2 | S5: =IF(C5="","",IF(Q5=0,"",O5/Q5)) | T5: =D5 -> 2 | U5: =IF(L5="","",IF(S5="","",-L5/S5)) | W5: $ Ac | X5: =IF(D4="","",VLOOKUP(MAX(D4:D103),D4:E103,2,FALSE)) -> 2093.38
B6: =B5+1 -> 3 | C6: =CRes!J5 -> 50.84 | D6: =IF(C6="","",D5+1) -> 3 | E6: =IF(C6="","",E5+C6) -> 183.67 | F6: =IF(E6="","",X$4+E6) -> 31202.87 | G6: =IF(F6="","",SLOPE(F$3:F6,B$3:B6)) -> 61.301 | H6: =IF(F6="","",(F6+X$8)/X$9) -> 202.87 | I6: =IF(C6="","",IF(C6>0,I5+C6,I5)) -> 183.67 | J6: =D6 -> 3 | K6: =IF(C6="","",IF(C6>0,K5+1,K5)) -> 3 | L6: =IF(C6="","",IF(K6=0,"",I6/K6)) -> 61.223333 | M6: =D6 -> 3 | N6: =IF(C6="","",IF(K6=0,"",100*K6/B6)) -> 100 | O6: =IF(C6="","",IF(C6<0,O5+C6,O5)) -> 0 | P6: =D6 -> 3 | Q6: =IF(C6="","",IF(C6<0,Q5+1,Q5)) -> 0 | R6: =D6 -> 3 | S6: =IF(C6="","",IF(Q6=0,"",O6/Q6)) | T6: =D6 -> 3 | U6: =IF(L6="","",IF(S6="","",-L6/S6)) | W6: Atual | X6: =IF(X4="","",IF(X5="","",X4+X5)) -> 33112.58
B7: =B6+1 -> 4 | C7: =CRes!J6 -> 24.49 | D7: =IF(C7="","",D6+1) -> 4 | E7: =IF(C7="","",E6+C7) -> 208.16 | F7: =IF(E7="","",X$4+E7) -> 31227.36 | G7: =IF(F7="","",SLOPE(F$3:F7,B$3:B7)) -> 52.916 | H7: =IF(F7="","",(F7+X$8)/X$9) -> 227.36 | I7: =IF(C7="","",IF(C7>0,I6+C7,I6)) -> 208.16 | J7: =D7 -> 4 | K7: =IF(C7="","",IF(C7>0,K6+1,K6)) -> 4 | L7: =IF(C7="","",IF(K7=0,"",I7/K7)) -> 52.04 | M7: =D7 -> 4 | N7: =IF(C7="","",IF(K7=0,"",100*K7/B7)) -> 100 | O7: =IF(C7="","",IF(C7<0,O6+C7,O6)) -> 0 | P7: =D7 -> 4 | Q7: =IF(C7="","",IF(C7<0,Q6+1,Q6)) -> 0 | R7: =D7 -> 4 | S7: =IF(C7="","",IF(Q7=0,"",O7/Q7)) | T7: =D7 -> 4 | U7: =IF(L7="","",IF(S7="","",-L7/S7)) | W7: Saldo ajustado
B8: =B7+1 -> 5 | C8: =CRes!J7 -> 306.6 | D8: =IF(C8="","",D7+1) -> 5 | E8: =IF(C8="","",E7+C8) -> 514.76 | F8: =IF(E8="","",X$4+E8) -> 31533.96 | G8: =IF(F8="","",SLOPE(F$3:F8,B$3:B8)) -> 86.760857 | H8: =IF(F8="","",(F8+X$8)/X$9) -> 533.96 | I8: =IF(C8="","",IF(C8>0,I7+C8,I7)) -> 514.76 | J8: =D8 -> 5 | K8: =IF(C8="","",IF(C8>0,K7+1,K7)) -> 5 | L8: =IF(C8="","",IF(K8=0,"",I8/K8)) -> 102.952 | M8: =D8 -> 5 | N8: =IF(C8="","",IF(K8=0,"",100*K8/B8)) -> 100 | O8: =IF(C8="","",IF(C8<0,O7+C8,O7)) -> 0 | P8: =D8 -> 5 | Q8: =IF(C8="","",IF(C8<0,Q7+1,Q7)) -> 0 | R8: =D8 -> 5 | S8: =IF(C8="","",IF(Q8=0,"",O8/Q8)) | T8: =D8 -> 5 | U8: =IF(L8="","",IF(S8="","",-L8/S8)) | W8: Somar | X8: -31000
B9: =B8+1 -> 6 | C9: =CRes!J8 -> 103.35 | D9: =IF(C9="","",D8+1) -> 6 | E9: =IF(C9="","",E8+C9) -> 618.11 | F9: =IF(E9="","",X$4+E9) -> 31637.31 | G9: =IF(F9="","",SLOPE(F$3:F9,B$3:B9)) -> 100.62571 | H9: =IF(F9="","",(F9+X$8)/X$9) -> 637.31 | I9: =IF(C9="","",IF(C9>0,I8+C9,I8)) -> 618.11 | J9: =D9 -> 6 | K9: =IF(C9="","",IF(C9>0,K8+1,K8)) -> 6 | L9: =IF(C9="","",IF(K9=0,"",I9/K9)) -> 103.01833 | M9: =D9 -> 6 | N9: =IF(C9="","",IF(K9=0,"",100*K9/B9)) -> 100 | O9: =IF(C9="","",IF(C9<0,O8+C9,O8)) -> 0 | P9: =D9 -> 6 | Q9: =IF(C9="","",IF(C9<0,Q8+1,Q8)) -> 0 | R9: =D9 -> 6 | S9: =IF(C9="","",IF(Q9=0,"",O9/Q9)) | T9: =D9 -> 6 | U9: =IF(L9="","",IF(S9="","",-L9/S9)) | W9: Dividir | X9: 1
B10: =B9+1 -> 7 | C10: =CRes!J9 -> 45.55 | D10: =IF(C10="","",D9+1) -> 7 | E10: =IF(C10="","",E9+C10) -> 663.66 | F10: =IF(E10="","",X$4+E10) -> 31682.86 | G10: =IF(F10="","",SLOPE(F$3:F10,B$3:B10)) -> 101.8131 | H10: =IF(F10="","",(F10+X$8)/X$9) -> 682.86 | I10: =IF(C10="","",IF(C10>0,I9+C10,I9)) -> 663.66 | J10: =D10 -> 7 | K10: =IF(C10="","",IF(C10>0,K9+1,K9)) -> 7 | L10: =IF(C10="","",IF(K10=0,"",I10/K10)) -> 94.808571 | M10: =D10 -> 7 | N10: =IF(C10="","",IF(K10=0,"",100*K10/B10)) -> 100 | O10: =IF(C10="","",IF(C10<0,O9+C10,O9)) -> 0 | P10: =D10 -> 7 | Q10: =IF(C10="","",IF(C10<0,Q9+1,Q9)) -> 0 | R10: =D10 -> 7 | S10: =IF(C10="","",IF(Q10=0,"",O10/Q10)) | T10: =D10 -> 7 | U10: =IF(L10="","",IF(S10="","",-L10/S10)) | W10: $ Ajustado | X10: =IF(X9="","",IF(X8="","",(X6+X8)/X9)) -> 2112.58
B11: =B10+1 -> 8 | C11: =CRes!J10 -> 47.36 | D11: =IF(C11="","",D10+1) -> 8 | E11: =IF(C11="","",E10+C11) -> 711.02 | F11: =IF(E11="","",X$4+E11) -> 31730.22 | G11: =IF(F11="","",SLOPE(F$3:F11,B$3:B11)) -> 98.737 | H11: =IF(F11="","",(F11+X$8)/X$9) -> 730.22 | I11: =IF(C11="","",IF(C11>0,I10+C11,I10)) -> 711.02 | J11: =D11 -> 8 | K11: =IF(C11="","",IF(C11>0,K10+1,K10)) -> 8 | L11: =IF(C11="","",IF(K11=0,"",I11/K11)) -> 88.8775 | M11: =D11 -> 8 | N11: =IF(C11="","",IF(K11=0,"",100*K11/B11)) -> 100 | O11: =IF(C11="","",IF(C11<0,O10+C11,O10)) -> 0 | P11: =D11 -> 8 | Q11: =IF(C11="","",IF(C11<0,Q10+1,Q10)) -> 0 | R11: =D11 -> 8 | S11: =IF(C11="","",IF(Q11=0,"",O11/Q11)) | T11: =D11 -> 8 | U11: =IF(L11="","",IF(S11="","",-L11/S11))
B12: =B11+1 -> 9 | C12: =CRes!J11 -> 100.56 | D12: =IF(C12="","",D11+1) -> 9 | E12: =IF(C12="","",E11+C12) -> 811.58 | F12: =IF(E12="","",X$4+E12) -> 31830.78 | G12: =IF(F12="","",SLOPE(F$3:F12,B$3:B12)) -> 97.270424 | H12: =IF(F12="","",(F12+X$8)/X$9) -> 830.78 | I12: =IF(C12="","",IF(C12>0,I11+C12,I11)) -> 811.58 | J12: =D12 -> 9 | K12: =IF(C12="","",IF(C12>0,K11+1,K11)) -> 9 | L12: =IF(C12="","",IF(K12=0,"",I12/K12)) -> 90.175556 | M12: =D12 -> 9 | N12: =IF(C12="","",IF(K12=0,"",100*K12/B12)) -> 100 | O12: =IF(C12="","",IF(C12<0,O11+C12,O11)) -> 0 | P12: =D12 -> 9 | Q12: =IF(C12="","",IF(C12<0,Q11+1,Q11)) -> 0 | R12: =D12 -> 9 | S12: =IF(C12="","",IF(Q12=0,"",O12/Q12)) | T12: =D12 -> 9 | U12: =IF(L12="","",IF(S12="","",-L12/S12)) | W12: Resultados - Resumo
B13: =B12+1 -> 10 | C13: =CRes!J12 -> 53.12 | D13: =IF(C13="","",D12+1) -> 10 | E13: =IF(C13="","",E12+C13) -> 864.7 | F13: =IF(E13="","",X$4+E13) -> 31883.9 | G13: =IF(F13="","",SLOPE(F$3:F13,B$3:B13)) -> 94.463636 | H13: =IF(F13="","",(F13+X$8)/X$9) -> 883.9 | I13: =IF(C13="","",IF(C13>0,I12+C13,I12)) -> 864.7 | J13: =D13 -> 10 | K13: =IF(C13="","",IF(C13>0,K12+1,K12)) -> 10 | L13: =IF(C13="","",IF(K13=0,"",I13/K13)) -> 86.47 | M13: =D13 -> 10 | N13: =IF(C13="","",IF(K13=0,"",100*K13/B13)) -> 100 | O13: =IF(C13="","",IF(C13<0,O12+C13,O12)) -> 0 | P13: =D13 -> 10 | Q13: =IF(C13="","",IF(C13<0,Q12+1,Q12)) -> 0 | R13: =D13 -> 10 | S13: =IF(C13="","",IF(Q13=0,"",O13/Q13)) | T13: =D13 -> 10 | U13: =IF(L13="","",IF(S13="","",-L13/S13)) | W13: Ganhos | X13: =IF(E4="","",VLOOKUP(MAX(J4:J103),J4:K103,2,FALSE)) -> 14
B14: =B13+1 -> 11 | C14: =CRes!J13 -> 43.84 | D14: =IF(C14="","",D13+1) -> 11 | E14: =IF(C14="","",E13+C14) -> 908.54 | F14: =IF(E14="","",X$4+E14) -> 31927.74 | G14: =IF(F14="","",SLOPE(F$3:F14,B$3:B14)) -> 90.897273 | H14: =IF(F14="","",(F14+X$8)/X$9) -> 927.74 | I14: =IF(C14="","",IF(C14>0,I13+C14,I13)) -> 908.54 | J14: =D14 -> 11 | K14: =IF(C14="","",IF(C14>0,K13+1,K13)) -> 11 | L14: =IF(C14="","",IF(K14=0,"",I14/K14)) -> 82.594545 | M14: =D14 -> 11 | N14: =IF(C14="","",IF(K14=0,"",100*K14/B14)) -> 100 | O14: =IF(C14="","",IF(C14<0,O13+C14,O13)) -> 0 | P14: =D14 -> 11 | Q14: =IF(C14="","",IF(C14<0,Q13+1,Q13)) -> 0 | R14: =D14 -> 11 | S14: =IF(C14="","",IF(Q14=0,"",O14/Q14)) | T14: =D14 -> 11 | U14: =IF(L14="","",IF(S14="","",-L14/S14)) | W14: Perdas | X14: =IF(E4="","",VLOOKUP(MAX(P4:P103),P4:Q103,2,FALSE)) -> 0
B15: =B14+1 -> 12 | C15: =CRes!J14 -> 46.72 | D15: =IF(C15="","",D14+1) -> 12 | E15: =IF(C15="","",E14+C15) -> 955.26 | F15: =IF(E15="","",X$4+E15) -> 31974.46 | G15: =IF(F15="","",SLOPE(F$3:F15,B$3:B15)) -> 87.285385 | H15: =IF(F15="","",(F15+X$8)/X$9) -> 974.46 | I15: =IF(C15="","",IF(C15>0,I14+C15,I14)) -> 955.26 | J15: =D15 -> 12 | K15: =IF(C15="","",IF(C15>0,K14+1,K14)) -> 12 | L15: =IF(C15="","",IF(K15=0,"",I15/K15)) -> 79.605 | M15: =D15 -> 12 | N15: =IF(C15="","",IF(K15=0,"",100*K15/B15)) -> 100 | O15: =IF(C15="","",IF(C15<0,O14+C15,O14)) -> 0 | P15: =D15 -> 12 | Q15: =IF(C15="","",IF(C15<0,Q14+1,Q14)) -> 0 | R15: =D15 -> 12 | S15: =IF(C15="","",IF(Q15=0,"",O15/Q15)) | T15: =D15 -> 12 | U15: =IF(L15="","",IF(S15="","",-L15/S15)) | W15: Operações | X15: =IF(X13="","",IF(X14="","",X13+X14)) -> 14
B16: =B15+1 -> 13 | C16: =CRes!J15 -> 20.48 | D16: =IF(C16="","",D15+1) -> 13 | E16: =IF(C16="","",E15+C16) -> 975.74 | F16: =IF(E16="","",X$4+E16) -> 31994.94 | G16: =IF(F16="","",SLOPE(F$3:F16,B$3:B16)) -> 83.10633 | H16: =IF(F16="","",(F16+X$8)/X$9) -> 994.94 | I16: =IF(C16="","",IF(C16>0,I15+C16,I15)) -> 975.74 | J16: =D16 -> 13 | K16: =IF(C16="","",IF(C16>0,K15+1,K15)) -> 13 | L16: =IF(C16="","",IF(K16=0,"",I16/K16)) -> 75.056923 | M16: =D16 -> 13 | N16: =IF(C16="","",IF(K16=0,"",100*K16/B16)) -> 100 | O16: =IF(C16="","",IF(C16<0,O15+C16,O15)) -> 0 | P16: =D16 -> 13 | Q16: =IF(C16="","",IF(C16<0,Q15+1,Q15)) -> 0 | R16: =D16 -> 13 | S16: =IF(C16="","",IF(Q16=0,"",O16/Q16)) | T16: =D16 -> 13 | U16: =IF(L16="","",IF(S16="","",-L16/S16)) | W16: WinP | X16: =IF(D4="","",IF(X13=0,"",VLOOKUP(MAX(M4:M103),M4:N103,2,FALSE)/100)) -> 1
B17: =B16+1 -> 14 | C17: =CRes!J16 -> 1117.64 | D17: =IF(C17="","",D16+1) -> 14 | E17: =IF(C17="","",E16+C17) -> 2093.38 | F17: =IF(E17="","",X$4+E17) -> 33112.58 | G17: =IF(F17="","",SLOPE(F$3:F17,B$3:B17)) -> 106.25329 | H17: =IF(F17="","",(F17+X$8)/X$9) -> 2112.58 | I17: =IF(C17="","",IF(C17>0,I16+C17,I16)) -> 2093.38 | J17: =D17 -> 14 | K17: =IF(C17="","",IF(C17>0,K16+1,K16)) -> 14 | L17: =IF(C17="","",IF(K17=0,"",I17/K17)) -> 149.52714 | M17: =D17 -> 14 | N17: =IF(C17="","",IF(K17=0,"",100*K17/B17)) -> 100 | O17: =IF(C17="","",IF(C17<0,O16+C17,O16)) -> 0 | P17: =D17 -> 14 | Q17: =IF(C17="","",IF(C17<0,Q16+1,Q16)) -> 0 | R17: =D17 -> 14 | S17: =IF(C17="","",IF(Q17=0,"",O17/Q17)) | T17: =D17 -> 14 | U17: =IF(L17="","",IF(S17="","",-L17/S17)) | W17: CAR | X17: =IF(D4="","",IF(X14=0,"",-VLOOKUP(MAX(R4:R103),R4:S103,2,FALSE)))
B18: =B17+1 -> 15 | C18: =CRes!J17 | D18: =IF(C18="","",D17+1) | E18: =IF(C18="","",E17+C18) | F18: =IF(E18="","",X$4+E18) | G18: =IF(F18="","",SLOPE(F$3:F18,B$3:B18)) | H18: =IF(F18="","",(F18+X$8)/X$9) | I18: =IF(C18="","",IF(C18>0,I17+C18,I17)) | J18: =D18 | K18: =IF(C18="","",IF(C18>0,K17+1,K17)) | L18: =IF(C18="","",IF(K18=0,"",I18/K18)) | M18: =D18 | N18: =IF(C18="","",IF(K18=0,"",100*K18/B18)) | O18: =IF(C18="","",IF(C18<0,O17+C18,O17)) | P18: =D18 | Q18: =IF(C18="","",IF(C18<0,Q17+1,Q17)) | R18: =D18 | S18: =IF(C18="","",IF(Q18=0,"",O18/Q18)) | T18: =D18 | U18: =IF(L18="","",IF(S18="","",-L18/S18)) | X18: =IF(X17="","",IF(X4="","",X17/X4))
B19: =B18+1 -> 16 | C19: =CRes!J18 | D19: =IF(C19="","",D18+1) | E19: =IF(C19="","",E18+C19) | F19: =IF(E19="","",X$4+E19) | G19: =IF(F19="","",SLOPE(F$3:F19,B$3:B19)) | H19: =IF(F19="","",(F19+X$8)/X$9) | I19: =IF(C19="","",IF(C19>0,I18+C19,I18)) | J19: =D19 | K19: =IF(C19="","",IF(C19>0,K18+1,K18)) | L19: =IF(C19="","",IF(K19=0,"",I19/K19)) | M19: =D19 | N19: =IF(C19="","",IF(K19=0,"",100*K19/B19)) | O19: =IF(C19="","",IF(C19<0,O18+C19,O18)) | P19: =D19 | Q19: =IF(C19="","",IF(C19<0,Q18+1,Q18)) | R19: =D19 | S19: =IF(C19="","",IF(Q19=0,"",O19/Q19)) | T19: =D19 | U19: =IF(L19="","",IF(S19="","",-L19/S19)) | W19: FL | X19: =IF(D4="","",VLOOKUP(MAX(T4:T103),T4:U103,2,FALSE))
B20: =B19+1 -> 17 | C20: =CRes!J19 | D20: =IF(C20="","",D19+1) | E20: =IF(C20="","",E19+C20) | F20: =IF(E20="","",X$4+E20) | G20: =IF(F20="","",SLOPE(F$3:F20,B$3:B20)) | H20: =IF(F20="","",(F20+X$8)/X$9) | I20: =IF(C20="","",IF(C20>0,I19+C20,I19)) | J20: =D20 | K20: =IF(C20="","",IF(C20>0,K19+1,K19)) | L20: =IF(C20="","",IF(K20=0,"",I20/K20)) | M20: =D20 | N20: =IF(C20="","",IF(K20=0,"",100*K20/B20)) | O20: =IF(C20="","",IF(C20<0,O19+C20,O19)) | P20: =D20 | Q20: =IF(C20="","",IF(C20<0,Q19+1,Q19)) | R20: =D20 | S20: =IF(C20="","",IF(Q20=0,"",O20/Q20)) | T20: =D20 | U20: =IF(L20="","",IF(S20="","",-L20/S20))
B21: =B20+1 -> 18 | C21: =CRes!J20 | D21: =IF(C21="","",D20+1) | E21: =IF(C21="","",E20+C21) | F21: =IF(E21="","",X$4+E21) | G21: =IF(F21="","",SLOPE(F$3:F21,B$3:B21)) | H21: =IF(F21="","",(F21+X$8)/X$9) | I21: =IF(C21="","",IF(C21>0,I20+C21,I20)) | J21: =D21 | K21: =IF(C21="","",IF(C21>0,K20+1,K20)) | L21: =IF(C21="","",IF(K21=0,"",I21/K21)) | M21: =D21 | N21: =IF(C21="","",IF(K21=0,"",100*K21/B21)) | O21: =IF(C21="","",IF(C21<0,O20+C21,O20)) | P21: =D21 | Q21: =IF(C21="","",IF(C21<0,Q20+1,Q20)) | R21: =D21 | S21: =IF(C21="","",IF(Q21=0,"",O21/Q21)) | T21: =D21 | U21: =IF(L21="","",IF(S21="","",-L21/S21))
B22: =B21+1 -> 19 | C22: =CRes!J21 | D22: =IF(C22="","",D21+1) | E22: =IF(C22="","",E21+C22) | F22: =IF(E22="","",X$4+E22) | G22: =IF(F22="","",SLOPE(F$3:F22,B$3:B22)) | H22: =IF(F22="","",(F22+X$8)/X$9) | I22: =IF(C22="","",IF(C22>0,I21+C22,I21)) | J22: =D22 | K22: =IF(C22="","",IF(C22>0,K21+1,K21)) | L22: =IF(C22="","",IF(K22=0,"",I22/K22)) | M22: =D22 | N22: =IF(C22="","",IF(K22=0,"",100*K22/B22)) | O22: =IF(C22="","",IF(C22<0,O21+C22,O21)) | P22: =D22 | Q22: =IF(C22="","",IF(C22<0,Q21+1,Q21)) | R22: =D22 | S22: =IF(C22="","",IF(Q22=0,"",O22/Q22)) | T22: =D22 | U22: =IF(L22="","",IF(S22="","",-L22/S22))
B23: =B22+1 -> 20 | C23: =CRes!J22 | D23: =IF(C23="","",D22+1) | E23: =IF(C23="","",E22+C23) | F23: =IF(E23="","",X$4+E23) | G23: =IF(F23="","",SLOPE(F$3:F23,B$3:B23)) | H23: =IF(F23="","",(F23+X$8)/X$9) | I23: =IF(C23="","",IF(C23>0,I22+C23,I22)) | J23: =D23 | K23: =IF(C23="","",IF(C23>0,K22+1,K22)) | L23: =IF(C23="","",IF(K23=0,"",I23/K23)) | M23: =D23 | N23: =IF(C23="","",IF(K23=0,"",100*K23/B23)) | O23: =IF(C23="","",IF(C23<0,O22+C23,O22)) | P23: =D23 | Q23: =IF(C23="","",IF(C23<0,Q22+1,Q22)) | R23: =D23 | S23: =IF(C23="","",IF(Q23=0,"",O23/Q23)) | T23: =D23 | U23: =IF(L23="","",IF(S23="","",-L23/S23))
B24: =B23+1 -> 21 | C24: =CRes!J23 | D24: =IF(C24="","",D23+1) | E24: =IF(C24="","",E23+C24) | F24: =IF(E24="","",X$4+E24) | G24: =IF(F24="","",SLOPE(F$3:F24,B$3:B24)) | H24: =IF(F24="","",(F24+X$8)/X$9) | I24: =IF(C24="","",IF(C24>0,I23+C24,I23)) | J24: =D24 | K24: =IF(C24="","",IF(C24>0,K23+1,K23)) | L24: =IF(C24="","",IF(K24=0,"",I24/K24)) | M24: =D24 | N24: =IF(C24="","",IF(K24=0,"",100*K24/B24)) | O24: =IF(C24="","",IF(C24<0,O23+C24,O23)) | P24: =D24 | Q24: =IF(C24="","",IF(C24<0,Q23+1,Q23)) | R24: =D24 | S24: =IF(C24="","",IF(Q24=0,"",O24/Q24)) | T24: =D24 | U24: =IF(L24="","",IF(S24="","",-L24/S24))
B25: =B24+1 -> 22 | C25: =CRes!J24 | D25: =IF(C25="","",D24+1) | E25: =IF(C25="","",E24+C25) | F25: =IF(E25="","",X$4+E25) | G25: =IF(F25="","",SLOPE(F$3:F25,B$3:B25)) | H25: =IF(F25="","",(F25+X$8)/X$9) | I25: =IF(C25="","",IF(C25>0,I24+C25,I24)) | J25: =D25 | K25: =IF(C25="","",IF(C25>0,K24+1,K24)) | L25: =IF(C25="","",IF(K25=0,"",I25/K25)) | M25: =D25 | N25: =IF(C25="","",IF(K25=0,"",100*K25/B25)) | O25: =IF(C25="","",IF(C25<0,O24+C25,O24)) | P25: =D25 | Q25: =IF(C25="","",IF(C25<0,Q24+1,Q24)) | R25: =D25 | S25: =IF(C25="","",IF(Q25=0,"",O25/Q25)) | T25: =D25 | U25: =IF(L25="","",IF(S25="","",-L25/S25))
B26: =B25+1 -> 23 | C26: =CRes!J25 | D26: =IF(C26="","",D25+1) | E26: =IF(C26="","",E25+C26) | F26: =IF(E26="","",X$4+E26) | G26: =IF(F26="","",SLOPE(F$3:F26,B$3:B26)) | H26: =IF(F26="","",(F26+X$8)/X$9) | I26: =IF(C26="","",IF(C26>0,I25+C26,I25)) | J26: =D26 | K26: =IF(C26="","",IF(C26>0,K25+1,K25)) | L26: =IF(C26="","",IF(K26=0,"",I26/K26)) | M26: =D26 | N26: =IF(C26="","",IF(K26=0,"",100*K26/B26)) | O26: =IF(C26="","",IF(C26<0,O25+C26,O25)) | P26: =D26 | Q26: =IF(C26="","",IF(C26<0,Q25+1,Q25)) | R26: =D26 | S26: =IF(C26="","",IF(Q26=0,"",O26/Q26)) | T26: =D26 | U26: =IF(L26="","",IF(S26="","",-L26/S26))
B27: =B26+1 -> 24 | C27: =CRes!J26 | D27: =IF(C27="","",D26+1) | E27: =IF(C27="","",E26+C27) | F27: =IF(E27="","",X$4+E27) | G27: =IF(F27="","",SLOPE(F$3:F27,B$3:B27)) | H27: =IF(F27="","",(F27+X$8)/X$9) | I27: =IF(C27="","",IF(C27>0,I26+C27,I26)) | J27: =D27 | K27: =IF(C27="","",IF(C27>0,K26+1,K26)) | L27: =IF(C27="","",IF(K27=0,"",I27/K27)) | M27: =D27 | N27: =IF(C27="","",IF(K27=0,"",100*K27/B27)) | O27: =IF(C27="","",IF(C27<0,O26+C27,O26)) | P27: =D27 | Q27: =IF(C27="","",IF(C27<0,Q26+1,Q26)) | R27: =D27 | S27: =IF(C27="","",IF(Q27=0,"",O27/Q27)) | T27: =D27 | U27: =IF(L27="","",IF(S27="","",-L27/S27))
B28: =B27+1 -> 25 | C28: =CRes!J27 | D28: =IF(C28="","",D27+1) | E28: =IF(C28="","",E27+C28) | F28: =IF(E28="","",X$4+E28) | G28: =IF(F28="","",SLOPE(F$3:F28,B$3:B28)) | H28: =IF(F28="","",(F28+X$8)/X$9) | I28: =IF(C28="","",IF(C28>0,I27+C28,I27)) | J28: =D28 | K28: =IF(C28="","",IF(C28>0,K27+1,K27)) | L28: =IF(C28="","",IF(K28=0,"",I28/K28)) | M28: =D28 | N28: =IF(C28="","",IF(K28=0,"",100*K28/B28)) | O28: =IF(C28="","",IF(C28<0,O27+C28,O27)) | P28: =D28 | Q28: =IF(C28="","",IF(C28<0,Q27+1,Q27)) | R28: =D28 | S28: =IF(C28="","",IF(Q28=0,"",O28/Q28)) | T28: =D28 | U28: =IF(L28="","",IF(S28="","",-L28/S28))
B29: =B28+1 -> 26 | C29: =CRes!J28 | D29: =IF(C29="","",D28+1) | E29: =IF(C29="","",E28+C29) | F29: =IF(E29="","",X$4+E29) | G29: =IF(F29="","",SLOPE(F$3:F29,B$3:B29)) | H29: =IF(F29="","",(F29+X$8)/X$9) | I29: =IF(C29="","",IF(C29>0,I28+C29,I28)) | J29: =D29 | K29: =IF(C29="","",IF(C29>0,K28+1,K28)) | L29: =IF(C29="","",IF(K29=0,"",I29/K29)) | M29: =D29 | N29: =IF(C29="","",IF(K29=0,"",100*K29/B29)) | O29: =IF(C29="","",IF(C29<0,O28+C29,O28)) | P29: =D29 | Q29: =IF(C29="","",IF(C29<0,Q28+1,Q28)) | R29: =D29 | S29: =IF(C29="","",IF(Q29=0,"",O29/Q29)) | T29: =D29 | U29: =IF(L29="","",IF(S29="","",-L29/S29))
B30: =B29+1 -> 27 | C30: =CRes!J29 | D30: =IF(C30="","",D29+1) | E30: =IF(C30="","",E29+C30) | F30: =IF(E30="","",X$4+E30) | G30: =IF(F30="","",SLOPE(F$3:F30,B$3:B30)) | H30: =IF(F30="","",(F30+X$8)/X$9) | I30: =IF(C30="","",IF(C30>0,I29+C30,I29)) | J30: =D30 | K30: =IF(C30="","",IF(C30>0,K29+1,K29)) | L30: =IF(C30="","",IF(K30=0,"",I30/K30)) | M30: =D30 | N30: =IF(C30="","",IF(K30=0,"",100*K30/B30)) | O30: =IF(C30="","",IF(C30<0,O29+C30,O29)) | P30: =D30 | Q30: =IF(C30="","",IF(C30<0,Q29+1,Q29)) | R30: =D30 | S30: =IF(C30="","",IF(Q30=0,"",O30/Q30)) | T30: =D30 | U30: =IF(L30="","",IF(S30="","",-L30/S30))
B31: =B30+1 -> 28 | C31: =CRes!J30 | D31: =IF(C31="","",D30+1) | E31: =IF(C31="","",E30+C31) | F31: =IF(E31="","",X$4+E31) | G31: =IF(F31="","",SLOPE(F$3:F31,B$3:B31)) | H31: =IF(F31="","",(F31+X$8)/X$9) | I31: =IF(C31="","",IF(C31>0,I30+C31,I30)) | J31: =D31 | K31: =IF(C31="","",IF(C31>0,K30+1,K30)) | L31: =IF(C31="","",IF(K31=0,"",I31/K31)) | M31: =D31 | N31: =IF(C31="","",IF(K31=0,"",100*K31/B31)) | O31: =IF(C31="","",IF(C31<0,O30+C31,O30)) | P31: =D31 | Q31: =IF(C31="","",IF(C31<0,Q30+1,Q30)) | R31: =D31 | S31: =IF(C31="","",IF(Q31=0,"",O31/Q31)) | T31: =D31 | U31: =IF(L31="","",IF(S31="","",-L31/S31))
... B103: =B102+1 -> 100 | C103: =CRes!J102 | D103: =IF(C103="","",D102+1) | E103: =IF(C103="","",E102+C103) | F103: =IF(E103="","",X$4+E103) | G103: =IF(F103="","",SLOPE(F$3:F103,B$3:B103)) | H103: =IF(F103="","",(F103+X$8)/X$9) | I103: =IF(C103="","",IF(C103>0,I102+C103,I102)) | J103: =D103 | K103: =IF(C103="","",IF(C103>0,K102+1,K102)) | L103: =IF(C103="","",IF(K103=0,"",I103/K103)) | M103: =D103 | N103: =IF(C103="","",IF(K103=0,"",100*K103/B103)) | O103: =IF(C103="","",IF(C103<0,O102+C103,O102)) | P103: =D103 | Q103: =IF(C103="","",IF(C103<0,Q102+1,Q102)) | R103: =D103 | S103: =IF(C103="","",IF(Q103=0,"",O103/Q103)) | T103: =D103 | U103: =IF(L103="","",IF(S103="","",-L103/S103))

Sheet $Aj

Sheet GM

Sheet PM

Sheet FL

Sheet WRes
A1: Data | B1: Depósito | C1: Principal | D1: Balanço | E1: $ Bal | F1: $ Bal Ac | G1: % Bal | H1: % Bal Ac | I1: Pos.Liq. | J1: $ Liq | K1: $ Liq Ac | L1: % Liq | M1: % Liq Ac | N1: $ Aberto | O1: Obs.
A2: 42720 | C2: 31019.2 | D2: 31019.2 | I2: 31019.2
A3: 42727 | B3: 0 | C3: =IF(B3="","",C2+B3) -> 31019.2 | D3: 31637.31 | E3: =IF(B3="","",IF(D3="","",D3-D2-B3)) -> 618.11 | F3: =IF(E3="","",F2+E3) -> 618.11 | G3: =IF(E3="","",100*E3/C3) -> 1.9926691 | H3: =IF(F3="","",100*(F3/C3)) -> 1.9926691 | I3: 31637.31 | J3: =IF(B3="","",IF(I3="","",I3-I2-B3)) -> 618.11 | K3: =IF(J3="","",K2+J3) -> 618.11 | L3: =IF(J3="","",100*J3/(I2+0.5*B3)) -> 1.9926691 | M3: =IF(K3="","",100*K3/C3) -> 1.9926691 | N3: =IF(D3="","",IF(I3="","",I3-D3)) -> 0
A4: 42734 | B4: 0 | C4: =IF(B4="","",C3+B4) -> 31019.2 | D4: 33112.58 | E4: =IF(B4="","",IF(D4="","",D4-D3-B4)) -> 1475.27 | F4: =IF(E4="","",F3+E4) -> 2093.38 | G4: =IF(E4="","",100*E4/(D3+0.5*B4)) -> 4.6630703 | H4: =IF(F4="","",100*(F4/C4)) -> 6.7486589 | I4: 33112.58 | J4: =IF(B4="","",IF(I4="","",I4-I3-B4)) -> 1475.27 | K4: =IF(J4="","",K3+J4) -> 2093.38 | L4: =IF(J4="","",100*J4/(I3+0.5*B4)) -> 4.6630703 | M4: =IF(K4="","",100*K4/C4) -> 6.7486589 | N4: =IF(D4="","",IF(I4="","",I4-D4)) -> 0
C5: =IF(B5="","",C4+B5) | E5: =IF(B5="","",IF(D5="","",D5-D4-B5)) | F5: =IF(E5="","",F4+E5) | G5: =IF(E5="","",100*E5/(D4+0.5*B5)) | H5: =IF(F5="","",100*(F5/C5)) | J5: =IF(B5="","",IF(I5="","",I5-I4-B5)) | K5: =IF(J5="","",K4+J5) | L5: =IF(J5="","",100*J5/(I4+0.5*B5)) | M5: =IF(K5="","",100*K5/C5) | N5: =IF(D5="","",IF(I5="","",I5-D5))
C6: =IF(B6="","",C5+B6) | E6: =IF(B6="","",IF(D6="","",D6-D5-B6)) | F6: =IF(E6="","",F5+E6) | G6: =IF(E6="","",100*E6/(D5+0.5*B6)) | H6: =IF(F6="","",100*(F6/C6)) | J6: =IF(B6="","",IF(I6="","",I6-I5-B6)) | K6: =IF(J6="","",K5+J6) | L6: =IF(J6="","",100*J6/(I5+0.5*B6)) | M6: =IF(K6="","",100*K6/C6) | N6: =IF(D6="","",IF(I6="","",I6-D6))
C7: =IF(B7="","",C6+B7) | E7: =IF(B7="","",IF(D7="","",D7-D6-B7)) | F7: =IF(E7="","",F6+E7) | G7: =IF(E7="","",100*E7/(D6+0.5*B7)) | H7: =IF(F7="","",100*(F7/C7)) | J7: =IF(B7="","",IF(I7="","",I7-I6-B7)) | K7: =IF(J7="","",K6+J7) | L7: =IF(J7="","",100*J7/(I6+0.5*B7)) | M7: =IF(K7="","",100*K7/C7) | N7: =IF(D7="","",IF(I7="","",I7-D7))
C8: =IF(B8="","",C7+B8) | E8: =IF(B8="","",IF(D8="","",D8-D7-B8)) | F8: =IF(E8="","",F7+E8) | G8: =IF(E8="","",100*E8/(D7+0.5*B8)) | H8: =IF(F8="","",100*(F8/C8)) | J8: =IF(B8="","",IF(I8="","",I8-I7-B8)) | K8: =IF(J8="","",K7+J8) | L8: =IF(J8="","",100*J8/(I7+0.5*B8)) | M8: =IF(K8="","",100*K8/C8) | N8: =IF(D8="","",IF(I8="","",I8-D8))
C9: =IF(B9="","",C8+B9) | E9: =IF(B9="","",IF(D9="","",D9-D8-B9)) | F9: =IF(E9="","",F8+E9) | G9: =IF(E9="","",100*E9/(D8+0.5*B9)) | H9: =IF(F9="","",100*(F9/C9)) | J9: =IF(B9="","",IF(I9="","",I9-I8-B9)) | K9: =IF(J9="","",K8+J9) | L9: =IF(J9="","",100*J9/(I8+0.5*B9)) | M9: =IF(K9="","",100*K9/C9) | N9: =IF(D9="","",IF(I9="","",I9-D9))
C10: =IF(B10="","",C9+B10) | E10: =IF(B10="","",IF(D10="","",D10-D9-B10)) | F10: =IF(E10="","",F9+E10) | G10: =IF(E10="","",100*E10/(D9+0.5*B10)) | H10: =IF(F10="","",100*(F10/C10)) | J10: =IF(B10="","",IF(I10="","",I10-I9-B10)) | K10: =IF(J10="","",K9+J10) | L10: =IF(J10="","",100*J10/(I9+0.5*B10)) | M10: =IF(K10="","",100*K10/C10) | N10: =IF(D10="","",IF(I10="","",I10-D10))
C11: =IF(B11="","",C10+B11) | E11: =IF(B11="","",IF(D11="","",D11-D10-B11)) | F11: =IF(E11="","",F10+E11) | G11: =IF(E11="","",100*E11/(D10+0.5*B11)) | H11: =IF(F11="","",100*(F11/C11)) | J11: =IF(B11="","",IF(I11="","",I11-I10-B11)) | K11: =IF(J11="","",K10+J11) | L11: =IF(J11="","",100*J11/(I10+0.5*B11)) | M11: =IF(K11="","",100*K11/C11) | N11: =IF(D11="","",IF(I11="","",I11-D11))
C12: =IF(B12="","",C11+B12) | E12: =IF(B12="","",IF(D12="","",D12-D11-B12)) | F12: =IF(E12="","",F11+E12) | G12: =IF(E12="","",100*E12/(D11+0.5*B12)) | H12: =IF(F12="","",100*(F12/C12)) | J12: =IF(B12="","",IF(I12="","",I12-I11-B12)) | K12: =IF(J12="","",K11+J12) | L12: =IF(J12="","",100*J12/(I11+0.5*B12)) | M12: =IF(K12="","",100*K12/C12) | N12: =IF(D12="","",IF(I12="","",I12-D12))
C13: =IF(B13="","",C12+B13) | E13: =IF(B13="","",IF(D13="","",D13-D12-B13)) | F13: =IF(E13="","",F12+E13) | G13: =IF(E13="","",100*E13/(D12+0.5*B13)) | H13: =IF(F13="","",100*(F13/C13)) | J13: =IF(B13="","",IF(I13="","",I13-I12-B13)) | K13: =IF(J13="","",K12+J13) | L13: =IF(J13="","",100*J13/(I12+0.5*B13)) | M13: =IF(K13="","",100*K13/C13) | N13: =IF(D13="","",IF(I13="","",I13-D13))
C14: =IF(B14="","",C13+B14) | E14: =IF(B14="","",IF(D14="","",D14-D13-B14)) | F14: =IF(E14="","",F13+E14) | G14: =IF(E14="","",100*E14/(D13+0.5*B14)) | H14: =IF(F14="","",100*(F14/C14)) | J14: =IF(B14="","",IF(I14="","",I14-I13-B14)) | K14: =IF(J14="","",K13+J14) | L14: =IF(J14="","",100*J14/(I13+0.5*B14)) | M14: =IF(K14="","",100*K14/C14) | N14: =IF(D14="","",IF(I14="","",I14-D14))
C15: =IF(B15="","",C14+B15) | E15: =IF(B15="","",IF(D15="","",D15-D14-B15)) | F15: =IF(E15="","",F14+E15) | G15: =IF(E15="","",100*E15/(D14+0.5*B15)) | H15: =IF(F15="","",100*(F15/C15)) | J15: =IF(B15="","",IF(I15="","",I15-I14-B15)) | K15: =IF(J15="","",K14+J15) | L15: =IF(J15="","",100*J15/(I14+0.5*B15)) | M15: =IF(K15="","",100*K15/C15) | N15: =IF(D15="","",IF(I15="","",I15-D15))
C16: =IF(B16="","",C15+B16) | E16: =IF(B16="","",IF(D16="","",D16-D15-B16)) | F16: =IF(E16="","",F15+E16) | G16: =IF(E16="","",100*E16/(D15+0.5*B16)) | H16: =IF(F16="","",100*(F16/C16)) | J16: =IF(B16="","",IF(I16="","",I16-I15-B16)) | K16: =IF(J16="","",K15+J16) | L16: =IF(J16="","",100*J16/(I15+0.5*B16)) | M16: =IF(K16="","",100*K16/C16) | N16: =IF(D16="","",IF(I16="","",I16-D16))
... C102: =IF(B102="","",C101+B102) | E102: =IF(B102="","",IF(D102="","",D102-D101-B102)) | F102: =IF(E102="","",F101+E102) | G102: =IF(E102="","",100*E102/(D101+0.5*B102)) | H102: =IF(F102="","",100*(F102/C102)) | J102: =IF(B102="","",IF(I102="","",I102-I101-B102)) | K102: =IF(J102="","",K101+J102) | L102: =IF(J102="","",100*J102/(I101+0.5*B102)) | M102: =IF(K102="","",100*K102/C102) | N102: =IF(D102="","",IF(I102="","",I102-D102))

Sheet WMéd
A1: Data | B1: % Liq | C1: # | D1: Fator | E1: # | F1: Mhist | G1: # | H1: Fator | I1: # | J1: Fator | K1: Mrec1 | L1: Mrec2 | M1: Obs.
A2: =IF(WRes!A2="","",WRes!A2) -> 42720 | C2: 0 | D2: 1 | E2: 0
A3: =IF(WRes!A3="","",WRes!A3) -> 42727 | B3: =WRes!L3 -> 1.9926691 | C3: =IF(B3="","",C2+1) -> 1 | D3: =IF(B3="","",D2*(1+B3/100)) -> 1.0199267 | E3: =IF(D3="","",E2+1) -> 1 | F3: =IF(B3="","",100*(D3^(1/C3)-1)) -> 1.9926691 | N3: Mhist
A4: =IF(WRes!A4="","",WRes!A4) -> 42734 | B4: =WRes!L4 -> 4.6630703 | C4: =IF(B4="","",C3+1) -> 2 | D4: =IF(B4="","",D3*(1+B4/100)) -> 1.0674866 | E4: =IF(D4="","",E3+1) -> 2 | F4: =IF(B4="","",100*(D4^(1/C4)-1)) -> 3.3192426 | N4: =IF(F3="","",VLOOKUP(MAX(E3:E102),E3:F102,2,FALSE)) -> 3.3192426 | P4: Há ganho consistente?
A5: =IF(WRes!A5="","",WRes!A5) | B5: =WRes!L5 | C5: =IF(B5="","",C4+1) | D5: =IF(B5="","",D4*(1+B5/100)) | E5: =IF(D5="","",E4+1) | F5: =IF(B5="","",100*(D5^(1/C5)-1))
A6: =IF(WRes!A6="","",WRes!A6) | B6: =WRes!L6 | C6: =IF(B6="","",C5+1) | D6: =IF(B6="","",D5*(1+B6/100)) | E6: =IF(D6="","",E5+1) | F6: =IF(B6="","",100*(D6^(1/C6)-1)) | G6: 0 | H6: 1 | P6: Wilcoxon (WRes!I2:I5) | R6: =_xlfn.T.TEST(WRes!I2:I3,WRes!I4:I5,2,3) -> #DIV/0! | S6: =1-R6 -> #DIV/0!
A7: =IF(WRes!A7="","",WRes!A7) | B7: =WRes!L7 | C7: =IF(B7="","",C6+1) | D7: =IF(B7="","",D6*(1+B7/100)) | E7: =IF(D7="","",E6+1) | F7: =IF(B7="","",100*(D7^(1/C7)-1)) | G7: =IF(D7="","",G6+1) | H7: =IF(B7="","",H6*(1+B7/100)) | I7: 0 | J7: 1 | K7: =IF(B7="","",100*(H7^(1/G7)-1))
A8: =IF(WRes!A8="","",WRes!A8) | B8: =WRes!L8 | C8: =IF(B8="","",C7+1) | D8: =IF(B8="","",D7*(1+B8/100)) | E8: =IF(D8="","",E7+1) | F8: =IF(B8="","",100*(D8^(1/C8)-1)) | G8: =IF(D8="","",G7+1) | H8: =IF(B8="","",H7*(1+B8/100)) | I8: =IF(H8="","",I7+1) | J8: =IF(B8="","",J7*(1+B8/100)) | K8: =IF(B8="","",100*(H8^(1/G8)-1)) | L8: =IF(B8="","",100*(J8^(1/I8)-1)) | P8: O desempenho está melhorando?
A9: =IF(WRes!A9="","",WRes!A9) | B9: =WRes!L9 | C9: =IF(B9="","",C8+1) | D9: =IF(B9="","",D8*(1+B9/100)) | E9: =IF(D9="","",E8+1) | F9: =IF(B9="","",100*(D9^(1/C9)-1)) | G9: =IF(D9="","",G8+1) | H9: =IF(B9="","",H8*(1+B9/100)) | I9: =IF(H9="","",I8+1) | J9: =IF(B9="","",J8*(1+B9/100)) | K9: =IF(B9="","",100*(H9^(1/G9)-1)) | L9: =IF(B9="","",100*(J9^(1/I9)-1))
A10: =IF(WRes!A10="","",WRes!A10) | B10: =WRes!L10 | C10: =IF(B10="","",C9+1) | D10: =IF(B10="","",D9*(1+B10/100)) | E10: =IF(D10="","",E9+1) | F10: =IF(B10="","",100*(D10^(1/C10)-1)) | G10: =IF(D10="","",G9+1) | H10: =IF(B10="","",H9*(1+B10/100)) | I10: =IF(H10="","",I9+1) | J10: =IF(B10="","",J9*(1+B10/100)) | K10: =IF(B10="","",100*(H10^(1/G10)-1)) | L10: =IF(B10="","",100*(J10^(1/I10)-1)) | P10: Wilcoxon (B3:B6) | R10: =_xlfn.T.TEST(B3:B4,B5:B6,2,3) -> #DIV/0! | S10: =1-R10 -> #DIV/0!
A11: =IF(WRes!A11="","",WRes!A11) | B11: =WRes!L11 | C11: =IF(B11="","",C10+1) | D11: =IF(B11="","",D10*(1+B11/100)) | E11: =IF(D11="","",E10+1) | F11: =IF(B11="","",100*(D11^(1/C11)-1)) | G11: =IF(D11="","",G10+1) | H11: =IF(B11="","",H10*(1+B11/100)) | I11: =IF(H11="","",I10+1) | J11: =IF(B11="","",J10*(1+B11/100)) | K11: =IF(B11="","",100*(H11^(1/G11)-1)) | L11: =IF(B11="","",100*(J11^(1/I11)-1))
A12: =IF(WRes!A12="","",WRes!A12) | B12: =WRes!L12 | C12: =IF(B12="","",C11+1) | D12: =IF(B12="","",D11*(1+B12/100)) | E12: =IF(D12="","",E11+1) | F12: =IF(B12="","",100*(D12^(1/C12)-1)) | G12: =IF(D12="","",G11+1) | H12: =IF(B12="","",H11*(1+B12/100)) | I12: =IF(H12="","",I11+1) | J12: =IF(B12="","",J11*(1+B12/100)) | K12: =IF(B12="","",100*(H12^(1/G12)-1)) | L12: =IF(B12="","",100*(J12^(1/I12)-1))
A13: =IF(WRes!A13="","",WRes!A13) | B13: =WRes!L13 | C13: =IF(B13="","",C12+1) | D13: =IF(B13="","",D12*(1+B13/100)) | E13: =IF(D13="","",E12+1) | F13: =IF(B13="","",100*(D13^(1/C13)-1)) | G13: =IF(D13="","",G12+1) | H13: =IF(B13="","",H12*(1+B13/100)) | I13: =IF(H13="","",I12+1) | J13: =IF(B13="","",J12*(1+B13/100)) | K13: =IF(B13="","",100*(H13^(1/G13)-1)) | L13: =IF(B13="","",100*(J13^(1/I13)-1))
A14: =IF(WRes!A14="","",WRes!A14) | B14: =WRes!L14 | C14: =IF(B14="","",C13+1) | D14: =IF(B14="","",D13*(1+B14/100)) | E14: =IF(D14="","",E13+1) | F14: =IF(B14="","",100*(D14^(1/C14)-1)) | G14: =IF(D14="","",G13+1) | H14: =IF(B14="","",H13*(1+B14/100)) | I14: =IF(H14="","",I13+1) | J14: =IF(B14="","",J13*(1+B14/100)) | K14: =IF(B14="","",100*(H14^(1/G14)-1)) | L14: =IF(B14="","",100*(J14^(1/I14)-1))
A15: =IF(WRes!A15="","",WRes!A15) | B15: =WRes!L15 | C15: =IF(B15="","",C14+1) | D15: =IF(B15="","",D14*(1+B15/100)) | E15: =IF(D15="","",E14+1) | F15: =IF(B15="","",100*(D15^(1/C15)-1)) | G15: =IF(D15="","",G14+1) | H15: =IF(B15="","",H14*(1+B15/100)) | I15: =IF(H15="","",I14+1) | J15: =IF(B15="","",J14*(1+B15/100)) | K15: =IF(B15="","",100*(H15^(1/G15)-1)) | L15: =IF(B15="","",100*(J15^(1/I15)-1))
A16: =IF(WRes!A16="","",WRes!A16) | B16: =WRes!L16 | C16: =IF(B16="","",C15+1) | D16: =IF(B16="","",D15*(1+B16/100)) | E16: =IF(D16="","",E15+1) | F16: =IF(B16="","",100*(D16^(1/C16)-1)) | G16: =IF(D16="","",G15+1) | H16: =IF(B16="","",H15*(1+B16/100)) | I16: =IF(H16="","",I15+1) | J16: =IF(B16="","",J15*(1+B16/100)) | K16: =IF(B16="","",100*(H16^(1/G16)-1)) | L16: =IF(B16="","",100*(J16^(1/I16)-1))
A17: =IF(WRes!A17="","",WRes!A17) | B17: =WRes!L17 | C17: =IF(B17="","",C16+1) | D17: =IF(B17="","",D16*(1+B17/100)) | E17: =IF(D17="","",E16+1) | F17: =IF(B17="","",100*(D17^(1/C17)-1)) | G17: =IF(D17="","",G16+1) | H17: =IF(B17="","",H16*(1+B17/100)) | I17: =IF(H17="","",I16+1) | J17: =IF(B17="","",J16*(1+B17/100)) | K17: =IF(B17="","",100*(H17^(1/G17)-1)) | L17: =IF(B17="","",100*(J17^(1/I17)-1))
A18: =IF(WRes!A18="","",WRes!A18) | B18: =WRes!L18 | C18: =IF(B18="","",C17+1) | D18: =IF(B18="","",D17*(1+B18/100)) | E18: =IF(D18="","",E17+1) | F18: =IF(B18="","",100*(D18^(1/C18)-1)) | G18: =IF(D18="","",G17+1) | H18: =IF(B18="","",H17*(1+B18/100)) | I18: =IF(H18="","",I17+1) | J18: =IF(B18="","",J17*(1+B18/100)) | K18: =IF(B18="","",100*(H18^(1/G18)-1)) | L18: =IF(B18="","",100*(J18^(1/I18)-1))
A19: =IF(WRes!A19="","",WRes!A19) | B19: =WRes!L19 | C19: =IF(B19="","",C18+1) | D19: =IF(B19="","",D18*(1+B19/100)) | E19: =IF(D19="","",E18+1) | F19: =IF(B19="","",100*(D19^(1/C19)-1)) | G19: =IF(D19="","",G18+1) | H19: =IF(B19="","",H18*(1+B19/100)) | I19: =IF(H19="","",I18+1) | J19: =IF(B19="","",J18*(1+B19/100)) | K19: =IF(B19="","",100*(H19^(1/G19)-1)) | L19: =IF(B19="","",100*(J19^(1/I19)-1))
A20: =IF(WRes!A20="","",WRes!A20) | B20: =WRes!L20 | C20: =IF(B20="","",C19+1) | D20: =IF(B20="","",D19*(1+B20/100)) | E20: =IF(D20="","",E19+1) | F20: =IF(B20="","",100*(D20^(1/C20)-1)) | G20: =IF(D20="","",G19+1) | H20: =IF(B20="","",H19*(1+B20/100)) | I20: =IF(H20="","",I19+1) | J20: =IF(B20="","",J19*(1+B20/100)) | K20: =IF(B20="","",100*(H20^(1/G20)-1)) | L20: =IF(B20="","",100*(J20^(1/I20)-1))
A21: =IF(WRes!A21="","",WRes!A21) | B21: =WRes!L21 | C21: =IF(B21="","",C20+1) | D21: =IF(B21="","",D20*(1+B21/100)) | E21: =IF(D21="","",E20+1) | F21: =IF(B21="","",100*(D21^(1/C21)-1)) | G21: =IF(D21="","",G20+1) | H21: =IF(B21="","",H20*(1+B21/100)) | I21: =IF(H21="","",I20+1) | J21: =IF(B21="","",J20*(1+B21/100)) | K21: =IF(B21="","",100*(H21^(1/G21)-1)) | L21: =IF(B21="","",100*(J21^(1/I21)-1))
A22: =IF(WRes!A22="","",WRes!A22) | B22: =WRes!L22 | C22: =IF(B22="","",C21+1) | D22: =IF(B22="","",D21*(1+B22/100)) | E22: =IF(D22="","",E21+1) | F22: =IF(B22="","",100*(D22^(1/C22)-1)) | G22: =IF(D22="","",G21+1) | H22: =IF(B22="","",H21*(1+B22/100)) | I22: =IF(H22="","",I21+1) | J22: =IF(B22="","",J21*(1+B22/100)) | K22: =IF(B22="","",100*(H22^(1/G22)-1)) | L22: =IF(B22="","",100*(J22^(1/I22)-1))
... A102: =IF(WRes!A102="","",WRes!A102) | B102: =WRes!L102 | C102: =IF(B102="","",C101+1) | D102: =IF(B102="","",D101*(1+B102/100)) | E102: =IF(D102="","",E101+1) | F102: =IF(B102="","",100*(D102^(1/C102)-1)) | G102: =IF(D102="","",G101+1) | H102: =IF(B102="","",H101*(1+B102/100)) | I102: =IF(H102="","",I101+1) | J102: =IF(B102="","",J101*(1+B102/100)) | K102: =IF(B102="","",100*(H102^(1/G102)-1)) | L102: =IF(B102="","",100*(J102^(1/I102)-1))

Sheet MRes
A1: Data | B1: Depósito | C1: Principal | D1: Balanço | E1: $ Bal | F1: $ Bal Ac | G1: % Bal | H1: % Bal Ac | I1: Pos.Liq. | J1: $ Liq | K1: $ Liq Ac | L1: % Liq | M1: % Liq Ac | N1: $ Aberto | O1: Obs.
A2: 42720 | C2: 31019.2 | D2: 31019.2 | I2: 31019.2
A3: 42735 | B3: 0 | C3: =IF(B3="","",C2+B3) -> 31019.2 | D3: 33112.58 | E3: =IF(B3="","",IF(D3="","",D3-D2-B3)) -> 2093.38 | F3: =IF(E3="","",F2+E3) -> 2093.38 | G3: =IF(E3="","",100*E3/(D2+0.5*B3)) -> 6.7486589 | H3: =IF(F3="","",100*(F3/C3)) -> 6.7486589 | I3: 33112.58 | J3: =IF(B3="","",IF(I3="","",I3-I2-B3)) -> 2093.38 | K3: =IF(J3="","",K2+J3) -> 2093.38 | L3: =IF(J3="","",100*J3/(I2+0.5*B3)) -> 6.7486589 | M3: =IF(K3="","",100*K3/C3) -> 6.7486589 | N3: =IF(D3="","",IF(I3="","",I3-D3)) -> 0
C4: =IF(B4="","",C3+B4) | E4: =IF(B4="","",IF(D4="","",D4-D3-B4)) | F4: =IF(E4="","",F3+E4) | G4: =IF(E4="","",100*E4/(D3+0.5*B4)) | H4: =IF(F4="","",100*(F4/C4)) | J4: =IF(B4="","",IF(I4="","",I4-I3-B4)) | K4: =IF(J4="","",K3+J4) | L4: =IF(J4="","",100*J4/(I3+0.5*B4)) | M4: =IF(K4="","",100*K4/C4) | N4: =IF(D4="","",IF(I4="","",I4-D4))
C5: =IF(B5="","",C4+B5) | E5: =IF(B5="","",IF(D5="","",D5-D4-B5)) | F5: =IF(E5="","",F4+E5) | G5: =IF(E5="","",100*E5/(D4+0.5*B5)) | H5: =IF(F5="","",100*(F5/C5)) | J5: =IF(B5="","",IF(I5="","",I5-I4-B5)) | K5: =IF(J5="","",K4+J5) | L5: =IF(J5="","",100*J5/(I4+0.5*B5)) | M5: =IF(K5="","",100*K5/C5) | N5: =IF(D5="","",IF(I5="","",I5-D5))
C6: =IF(B6="","",C5+B6) | E6: =IF(B6="","",IF(D6="","",D6-D5-B6)) | F6: =IF(E6="","",F5+E6) | G6: =IF(E6="","",100*E6/(D5+0.5*B6)) | H6: =IF(F6="","",100*(F6/C6)) | J6: =IF(B6="","",IF(I6="","",I6-I5-B6)) | K6: =IF(J6="","",K5+J6) | L6: =IF(J6="","",100*J6/(I5+0.5*B6)) | M6: =IF(K6="","",100*K6/C6) | N6: =IF(D6="","",IF(I6="","",I6-D6))
C7: =IF(B7="","",C6+B7) | E7: =IF(B7="","",IF(D7="","",D7-D6-B7)) | F7: =IF(E7="","",F6+E7) | G7: =IF(E7="","",100*E7/(D6+0.5*B7)) | H7: =IF(F7="","",100*(F7/C7)) | J7: =IF(B7="","",IF(I7="","",I7-I6-B7)) | K7: =IF(J7="","",K6+J7) | L7: =IF(J7="","",100*J7/(I6+0.5*B7)) | M7: =IF(K7="","",100*K7/C7) | N7: =IF(D7="","",IF(I7="","",I7-D7))
C8: =IF(B8="","",C7+B8) | E8: =IF(B8="","",IF(D8="","",D8-D7-B8)) | F8: =IF(E8="","",F7+E8) | G8: =IF(E8="","",100*E8/(D7+0.5*B8)) | H8: =IF(F8="","",100*(F8/C8)) | J8: =IF(B8="","",IF(I8="","",I8-I7-B8)) | K8: =IF(J8="","",K7+J8) | L8: =IF(J8="","",100*J8/(I7+0.5*B8)) | M8: =IF(K8="","",100*K8/C8) | N8: =IF(D8="","",IF(I8="","",I8-D8))
C9: =IF(B9="","",C8+B9) | E9: =IF(B9="","",IF(D9="","",D9-D8-B9)) | F9: =IF(E9="","",F8+E9) | G9: =IF(E9="","",100*E9/(D8+0.5*B9)) | H9: =IF(F9="","",100*(F9/C9)) | J9: =IF(B9="","",IF(I9="","",I9-I8-B9)) | K9: =IF(J9="","",K8+J9) | L9: =IF(J9="","",100*J9/(I8+0.5*B9)) | M9: =IF(K9="","",100*K9/C9) | N9: =IF(D9="","",IF(I9="","",I9-D9))
C10: =IF(B10="","",C9+B10) | E10: =IF(B10="","",IF(D10="","",D10-D9-B10)) | F10: =IF(E10="","",F9+E10) | G10: =IF(E10="","",100*E10/(D9+0.5*B10)) | H10: =IF(F10="","",100*(F10/C10)) | J10: =IF(B10="","",IF(I10="","",I10-I9-B10)) | K10: =IF(J10="","",K9+J10) | L10: =IF(J10="","",100*J10/(I9+0.5*B10)) | M10: =IF(K10="","",100*K10/C10) | N10: =IF(D10="","",IF(I10="","",I10-D10))
C11: =IF(B11="","",C10+B11) | E11: =IF(B11="","",IF(D11="","",D11-D10-B11)) | F11: =IF(E11="","",F10+E11) | G11: =IF(E11="","",100*E11/(D10+0.5*B11)) | H11: =IF(F11="","",100*(F11/C11)) | J11: =IF(B11="","",IF(I11="","",I11-I10-B11)) | K11: =IF(J11="","",K10+J11) | L11: =IF(J11="","",100*J11/(I10+0.5*B11)) | M11: =IF(K11="","",100*K11/C11) | N11: =IF(D11="","",IF(I11="","",I11-D11))
C12: =IF(B12="","",C11+B12) | E12: =IF(B12="","",IF(D12="","",D12-D11-B12)) | F12: =IF(E12="","",F11+E12) | G12: =IF(E12="","",100*E12/(D11+0.5*B12)) | H12: =IF(F12="","",100*(F12/C12)) | J12: =IF(B12="","",IF(I12="","",I12-I11-B12)) | K12: =IF(J12="","",K11+J12) | L12: =IF(J12="","",100*J12/(I11+0.5*B12)) | M12: =IF(K12="","",100*K12/C12) | N12: =IF(D12="","",IF(I12="","",I12-D12))
C13: =IF(B13="","",C12+B13) | E13: =IF(B13="","",IF(D13="","",D13-D12-B13)) | F13: =IF(E13="","",F12+E13) | G13: =IF(E13="","",100*E13/(D12+0.5*B13)) | H13: =IF(F13="","",100*(F13/C13)) | J13: =IF(B13="","",IF(I13="","",I13-I12-B13)) | K13: =IF(J13="","",K12+J13) | L13: =IF(J13="","",100*J13/(I12+0.5*B13)) | M13: =IF(K13="","",100*K13/C13) | N13: =IF(D13="","",IF(I13="","",I13-D13))
C14: =IF(B14="","",C13+B14) | E14: =IF(B14="","",IF(D14="","",D14-D13-B14)) | F14: =IF(E14="","",F13+E14) | G14: =IF(E14="","",100*E14/(D13+0.5*B14)) | H14: =IF(F14="","",100*(F14/C14)) | J14: =IF(B14="","",IF(I14="","",I14-I13-B14)) | K14: =IF(J14="","",K13+J14) | L14: =IF(J14="","",100*J14/(I13+0.5*B14)) | M14: =IF(K14="","",100*K14/C14) | N14: =IF(D14="","",IF(I14="","",I14-D14))
C15: =IF(B15="","",C14+B15) | E15: =IF(B15="","",IF(D15="","",D15-D14-B15)) | F15: =IF(E15="","",F14+E15) | G15: =IF(E15="","",100*E15/(D14+0.5*B15)) | H15: =IF(F15="","",100*(F15/C15)) | J15: =IF(B15="","",IF(I15="","",I15-I14-B15)) | K15: =IF(J15="","",K14+J15) | L15: =IF(J15="","",100*J15/(I14+0.5*B15)) | M15: =IF(K15="","",100*K15/C15) | N15: =IF(D15="","",IF(I15="","",I15-D15))
... C102: =IF(B102="","",C101+B102) | E102: =IF(B102="","",IF(D102="","",D102-D101-B102)) | F102: =IF(E102="","",F101+E102) | G102: =IF(E102="","",100*E102/(D101+0.5*B102)) | H102: =IF(F102="","",100*(F102/C102)) | J102: =IF(B102="","",IF(I102="","",I102-I101-B102)) | K102: =IF(J102="","",K101+J102) | L102: =IF(J102="","",100*J102/(I101+0.5*B102)) | M102: =IF(K102="","",100*K102/C102) | N102: =IF(D102="","",IF(I102="","",I102-D102))

Sheet MMéd
A1: Data | B1: % Liq | C1: # | D1: Fator | E1: # | F1: Mhist | G1: # | H1: Fator | I1: # | J1: Fator | K1: Mrec1 | L1: Mrec2 | M1: Obs.
A2: =IF(MRes!A2="","",MRes!A2) -> 42720 | C2: 0 | D2: 1 | E2: 0
A3: =IF(MRes!A3="","",MRes!A3) -> 42735 | B3: =MRes!L3 -> 6.7486589 | C3: =IF(B3="","",C2+1) -> 1 | D3: =IF(B3="","",D2*(1+B3/100)) -> 1.0674866 | E3: =IF(D3="","",E2+1) -> 1 | F3: =IF(B3="","",100*(D3^(1/C3)-1)) -> 6.7486589 | N3: Mhist
A4: =IF(MRes!A4="","",MRes!A4) | B4: =MRes!L4 | C4: =IF(B4="","",C3+1) | D4: =IF(B4="","",D3*(1+B4/100)) | E4: =IF(D4="","",E3+1) | F4: =IF(B4="","",100*(D4^(1/C4)-1)) | N4: =IF(F3="","",VLOOKUP(MAX(E3:E102),E3:F102,2,FALSE)) -> 6.7486589 | P4: Há ganho consistente?
A5: =IF(MRes!A5="","",MRes!A5) | B5: =MRes!L5 | C5: =IF(B5="","",C4+1) | D5: =IF(B5="","",D4*(1+B5/100)) | E5: =IF(D5="","",E4+1) | F5: =IF(B5="","",100*(D5^(1/C5)-1))
A6: =IF(MRes!A6="","",MRes!A6) | B6: =MRes!L6 | C6: =IF(B6="","",C5+1) | D6: =IF(B6="","",D5*(1+B6/100)) | E6: =IF(D6="","",E5+1) | F6: =IF(B6="","",100*(D6^(1/C6)-1)) | G6: 0 | H6: 1 | P6: Wilcoxon (MRes!I2:I5) | R6: =_xlfn.T.TEST(MRes!I2:I3,MRes!I4:I5,2,3) -> #DIV/0! | S6: =1-R6 -> #DIV/0!
A7: =IF(MRes!A7="","",MRes!A7) | B7: =MRes!L7 | C7: =IF(B7="","",C6+1) | D7: =IF(B7="","",D6*(1+B7/100)) | E7: =IF(D7="","",E6+1) | F7: =IF(B7="","",100*(D7^(1/C7)-1)) | G7: =IF(D7="","",G6+1) | H7: =IF(B7="","",H6*(1+B7/100)) | I7: 0 | J7: 1 | K7: =IF(B7="","",100*(H7^(1/G7)-1))
A8: =IF(MRes!A8="","",MRes!A8) | B8: =MRes!L8 | C8: =IF(B8="","",C7+1) | D8: =IF(B8="","",D7*(1+B8/100)) | E8: =IF(D8="","",E7+1) | F8: =IF(B8="","",100*(D8^(1/C8)-1)) | G8: =IF(D8="","",G7+1) | H8: =IF(B8="","",H7*(1+B8/100)) | I8: =IF(H8="","",I7+1) | J8: =IF(B8="","",J7*(1+B8/100)) | K8: =IF(B8="","",100*(H8^(1/G8)-1)) | L8: =IF(B8="","",100*(J8^(1/I8)-1)) | P8: O desempenho está melhorando?
A9: =IF(MRes!A9="","",MRes!A9) | B9: =MRes!L9 | C9: =IF(B9="","",C8+1) | D9: =IF(B9="","",D8*(1+B9/100)) | E9: =IF(D9="","",E8+1) | F9: =IF(B9="","",100*(D9^(1/C9)-1)) | G9: =IF(D9="","",G8+1) | H9: =IF(B9="","",H8*(1+B9/100)) | I9: =IF(H9="","",I8+1) | J9: =IF(B9="","",J8*(1+B9/100)) | K9: =IF(B9="","",100*(H9^(1/G9)-1)) | L9: =IF(B9="","",100*(J9^(1/I9)-1))
A10: =IF(MRes!A10="","",MRes!A10) | B10: =MRes!L10 | C10: =IF(B10="","",C9+1) | D10: =IF(B10="","",D9*(1+B10/100)) | E10: =IF(D10="","",E9+1) | F10: =IF(B10="","",100*(D10^(1/C10)-1)) | G10: =IF(D10="","",G9+1) | H10: =IF(B10="","",H9*(1+B10/100)) | I10: =IF(H10="","",I9+1) | J10: =IF(B10="","",J9*(1+B10/100)) | K10: =IF(B10="","",100*(H10^(1/G10)-1)) | L10: =IF(B10="","",100*(J10^(1/I10)-1)) | P10: Wilcoxon (B3:B6) | R10: =_xlfn.T.TEST(B3:B4,B5:B6,2,3) -> #DIV/0! | S10: =1-R10 -> #DIV/0!
A11: =IF(MRes!A11="","",MRes!A11) | B11: =MRes!L11 | C11: =IF(B11="","",C10+1) | D11: =IF(B11="","",D10*(1+B11/100)) | E11: =IF(D11="","",E10+1) | F11: =IF(B11="","",100*(D11^(1/C11)-1)) | G11: =IF(D11="","",G10+1) | H11: =IF(B11="","",H10*(1+B11/100)) | I11: =IF(H11="","",I10+1) | J11: =IF(B11="","",J10*(1+B11/100)) | K11: =IF(B11="","",100*(H11^(1/G11)-1)) | L11: =IF(B11="","",100*(J11^(1/I11)-1))
A12: =IF(MRes!A12="","",MRes!A12) | B12: =MRes!L12 | C12: =IF(B12="","",C11+1) | D12: =IF(B12="","",D11*(1+B12/100)) | E12: =IF(D12="","",E11+1) | F12: =IF(B12="","",100*(D12^(1/C12)-1)) | G12: =IF(D12="","",G11+1) | H12: =IF(B12="","",H11*(1+B12/100)) | I12: =IF(H12="","",I11+1) | J12: =IF(B12="","",J11*(1+B12/100)) | K12: =IF(B12="","",100*(H12^(1/G12)-1)) | L12: =IF(B12="","",100*(J12^(1/I12)-1))
A13: =IF(MRes!A13="","",MRes!A13) | B13: =MRes!L13 | C13: =IF(B13="","",C12+1) | D13: =IF(B13="","",D12*(1+B13/100)) | E13: =IF(D13="","",E12+1) | F13: =IF(B13="","",100*(D13^(1/C13)-1)) | G13: =IF(D13="","",G12+1) | H13: =IF(B13="","",H12*(1+B13/100)) | I13: =IF(H13="","",I12+1) | J13: =IF(B13="","",J12*(1+B13/100)) | K13: =IF(B13="","",100*(H13^(1/G13)-1)) | L13: =IF(B13="","",100*(J13^(1/I13)-1))
A14: =IF(MRes!A14="","",MRes!A14) | B14: =MRes!L14 | C14: =IF(B14="","",C13+1) | D14: =IF(B14="","",D13*(1+B14/100)) | E14: =IF(D14="","",E13+1) | F14: =IF(B14="","",100*(D14^(1/C14)-1)) | G14: =IF(D14="","",G13+1) | H14: =IF(B14="","",H13*(1+B14/100)) | I14: =IF(H14="","",I13+1) | J14: =IF(B14="","",J13*(1+B14/100)) | K14: =IF(B14="","",100*(H14^(1/G14)-1)) | L14: =IF(B14="","",100*(J14^(1/I14)-1))
A15: =IF(MRes!A15="","",MRes!A15) | B15: =MRes!L15 | C15: =IF(B15="","",C14+1) | D15: =IF(B15="","",D14*(1+B15/100)) | E15: =IF(D15="","",E14+1) | F15: =IF(B15="","",100*(D15^(1/C15)-1)) | G15: =IF(D15="","",G14+1) | H15: =IF(B15="","",H14*(1+B15/100)) | I15: =IF(H15="","",I14+1) | J15: =IF(B15="","",J14*(1+B15/100)) | K15: =IF(B15="","",100*(H15^(1/G15)-1)) | L15: =IF(B15="","",100*(J15^(1/I15)-1))
A16: =IF(MRes!A16="","",MRes!A16) | B16: =MRes!L16 | C16: =IF(B16="","",C15+1) | D16: =IF(B16="","",D15*(1+B16/100)) | E16: =IF(D16="","",E15+1) | F16: =IF(B16="","",100*(D16^(1/C16)-1)) | G16: =IF(D16="","",G15+1) | H16: =IF(B16="","",H15*(1+B16/100)) | I16: =IF(H16="","",I15+1) | J16: =IF(B16="","",J15*(1+B16/100)) | K16: =IF(B16="","",100*(H16^(1/G16)-1)) | L16: =IF(B16="","",100*(J16^(1/I16)-1))
A17: =IF(MRes!A17="","",MRes!A17) | B17: =MRes!L17 | C17: =IF(B17="","",C16+1) | D17: =IF(B17="","",D16*(1+B17/100)) | E17: =IF(D17="","",E16+1) | F17: =IF(B17="","",100*(D17^(1/C17)-1)) | G17: =IF(D17="","",G16+1) | H17: =IF(B17="","",H16*(1+B17/100)) | I17: =IF(H17="","",I16+1) | J17: =IF(B17="","",J16*(1+B17/100)) | K17: =IF(B17="","",100*(H17^(1/G17)-1)) | L17: =IF(B17="","",100*(J17^(1/I17)-1))
A18: =IF(MRes!A18="","",MRes!A18) | B18: =MRes!L18 | C18: =IF(B18="","",C17+1) | D18: =IF(B18="","",D17*(1+B18/100)) | E18: =IF(D18="","",E17+1) | F18: =IF(B18="","",100*(D18^(1/C18)-1)) | G18: =IF(D18="","",G17+1) | H18: =IF(B18="","",H17*(1+B18/100)) | I18: =IF(H18="","",I17+1) | J18: =IF(B18="","",J17*(1+B18/100)) | K18: =IF(B18="","",100*(H18^(1/G18)-1)) | L18: =IF(B18="","",100*(J18^(1/I18)-1))
A19: =IF(MRes!A19="","",MRes!A19) | B19: =MRes!L19 | C19: =IF(B19="","",C18+1) | D19: =IF(B19="","",D18*(1+B19/100)) | E19: =IF(D19="","",E18+1) | F19: =IF(B19="","",100*(D19^(1/C19)-1)) | G19: =IF(D19="","",G18+1) | H19: =IF(B19="","",H18*(1+B19/100)) | I19: =IF(H19="","",I18+1) | J19: =IF(B19="","",J18*(1+B19/100)) | K19: =IF(B19="","",100*(H19^(1/G19)-1)) | L19: =IF(B19="","",100*(J19^(1/I19)-1))
A20: =IF(MRes!A20="","",MRes!A20) | B20: =MRes!L20 | C20: =IF(B20="","",C19+1) | D20: =IF(B20="","",D19*(1+B20/100)) | E20: =IF(D20="","",E19+1) | F20: =IF(B20="","",100*(D20^(1/C20)-1)) | G20: =IF(D20="","",G19+1) | H20: =IF(B20="","",H19*(1+B20/100)) | I20: =IF(H20="","",I19+1) | J20: =IF(B20="","",J19*(1+B20/100)) | K20: =IF(B20="","",100*(H20^(1/G20)-1)) | L20: =IF(B20="","",100*(J20^(1/I20)-1))
A21: =IF(MRes!A21="","",MRes!A21) | B21: =MRes!L21 | C21: =IF(B21="","",C20+1) | D21: =IF(B21="","",D20*(1+B21/100)) | E21: =IF(D21="","",E20+1) | F21: =IF(B21="","",100*(D21^(1/C21)-1)) | G21: =IF(D21="","",G20+1) | H21: =IF(B21="","",H20*(1+B21/100)) | I21: =IF(H21="","",I20+1) | J21: =IF(B21="","",J20*(1+B21/100)) | K21: =IF(B21="","",100*(H21^(1/G21)-1)) | L21: =IF(B21="","",100*(J21^(1/I21)-1))
A22: =IF(MRes!A22="","",MRes!A22) | B22: =MRes!L22 | C22: =IF(B22="","",C21+1) | D22: =IF(B22="","",D21*(1+B22/100)) | E22: =IF(D22="","",E21+1) | F22: =IF(B22="","",100*(D22^(1/C22)-1)) | G22: =IF(D22="","",G21+1) | H22: =IF(B22="","",H21*(1+B22/100)) | I22: =IF(H22="","",I21+1) | J22: =IF(B22="","",J21*(1+B22/100)) | K22: =IF(B22="","",100*(H22^(1/G22)-1)) | L22: =IF(B22="","",100*(J22^(1/I22)-1))
... A102: =IF(MRes!A102="","",MRes!A102) | B102: =MRes!L102 | C102: =IF(B102="","",C101+1) | D102: =IF(B102="","",D101*(1+B102/100)) | E102: =IF(D102="","",E101+1) | F102: =IF(B102="","",100*(D102^(1/C102)-1)) | G102: =IF(D102="","",G101+1) | H102: =IF(B102="","",H101*(1+B102/100)) | I102: =IF(H102="","",I101+1) | J102: =IF(B102="","",J101*(1+B102/100)) | K102: =IF(B102="","",100*(H102^(1/G102)-1)) | L102: =IF(B102="","",100*(J102^(1/I102)-1))

Sheet Cap
A1: DATA | C1: PROJETADO
A2: Ano | B2: Mês | C2: Saldo | D2: Ganho | E2: Dep / Ret
A3: 2016 | B3: 40179 | C3: =E3 -> 0 | D3: =C3*$G$5 -> 0 | E3: 0
B4: =DATE(YEAR(B3),MONTH(B3)+1,DAY(B3)) -> 40210 | C4: =C3+D3+E4 -> 0 | D4: =C4*$G$5 -> 0 | E4: 0 | F4: Rentabilidade semanal (%) | G4: =WMéd!$N$4 -> 3.3192426
B5: =DATE(YEAR(B4),MONTH(B4)+1,DAY(B4)) -> 40238 | C5: =C4+D4+E5 -> 0 | D5: =C5*$G$5 -> 0 | E5: 0 | F5: Rentabilidade mensal | G5: =(1+G4/100)^(30/7)-1 -> 0.15020865
B6: =DATE(YEAR(B5),MONTH(B5)+1,DAY(B5)) -> 40269 | C6: =C5+D5+E6 -> 0 | D6: =C6*$G$5 -> 0 | E6: 0 | F6: Cotação do dólar | G6: 3.5
B7: =DATE(YEAR(B6),MONTH(B6)+1,DAY(B6)) -> 40299 | C7: =C6+D6+E7 -> 0 | D7: =C7*$G$5 -> 0 | E7: 0 | F7: Retirada mensal (%) | G7: 25
B8: =DATE(YEAR(B7),MONTH(B7)+1,DAY(B7)) -> 40330 | C8: =C7+D7+E8 -> 0 | D8: =C8*$G$5 -> 0 | E8: 0 | F8: Impostos | G8: 0.15
B9: =DATE(YEAR(B8),MONTH(B8)+1,DAY(B8)) -> 40360 | C9: =C8+D8+E9 -> 0 | D9: =C9*$G$5 -> 0 | E9: 0 | I9: Coluna C: saldo no início do mês
B10: =DATE(YEAR(B9),MONTH(B9)+1,DAY(B9)) -> 40391 | C10: =C9+D9+E10 -> 0 | D10: =C10*$G$5 -> 0 | E10: 0 | I10: Coluna D: ganhos no mês
B11: =DATE(YEAR(B10),MONTH(B10)+1,DAY(B10)) -> 40422 | C11: =C10+D10+E11 -> 0 | D11: =C11*$G$5 -> 0 | E11: 0 | I11: Coluna E: depósitos e retiradas no mês
B12: =DATE(YEAR(B11),MONTH(B11)+1,DAY(B11)) -> 40452 | C12: =C11+D11+E12 -> 0 | D12: =C12*$G$5 -> 0 | E12: 0
B13: =DATE(YEAR(B12),MONTH(B12)+1,DAY(B12)) -> 40483 | C13: =C12+D12+E13 -> 0 | D13: =C13*$G$5 -> 0 | E13: 0 | F13: SALÁRIO (livre de impostos)
B14: =DATE(YEAR(B13),MONTH(B13)+1,DAY(B13)) -> 40513 | C14: =C13+D13+E14 -> 31019.2 | D14: =C14*$G$5 -> 4659.3523 | E14: 31019.2 | F14: PROJETADO | G14: REAL
A15: =A3+1 -> 2017 | B15: =DATE(YEAR(B14),MONTH(B14)+1,DAY(B14)) -> 40544 | C15: =C14+D14+E15 -> 34513.714 | D15: =C15*$G$5 -> 5184.2585 | E15: =-D14*$G$7/100 -> -1164.8381 | F15: =-(E15-$G$8*E15)*$G$6 -> 3465.3932
B16: =DATE(YEAR(B15),MONTH(B15)+1,DAY(B15)) -> 40575 | C16: =C15+D15+E16 -> 38401.908 | D16: =C16*$G$5 -> 5768.2989 | E16: =-D15*$G$7/100 -> -1296.0646 | F16: =-(E16-$G$8*E16)*$G$6 -> 3855.7923
B17: =DATE(YEAR(B16),MONTH(B16)+1,DAY(B16)) -> 40603 | C17: =C16+D16+E17 -> 42728.132 | D17: =C17*$G$5 -> 6418.1352 | E17: =-D16*$G$7/100 -> -1442.0747 | F17: =-(E17-$G$8*E17)*$G$6 -> 4290.1723
B18: =DATE(YEAR(B17),MONTH(B17)+1,DAY(B17)) -> 40634 | C18: =C17+D17+E18 -> 47541.734 | D18: =C18*$G$5 -> 7141.1798 | E18: =-D17*$G$7/100 -> -1604.5338 | F18: =-(E18-$G$8*E18)*$G$6 -> 4773.4881
B19: =DATE(YEAR(B18),MONTH(B18)+1,DAY(B18)) -> 40664 | C19: =C18+D18+E19 -> 52897.619 | D19: =C19*$G$5 -> 7945.68 | E19: =-D18*$G$7/100 -> -1785.2949 | F19: =-(E19-$G$8*E19)*$G$6 -> 5311.2525
B20: =DATE(YEAR(B19),MONTH(B19)+1,DAY(B19)) -> 40695 | C20: =C19+D19+E20 -> 58856.879 | D20: =C20*$G$5 -> 8840.8125 | E20: =-D19*$G$7/100 -> -1986.42 | F20: =-(E20-$G$8*E20)*$G$6 -> 5909.5995
B21: =DATE(YEAR(B20),MONTH(B20)+1,DAY(B20)) -> 40725 | C21: =C20+D20+E21 -> 65487.488 | D21: =C21*$G$5 -> 9836.7874 | E21: =-D20*$G$7/100 -> -2210.2031 | F21: =-(E21-$G$8*E21)*$G$6 -> 6575.3543
B22: =DATE(YEAR(B21),MONTH(B21)+1,DAY(B21)) -> 40756 | C22: =C21+D21+E22 -> 72865.078 | D22: =C22*$G$5 -> 10944.965 | E22: =-D21*$G$7/100 -> -2459.1968 | F22: =-(E22-$G$8*E22)*$G$6 -> 7316.1106
B23: =DATE(YEAR(B22),MONTH(B22)+1,DAY(B22)) -> 40787 | C23: =C22+D22+E23 -> 81073.802 | D23: =C23*$G$5 -> 12177.987 | E23: =-D22*$G$7/100 -> -2736.2413 | F23: =-(E23-$G$8*E23)*$G$6 -> 8140.3179
B24: =DATE(YEAR(B23),MONTH(B23)+1,DAY(B23)) -> 40817 | C24: =C23+D23+E24 -> 90207.292 | D24: =C24*$G$5 -> 13549.916 | E24: =-D23*$G$7/100 -> -3044.4967 | F24: =-(E24-$G$8*E24)*$G$6 -> 9057.3776
B25: =DATE(YEAR(B24),MONTH(B24)+1,DAY(B24)) -> 40848 | C25: =C24+D24+E25 -> 100369.73 | D25: =C25*$G$5 -> 15076.402 | E25: =-D24*$G$7/100 -> -3387.479 | F25: =-(E25-$G$8*E25)*$G$6 -> 10077.75
B26: =DATE(YEAR(B25),MONTH(B25)+1,DAY(B25)) -> 40878 | C26: =C25+D25+E26 -> 111677.03 | D26: =C26*$G$5 -> 16774.856 | E26: =-D25*$G$7/100 -> -3769.1005 | F26: =-(E26-$G$8*E26)*$G$6 -> 11213.074
A27: =A15+1 -> 2018 | B27: =DATE(YEAR(B26),MONTH(B26)+1,DAY(B26)) -> 40909 | C27: =C26+D26+E27 -> 124258.17 | D27: =C27*$G$5 -> 18664.653 | E27: =-D26*$G$7/100 -> -4193.7141 | F27: =-(E27-$G$8*E27)*$G$6 -> 12476.299
B28: =DATE(YEAR(B27),MONTH(B27)+1,DAY(B27)) -> 40940 | C28: =C27+D27+E28 -> 138256.66 | D28: =C28*$G$5 -> 20767.347 | E28: =-D27*$G$7/100 -> -4666.1632 | F28: =-(E28-$G$8*E28)*$G$6 -> 13881.836
B29: =DATE(YEAR(B28),MONTH(B28)+1,DAY(B28)) -> 40969 | C29: =C28+D28+E29 -> 153832.17 | D29: =C29*$G$5 -> 23106.924 | E29: =-D28*$G$7/100 -> -5191.8368 | F29: =-(E29-$G$8*E29)*$G$6 -> 15445.714
B30: =DATE(YEAR(B29),MONTH(B29)+1,DAY(B29)) -> 41000 | C30: =C29+D29+E30 -> 171162.37 | D30: =C30*$G$5 -> 25710.068 | E30: =-D29*$G$7/100 -> -5776.7309 | F30: =-(E30-$G$8*E30)*$G$6 -> 17185.774
B31: =DATE(YEAR(B30),MONTH(B30)+1,DAY(B30)) -> 41030 | C31: =C30+D30+E31 -> 190444.92 | D31: =C31*$G$5 -> 28606.475 | E31: =-D30*$G$7/100 -> -6427.5171 | F31: =-(E31-$G$8*E31)*$G$6 -> 19121.863
B32: =DATE(YEAR(B31),MONTH(B31)+1,DAY(B31)) -> 41061 | C32: =C31+D31+E32 -> 211899.77 | D32: =C32*$G$5 -> 31829.18 | E32: =-D31*$G$7/100 -> -7151.6186 | F32: =-(E32-$G$8*E32)*$G$6 -> 21276.065
B33: =DATE(YEAR(B32),MONTH(B32)+1,DAY(B32)) -> 41091 | C33: =C32+D32+E33 -> 235771.66 | D33: =C33*$G$5 -> 35414.943 | E33: =-D32*$G$7/100 -> -7957.2949 | F33: =-(E33-$G$8*E33)*$G$6 -> 23672.952
B34: =DATE(YEAR(B33),MONTH(B33)+1,DAY(B33)) -> 41122 | C34: =C33+D33+E34 -> 262332.86 | D34: =C34*$G$5 -> 39404.666 | E34: =-D33*$G$7/100 -> -8853.7358 | F34: =-(E34-$G$8*E34)*$G$6 -> 26339.864
B35: =DATE(YEAR(B34),MONTH(B34)+1,DAY(B34)) -> 41153 | C35: =C34+D34+E35 -> 291886.36 | D35: =C35*$G$5 -> 43843.858 | E35: =-D34*$G$7/100 -> -9851.1666 | F35: =-(E35-$G$8*E35)*$G$6 -> 29307.221
B36: =DATE(YEAR(B35),MONTH(B35)+1,DAY(B35)) -> 41183 | C36: =C35+D35+E36 -> 324769.26 | D36: =C36*$G$5 -> 48783.153 | E36: =-D35*$G$7/100 -> -10960.964 | F36: =-(E36-$G$8*E36)*$G$6 -> 32608.869
B37: =DATE(YEAR(B36),MONTH(B36)+1,DAY(B36)) -> 41214 | C37: =C36+D36+E37 -> 361356.62 | D37: =C37*$G$5 -> 54278.892 | E37: =-D36*$G$7/100 -> -12195.788 | F37: =-(E37-$G$8*E37)*$G$6 -> 36282.47
B38: =DATE(YEAR(B37),MONTH(B37)+1,DAY(B37)) -> 41244 | C38: =C37+D37+E38 -> 402065.79 | D38: =C38*$G$5 -> 60393.761 | E38: =-D37*$G$7/100 -> -13569.723 | F38: =-(E38-$G$8*E38)*$G$6 -> 40369.926
A39: =A27+1 -> 2019 | B39: =DATE(YEAR(B38),MONTH(B38)+1,DAY(B38)) -> 41275 | C39: =C38+D38+E39 -> 447361.11 | D39: =C39*$G$5 -> 67197.51 | E39: =-D38*$G$7/100 -> -15098.44 | F39: =-(E39-$G$8*E39)*$G$6 -> 44917.86
B40: =DATE(YEAR(B39),MONTH(B39)+1,DAY(B39)) -> 41306 | C40: =C39+D39+E40 -> 497759.24 | D40: =C40*$G$5 -> 74767.746 | E40: =-D39*$G$7/100 -> -16799.378 | F40: =-(E40-$G$8*E40)*$G$6 -> 49978.148
B41: =DATE(YEAR(B40),MONTH(B40)+1,DAY(B40)) -> 41334 | C41: =C40+D40+E41 -> 553835.05 | D41: =C41*$G$5 -> 83190.818 | E41: =-D40*$G$7/100 -> -18691.936 | F41: =-(E41-$G$8*E41)*$G$6 -> 55608.511
B42: =DATE(YEAR(B41),MONTH(B41)+1,DAY(B41)) -> 41365 | C42: =C41+D41+E42 -> 616228.17 | D42: =C42*$G$5 -> 92562.803 | E42: =-D41*$G$7/100 -> -20797.704 | F42: =-(E42-$G$8*E42)*$G$6 -> 61873.171
B43: =DATE(YEAR(B42),MONTH(B42)+1,DAY(B42)) -> 41395 | C43: =C42+D42+E43 -> 685650.27 | D43: =C43*$G$5 -> 102990.6 | E43: =-D42*$G$7/100 -> -23140.701 | F43: =-(E43-$G$8*E43)*$G$6 -> 68843.585
B44: =DATE(YEAR(B43),MONTH(B43)+1,DAY(B43)) -> 41426 | C44: =C43+D43+E44 -> 762893.22 | D44: =C44*$G$5 -> 114593.16 | E44: =-D43*$G$7/100 -> -25747.651 | F44: =-(E44-$G$8*E44)*$G$6 -> 76599.261
B45: =DATE(YEAR(B44),MONTH(B44)+1,DAY(B44)) -> 41456 | C45: =C44+D44+E45 -> 848838.09 | D45: =C45*$G$5 -> 127502.83 | E45: =-D44*$G$7/100 -> -28648.291 | F45: =-(E45-$G$8*E45)*$G$6 -> 85228.665
B46: =DATE(YEAR(B45),MONTH(B45)+1,DAY(B45)) -> 41487 | C46: =C45+D45+E46 -> 944465.22 | D46: =C46*$G$5 -> 141866.85 | E46: =-D45*$G$7/100 -> -31875.707 | F46: =-(E46-$G$8*E46)*$G$6 -> 94830.228
B47: =DATE(YEAR(B46),MONTH(B46)+1,DAY(B46)) -> 41518 | C47: =C46+D46+E47 -> 1050865.4 | D47: =C47*$G$5 -> 157849.07 | E47: =-D46*$G$7/100 -> -35466.712 | F47: =-(E47-$G$8*E47)*$G$6 -> 105513.47
B48: =DATE(YEAR(B47),MONTH(B47)+1,DAY(B47)) -> 41548 | C48: =C47+D47+E48 -> 1169252.2 | D48: =C48*$G$5 -> 175631.79 | E48: =-D47*$G$7/100 -> -39462.267 | F48: =-(E48-$G$8*E48)*$G$6 -> 117400.25
B49: =DATE(YEAR(B48),MONTH(B48)+1,DAY(B48)) -> 41579 | C49: =C48+D48+E49 -> 1300976 | D49: =C49*$G$5 -> 195417.85 | E49: =-D48*$G$7/100 -> -43907.948 | F49: =-(E49-$G$8*E49)*$G$6 -> 130626.14
B50: =DATE(YEAR(B49),MONTH(B49)+1,DAY(B49)) -> 41609 | C50: =C49+D49+E50 -> 1447539.4 | D50: =C50*$G$5 -> 217432.94 | E50: =-D49*$G$7/100 -> -48854.463 | F50: =-(E50-$G$8*E50)*$G$6 -> 145342.03
A51: =A39+1 -> 2020 | B51: =DATE(YEAR(B50),MONTH(B50)+1,DAY(B50)) -> 41640 | C51: =C50+D50+E51 -> 1610614.1 | D51: =C51*$G$5 -> 241928.17 | E51: =-D50*$G$7/100 -> -54358.235 | F51: =-(E51-$G$8*E51)*$G$6 -> 161715.75
B52: =DATE(YEAR(B51),MONTH(B51)+1,DAY(B51)) -> 41671 | C52: =C51+D51+E52 -> 1792060.2 | D52: =C52*$G$5 -> 269182.95 | E52: =-D51*$G$7/100 -> -60482.043 | F52: =-(E52-$G$8*E52)*$G$6 -> 179934.08
B53: =DATE(YEAR(B52),MONTH(B52)+1,DAY(B52)) -> 41699 | C53: =C52+D52+E53 -> 1993947.4 | D53: =C53*$G$5 -> 299508.16 | E53: =-D52*$G$7/100 -> -67295.738 | F53: =-(E53-$G$8*E53)*$G$6 -> 200204.82
B54: =DATE(YEAR(B53),MONTH(B53)+1,DAY(B53)) -> 41730 | C54: =C53+D53+E54 -> 2218578.6 | D54: =C54*$G$5 -> 333249.7 | E54: =-D53*$G$7/100 -> -74877.04 | F54: =-(E54-$G$8*E54)*$G$6 -> 222759.19
B55: =DATE(YEAR(B54),MONTH(B54)+1,DAY(B54)) -> 41760 | C55: =C54+D54+E55 -> 2468515.8 | D55: =C55*$G$5 -> 370792.44 | E55: =-D54*$G$7/100 -> -83312.424 | F55: =-(E55-$G$8*E55)*$G$6 -> 247854.46
B56: =DATE(YEAR(B55),MONTH(B55)+1,DAY(B55)) -> 41791 | C56: =C55+D55+E56 -> 2746610.2 | D56: =C56*$G$5 -> 412564.61 | E56: =-D55*$G$7/100 -> -92698.11 | F56: =-(E56-$G$8*E56)*$G$6 -> 275776.88
B57: =DATE(YEAR(B56),MONTH(B56)+1,DAY(B56)) -> 41821 | C57: =C56+D56+E57 -> 3056033.6 | D57: =C57*$G$5 -> 459042.69 | E57: =-D56*$G$7/100 -> -103141.15 | F57: =-(E57-$G$8*E57)*$G$6 -> 306844.93
B58: =DATE(YEAR(B57),MONTH(B57)+1,DAY(B57)) -> 41852 | C58: =C57+D57+E58 -> 3400315.6 | D58: =C58*$G$5 -> 510756.83 | E58: =-D57*$G$7/100 -> -114760.67 | F58: =-(E58-$G$8*E58)*$G$6 -> 341413
B59: =DATE(YEAR(B58),MONTH(B58)+1,DAY(B58)) -> 41883 | C59: =C58+D58+E59 -> 3783383.3 | D59: =C59*$G$5 -> 568296.9 | E59: =-D58*$G$7/100 -> -127689.21 | F59: =-(E59-$G$8*E59)*$G$6 -> 379875.39
B60: =DATE(YEAR(B59),MONTH(B59)+1,DAY(B59)) -> 41913 | C60: =C59+D59+E60 -> 4209605.9 | D60: =C60*$G$5 -> 632319.24 | E60: =-D59*$G$7/100 -> -142074.23 | F60: =-(E60-$G$8*E60)*$G$6 -> 422670.82
B61: =DATE(YEAR(B60),MONTH(B60)+1,DAY(B60)) -> 41944 | C61: =C60+D60+E61 -> 4683845.4 | D61: =C61*$G$5 -> 703554.11 | E61: =-D60*$G$7/100 -> -158079.81 | F61: =-(E61-$G$8*E61)*$G$6 -> 470287.43
B62: =DATE(YEAR(B61),MONTH(B61)+1,DAY(B61)) -> 41974 | C62: =C61+D61+E62 -> 5211511 | D62: =C62*$G$5 -> 782814.04 | E62: =-D61*$G$7/100 -> -175888.53 | F62: =-(E62-$G$8*E62)*$G$6 -> 523268.37

Sheet Stop
B2: Lotes sem usar alvo e stop | F2: Conta | I2: Lotes usando alvo e stop
B3: Balanço | C3: 50000 | F3: Saldo inicial | G3: 50000 | I3: Ask | J3: 1.06463
B4: Leverage | C4: 2 | F4: Saldo Atual | G4: 30102.49 | I4: Lev Maxlots | J4: =G4*G6/J3/G5 -> 28.275072
B5: $ Lot size | C5: 100000 | F5: $ Lot size | G5: 100000 | I5: Margin Maxlots | J5: =G4/G5/(G7*J3/100/G6+J12/10000) -> 82.943878
B6: Lotes | C6: =IF(C3="","",IF(C4="","",IF(C5="","",C3*C4/C5))) -> 1 | F6: Leverage | G6: 100 | I6: Ideal Maxlots | J6: =IF(G13="","",IF(J12="","",G13/J12/10)) -> -638.8138
F7: Margin call | G7: 20 | I7: Lots limit | J7: =IF(J4<J5,IF(J4<J6,J4,J6),IF(J5<J6,J5,J6)) -> -638.8138
F8: Mín lot size | G8: 0.01 | I8: Limit type | J8: =IF(J7=J4,"MaxLev",IF(J7=J5,"Margin","Ideal")) -> Ideal
F9: Saldo Mín Op | G9: =IF(G8="","",G8*G5*J3/G6) -> 10.6463 | I9: % Agress | J9: 100
I10: Lots used | J10: =IF(J7="","",IF(J9="","",INT(J7*J9)/100)) -> -638.82
F11: Ideais por operação | I11: Leverage used | J11: =IF(J10="","",INT(G6*J10/J4)) -> -2260
F12: Capital em risco | G12: -3.1831942 | I12: Stop pips | J12: 15
G13: -95822.07 | I13: Risco $ | J13: =IF(J12="","",J12*J10*G5/10000) -> -95823
F14: Payoff | G14: 0 | I14: Risco % | J14: =J13/G4 -> -3.183225
G15: 0 | I15: % por pip | J15: =J14/J12 -> -0.212215
I16: Nº erros | J16: =(G4-G9)/J13 -> -0.31403571
I17: Alvo pips | J17: 2
I18: Ganho $ | J18: =IF(J17="","",J17*J10*G5/10000) -> -12776.4
I19: Ganho % | J19: =J18/G4 -> -0.42443001
I20: WinP | J20: 0.2
I21: Payoff | J21: =IF(J20="","",J20*J18-(1-J20)*J13) -> 74103.12
J22: =IF(J21="","",J21/G4) -> 2.461694
